Workbook
Name Kontrollkästchen1: Checkliste!#REF!
Name Passishaus: 'Gebäude-3'!$AI$8:$AI$10
Name Passivhaus: #REF!
Name Passivhaus: #REF!
Name Passivhaus: #REF!
Name Passivhaus: #REF!
Name Passivhaus: #REF!
Name Passivhaus: #REF!
Name Passivhaus: 'Gebäude-3'!$AK$8:$AK$9

Sheet Antrag
BA2: Hinweis zur Bearbeitung des Förderantrags: Um die Bearbeitung zu erleichtern, gehen Sie bitte wie folgt vor: 1. Einstieg auf der Seite „Antrag“: Füllen Sie zunächst die Felder 1–3 auf dieser Seite aus. 2. Sachliche Angaben zum Vorhaben. Bearbeiten Sie anschließend nacheinander: - Antragsteller – Grundstück - Gebäude – 3 (3a) - Förderberechnung 3. Finanzierungsbausteine wählen: Wechseln Sie danach zurück auf die Seite „Antrag“ und wählen Sie Ihre Finanzierungsbausteine aus. 4. Kosten und Wirtschaftlichkeit erfassen. Im nächsten Schritt bearbeiten Sie: - Kosten und Finanzierung - Wirtschaftlichkeitsberechnung 5. Vollständigkeit vor Einreichung sicherstellen. Wenn alle Eingaben final sind, - ergänzen Sie bitte die Erklärungen, - prüfen Sie die Checkliste, ob alle Unterlagen für die endgültige Einreichung vorliegen. 6. Unterlagen für die Einreichung vorbereiten. Ist Ihr Paket final, - wandeln Sie die Arbeitsmappe bei Bedarf in ein PDF um und drucken dieses aus, - holen Sie die Originalunterschriften ein und leiten Sie den Antrag an Ihre zuständige Wohnraumförderstelle weiter. Ein direkter Druck aus der Arbeitsmappe ist ebenfalls möglich; achten Sie dabei bitte auf die Sortierreihenfolge der Ausdrucke. 7. Navigation im Formular: - Zwischen nahe beieinanderliegenden Eingabefeldern können Sie komfortabel mit der Tab-Taste springen. - Für weiter entfernte Abschnitte nutzen Sie bitte den Mausklick.
D3: Antrag auf
D4: Mietwohnungsbauförderung
D5: für Haushalte mit geringem o. mittlerem Einkommen
D6: ab Programmjahr 06.2026
D7: Antragsnummer: | AR7: 4 | AS7: 4
AR8: 15 Jahre
AO9: Effi 70 | AP9: FALSE | AR9: 20 Jahre
AR10: 25 Jahre
D11: 1. Antragsteller/in | W11: 3 a. Betreuer/in oder Beauftragte/r | AO11: 3.1 | AP11: TRUE
AO12: 3.2 | AP12: TRUE
D13: Name, Vorname / Firma | W13: Name, Vorname / Firma | AO13: 3.3 | AP13: FALSE
AO14: 3.4 | AP14: FALSE
D15: Straße, Hausnummer | W15: Telefon / Beruf / Titel | AP15: FALSE
AP16: FALSE
D17: PLZ Ort | W17: E-Mail-Adresse | AP17: FALSE
D19: Telefon | AN19: 20 Jahre Zins | AO19: FALSE
AN20: 10 Jahre lauf | AO20: FALSE
D21: E-Mail-Adresse
D22: 2. Bauort / Grundstück | W22: 3 b. Korrespondenzadresse | AQ22: 40 Plus | AR22: 10 Jahre | AS22: 10 Jahre
AN23: 10 Jahre lauf | AO23: FALSE | AQ23: 40 | AR23: 20 Jahre | AS23: 25 Jahre
D24: PLZ, | F24: Ort | W24: PLZ, | Y24: Ort | AQ24: 55 | AS24: 35 Jahre
D26: Straße, Hausnummer | W26: Straße, Hausnummer | AQ26: 4 | AR26: 1 | AS26: 4
D29: =IF(AND(AP9=TRUE,AP14=TRUE,AP11=FALSE,AP12=FALSE,AP13=FALSE),"Diese Kombination ist nicht zulässig","") | AQ29: =IF(SUM(G47:I47)=0,0,1) -> 0 | AR29: =IF(AS7=4,0,1) -> 0 | AS29: =IF(AC46="",0,1) -> 0 | AT29: =SUM(AQ29:AS29) -> 0
AQ30: =IF(SUM(G38:I38)=0,0,1) -> 0 | AR30: =IF(AR7=4,0,1) -> 0 | AS30: =IF(AC37="",0,1) -> 0 | AT30: =SUM(AQ30:AS30) -> 0
B32: 4. | D32: Für das vorstehend bezeichnete und in den Anlagen näher beschriebene | AC32: Beträge in EUR | AP32: =IF(AT30=3,"","Bitte ") -> Bitte | AR32: =IF(AR30=1,"","Bindungsdauer wählen! ") -> Bindungsdauer wählen! | AS32: =IF(AS30=1,"","Darlehenshöhe mit Anlage ermitteln") -> Darlehenshöhe mit Anlage ermitteln | AT32: =IF(AT30=0,CONCATENATE(AP32,AQ32,AR32,AS32),"") -> Bitte Bindungsdauer wählen! Darlehenshöhe mit Anlage ermitteln
I33: TRUE | AP33: Bitte | AQ33: =IF(AQ31=1,"","Eingabe WE auf S. 3 tätigen, ") -> Eingabe WE auf S. 3 tätigen, | AR33: =IF(AR31=1,"","Bindungsdauer wählen, ") -> Bindungsdauer wählen, | AS33: =IF(AS31=1,"","Darlehenshöhe eingeben") -> Darlehenshöhe eingeben | AT33: =IF(AT31>0,CONCATENATE(AP33,AQ33,AR33,AS33),"")
D34: Förderobjekt/Bauvorhaben wird/werden beantragt: | AP34: =IF(AT29=3,"","Bitte ") -> Bitte | AR34: =IF(AR29=1,"","Bindungsdauer wählen!") -> Bindungsdauer wählen! | AS34: =IF(AS29=1,"","Darlehenshöhe mit Anlage ermitteln") -> Darlehenshöhe mit Anlage ermitteln | AT34: =IF(AT29=0,CONCATENATE(AP34,AQ34,AR34,AS34),"") -> Bitte Bindungsdauer wählen!Darlehenshöhe mit Anlage ermitteln
D35: Bitte Kontrollkästen bei den gewünschten Finanzierungsbausteinen anklicken!
B37: 4.1 | D37: FALSE | E37: Baudarlehen "Geringe Einkommen" | AC37: =IF(D37=TRUE,Förderberechnung!K30,"") | AK37: =IF(AND(AN37=0,AP11=TRUE),"*1","") -> *1 | AN37: =IF(AC37="",0,1) -> 0 | BA37: =IF(OR(AC37="",Förderberechnung!K30=""),"",IF(AC38<>ROUNDDOWN(Förderberechnung!K30,-2),"Sie haben eine manuelle Eingabe getätigt, bitte überprüfen Sie den Wert, da der automatische Übertrag gelöscht ist.",""))
E38: für | G38: =IF(SUM('Gebäude-3'!AA54,'Gebäude-3'!AA58)=0,"",SUM('Gebäude-3'!AA54,'Gebäude-3'!AA58)) | K38: Wohnungen, davon mit mittelbarer Belegung gemäß | AC38: =IF(AC37="","Förderbetrag wird errechnet und auf volle Hunderter abgerundet",ROUNDDOWN(AC37,-2)) -> Förderbetrag wird errechnet und auf volle Hunderter abgerundet | AN38: =IF(G38="",0,1) -> 0
E39: § 22 HWoFG | J39: =IF('Gebäude-3'!AA58="","",'Gebäude-3'!AA58) | N39: Wohnungen | S39: =IF(AND(AQ30=1,AR7=4),"Bitte die Bindungsdauer wählen!","") | AK39: =IF(OR(AC38="",Förderberechnung!K30=""),"",IF(AC38<>ROUNDDOWN(Förderberechnung!K30,-2),"!",""))
E40: Bindung | H40: =IF(AR7=1,15,IF(AR7=2,20,IF(AR7=3,25,""))) | I40: Jahre
E42: ergänzender Finanzierungszuschuss | P42: =IF('Gebäude-3'!AK10=2,"","inkl. Zuschlag für Effizienzhaus") | AC42: =IF($AC$37="","",IF(AR7=1,AC38*0.2+N(Förderberechnung!K39),IF(AR7=2,AC38*0.3+N(Förderberechnung!K39),IF(AR7=3,AC38*0.4+N(Förderberechnung!K39),""))))
B44: 4.11 | D44: FALSE | E44: Zuschlag "Großer Frankfurter Bogen" (hierauf wird kein Finanzierungszuschuss gewährt) | AC44: =IF(D44=TRUE,IF(G38="","",G38*10000),"")
B46: 4.2 | D46: FALSE | E46: Baudarlehen "Mittlere Einkommen" | AC46: =IF(D46=TRUE,Förderberechnung!K32,"") | AK46: =IF(AND(AP12=TRUE,AN46=0),"*1","") -> *1 | AN46: =IF(AC46="",0,1) -> 0 | BA46: =IF(OR(AC46="",Förderberechnung!K32=""),"",IF(AC47<>ROUNDDOWN(Förderberechnung!K32,-2),"Sie haben eine manuelle Eingabe getätigt, bitte überprüfen Sie den Wert, da der automatische Übertrag gelöscht ist.",""))
E47: für | G47: =IF(SUM('Gebäude-3'!AA52,'Gebäude-3'!AA56)=0,"",SUM('Gebäude-3'!AA52,'Gebäude-3'!AA56)) | K47: Wohnungen, davon mit mittelbarer Belegung gemäß | AC47: =IF(AC46="","Förderbetrag wird errechnet und auf volle Hunderter abgerundet",ROUNDDOWN(AC46,-2)) -> Förderbetrag wird errechnet und auf volle Hunderter abgerundet | AN47: =IF(G47="",0,1) -> 0
A48: Antragsvordruck: Stand 21.10.2026 | E48: § 22 HWoFG | J48: =IF('Gebäude-3'!AA56="","",'Gebäude-3'!AA56) | N48: Wohnungen | S48: =IF(AND(AQ29=1,AS7=4),"Bitte die Bindungsdauer wählen!","") | AK48: =IF(OR(AC47="",Förderberechnung!K32=""),"",IF(AC47<>ROUNDDOWN(Förderberechnung!K32,-2),"!",""))
E49: Bindung | H49: =IF(AS7=1,15,IF(AS7=2,20,IF(AS7=3,25,""))) | I49: Jahre
E51: ergänzender Finanzierungszuschuss | P51: =IF('Gebäude-3'!AK10=2,"","inkl. Zuschlag für Effizienzhaus") | AC51: =IF($AC$46="","",IF(AS7=1,AC47*0.2+N(Förderberechnung!K41),IF(AS7=2,AC47*0.25+N(Förderberechnung!K41),IF(AS7=3,AC47*0.3+N(Förderberechnung!K41),""))))
B53: 4.21 | D53: FALSE | E53: Zuschlag "Großer Frankfurter Bogen" (hierauf wird kein Finanzierungszuschuss gewährt) | AC53: =IF(D53=TRUE,IF(G47="","",G47*6000),"")
B56: 4.3 | D56: FALSE | E56: KfW-Darlehen "KFN Klimafreundlicher Neubau Wohngebäude" | AC56: Betrag in €
E57: (ggf. mit Bürgschaft des Landes Hessen)
E58: =IF(D56,"- Bitte wählen Sie Effizienzhaus und Laufzeit aus:"," ") | AQ58: KFWG
J59: Effizienzhaus: | R59: Typ | AQ59: KFWG-Q
J60: Darlehenslaufzeit: | R60: Jahre | AC60: =IF($AC$59>0,"- Bitte Betrag und Konditionen unter Kosten- und Finanzierung, 9.1 ergänzen!", " ") | AQ60: EH 55 - WG
J61: Tilgungsfreie Zeit: | R61: Jahre
E62: =IF($D$56=TRUE,"- Bitte tilgungsfreie Zeit gem. Produktoption eingeben", " ") | AC62: =IF(AND($D$56=TRUE,$AC$59<=0), "- Bitte Darlehenbetrag erfassen!", " ")
B64: 4.4 | D64: FALSE
E65: (ggf. mit Bürgschaft des Landes Hessen) | AC65: =IF($AC$64>0,"- Bitte Betrag und Konditionen unter Kosten- und Finanzierung, 9.1 ergänzen!", " ")
E66: =IF($D$55,"- Bitte erfassen Sie Ihr gewünschte Kreditform!"," ")
D67: =IF(AND(AK37="",AK46=""),"","*1") -> *1 | E67: =IF(D67="","","Bitte zuerst die Angaben auf den Seiten 3 / 3a ergänzen. Anschließend Höhe des Grundstückswertes im Reiter 'Förderberechnung' erfassen und abschließend hier die gewünschten Bausteine wählen.") -> Bitte zuerst die Angaben auf den Seiten 3 / 3a ergänzen. Anschließend Höhe des Grundstückswertes im Reiter 'Förderberechnung' erfassen und abschließend hier die gewünschten Bausteine wählen.
B70: Antragsteller: | F70: =IF(D12="","",D12) | AE70: Seite 1 von Seite 9

Sheet Antragsteller-Grundstück
B2: 5. | C2: Informationen zum Antragssteller
C4: Antragsteller/in ist/sind:
C6: Sie sind bereits Bestandskunde bei der WIBANK? - ja | G6: FALSE | I6: =IF(G6, "Haben sich Ihre Daten seit letzter Antragstellung geändert?", " ") | K6: =IF(I6<>" ", "Ja", " ") | L6: FALSE | M6: =IF(I6<>" ", "Nein", " ") | N6: FALSE
C7: =IF(N6, "Vielen Dank, Ihre Informationen liegen uns bereits vor, die Tabelle ist nicht zu befüllen", "Bitte ergänzen Sie diese Tabelle") -> Bitte ergänzen Sie diese Tabelle
C8: Rolle: bitte auswählen | E8: Name | I8: Vorname | K8: Geb.Datum | L8: Straße, Hausnummer PLZ, Ort
C15: Bitte beachten Sie, dass weitere Nachweise für die Prüfung der Kreditwürdigkeit nötig sind.
C16: Bitte nutzen Sie dafür die Checkliste und reichen die entsprechenden Informationen direkt bei Antragstellung mit ein.
B18: 6. | C18: Ergänzende Angaben zum Bauort/Grundstück
B20: 6.1 | C20: Kaufvertrag abgeschlossen am: | J20: Erbbaurecht bestellt bis zum Jahr:
B22: 6.2 | C22: eingetragen beim Amtsgericht
C23: in | J23: im Grundbuch von
C25: Blatt | F25: BV-Nr. | I25: Flur | K25: Flurstück | M25: Größe | O25: m²
C26: Blatt | F26: BV-Nr. | I26: Flur | K26: Flurstück | M26: Größe | O26: m²
C27: Blatt | F27: BV-Nr. | I27: Flur | K27: Flurstück | M27: Größe | O27: m²
C29: Größe des Baugrundstückes: | N29: =IF(SUM($M$25:$N$27)=0,"",SUM($M$25:$N$27)) | O29: m²
B31: 6.3 | C31: Belastungen im Grundbuch:
C33: Abt. II Nr. | F33: Recht:
C35: Abt. II Nr. | F35: Recht:
C37: Abt. III Nr. | F37: EUR | K37: für
C39: Abt. III Nr. | F39: EUR | K39: für
C41: Abt. III Nr. | F41: EUR | K41: für
B43: 6.4 | C43: Bestehende Objektfinanzierungsmittel (vor-, gleich- und nachrangige)
A45: =TODAY() -> 46316 | C45: Darlehensgeber | F45: Nominalkapital (€) | J45: Restkapital (€) | L45: Sollzinssatz (%) | M45: Tilgungssatz (%) | N45: aktuelle Rate p.a. (€)
B46: 6.4.1
B47: 6.4.2
B48: 6.4.3
B49: 6.4.4
B50: 6.4.5
C51: Zinsbindung bis TT.MM.JJJJ | F51: grundbuchliche Sicherung | I51: sonstige Sicherheit | J51: weitere Erläuterungen:
F52: ja | G52: nein | J52: Bitte beschreiben Sie hier, falls Veränderungen (z.B. Ablösung, Rückzahlung, etc. geplant sind)
B53: 6.4.1 | F53: FALSE | G53: FALSE | I53: FALSE
B54: 6.4.2 | F54: FALSE | G54: FALSE | I54: FALSE
B55: 6.4.3 | F55: FALSE | G55: FALSE | I55: FALSE
B56: 6.4.4 | F56: FALSE | G56: FALSE | I56: FALSE
B57: 6.4.5 | F57: FALSE | G57: FALSE | I57: FALSE
C58: Hinweis: Bitte ergänzen Sie auf der Kosten- und Finanzierungsseite die weiterhin bestehenden Verbindlichkeiten (Restkapital, sofern diese direkt dem Neuantrag zuzuordnen sind). Bei Fragen wenden Sie sich an Ihren Sachbearbeiter.
B60: Antragsteller: | D60: =IF(Antrag!$D$12="","",Antrag!$D$12) | N60: Seite 2 von Seite 9

Sheet Gebäude-3
C2: 7. | E2: Gebäude
C3: 7.1 | E3: Mietwohnungen / Genossenschaftswohnungen
C4: 7.1.1 | E4: Baubeginn
C5: Mit dem Bau wird/wurde begonnen am: | T5: ; | U5: die Bezugsfertigkeit ist vorgesehen bis zum:
C7: 7.1.2 | E7: Effizienzhausstandard
C8: Effizienzhausstandard gemäß Förderrichtlinie | O8: =IF(AK10=1,"Ja",IF(AK10=2,"Nein","")) -> Nein | W8: =IF(AK10=1,"Bitte den Reiter 'Erklärung Effizienzhauszuschlag' ausfüllen","") | AK8: Ja | AV8: DIN 18040 "R"
AK9: Nein
C10: 7.1.3 | E10: Wohneinheiten / Förderung | P10: bitte mit X markieren | V10: weitere Erfassungen auf 'Gebäude-3a' möglich | AK10: 2 | AO10: 1 | AP10: 2 | AQ10: 3 | AR10: 3a | AT10: 4 | AU10: 5 | AV10: 6 | AW10: 7 | AY10: 8 | AZ10: 9 | BA10: 10 | BB10: 10a | BC10: 11 | BD10: 12 | BE10: 13 | BF10: 14 | BG10: 15 | BH10: 16 | BI10: 17 | BJ10: 18 | BK10: 19 | BL10: 20
C12: An- zahl WE | E12: je Wohneinheit | P12: DIN 18 040 mit "R" | Q12: DIN 18 040 ohne "R" | R12: Mittelbare Belegung | S12: Mittlere Einkommen | T12: Maßnahmen im Gebäudebestand | U12: davon geförderte WE | AC12: davon nicht geförderte WE | AF12: nachrichtlich: | AO12: Standard 2 | AP12: Standard 1 | AQ12: Mittlere Einkommen | AR12: Mittelbare Belegung | AU12: WF Teil2 ohne R | AV12: WF Teil1 mit R | AW12: Anzahl DIN 18040 "R" | AX12: geringe EK, DIN 18040 | AY12: mittlere EK, DIN 18040 | AZ12: WE geringe Einkommen | BA12: WF geringe Einkommen | BB12: freie Wohnungen | BC12: WF tats. geringe Einkommen | BD12: WE mittelb. Belegung ohne Kombi. | BE12: WF mittelb. Belegung ohne Kombi. | BF12: WF tat. mittelb. Belegung ohne Kombi. | BG12: WE mittelb. Belegung | BH12: Mittelbare Belegung WF | BI12: Mittelbare Belegung WF tat | BJ12: WE Mittlere Einkommen | BK12: Mittlere Einkommen WF | BL12: Mittlere Einkommen WF tat
E13: Personen | F13: Zimmer | H13: Küche | I13: Bad / WC | K13: zusätzl. WC | L13: Wohn- fläche in m² | N13: Gesamt- wohn- fläche in m² | U13: Obergrenze | X13: max. Zusatz-fläche | AA13: Summe | AF13: Wohnungsnummer(n) gem. beigefügten Grundrissen, Raumbuch, Wfl-Berechnung
U14: WE | V14: Wohn- fläche m² | X14: DIN 18040 mit "R" | Y14: §16 | Z14: DIN 18040 ohne "R" | AA14: förderfähige Wohnfläche m² | AC14: WE | AD14: Wohn- fläche m² | AT14: Summe | BN14: WF | BO14: Differenz SOLL-IST | BQ14: Regelfläche
N15: =IF(OR(C15="",L15=""),"",L15*C15) | V15: =IF(OR(L15="",U15="",U15=0),"",IF(AND(OR(E15=1,E15=2),F15=3,L15>=72),72,IF(AND(E15=1,L15>=45),45,IF(AND(E15=1,L15<45),L15,IF(AND(E15=2,L15>60),60,IF(AND(E15=2,L15<60),L15,IF(AND(F15=3,L15>72),72,IF(AND(E15>2,BP15*12+60>L15),L15,BP15*12+60)))))))) | X15: =IF(AND(P15="x",S15="x",T15="x"),"",IF(AND(P15="X",R15="X",S15="X"),"",IF(OR(AT15=8,AT15=9,U15=""),"",IF(OR(AT15=4,AT15=11),BQ15*16/100,"")))) | Z15: =IF(OR(AT15=17,AT15=7),(BQ15*16/100+BQ15+L15-V15)*U15,IF(OR(AT15=16,AT15=15,AT15=8,AT15=13,AT15=1,AT15=9,AT15=20,AT15=21),BQ15*U15,IF(AT15=12,(BQ15+L15-V15)*U15,IF(OR(AT15=4,AT15=11),(BQ15*16/100+BQ15)*U15,IF(AT15=6,(BQ15+L15-V15)*U15,0))))) -> #VALUE! | AA15: =IF(OR(U15="",U15=0,V15=""),"",IF(OR(Z15=0,Z15=""),"",IF(Z15/U15>L15,L15*U15,Z15))) | AC15: =IF(C15="","",IF(C15-U15=0,"",C15-U15)) | AD15: =IF(AC15="","",AC15*L15) | AJ15: 17 | AK15: =BQ15*16/100 -> #VALUE! | AL15: =L15-BQ15 -> #VALUE! | AM15: =BQ15 | AN15: =SUM(AK15:AM15) -> #VALUE! | AO15: =IF(AND(COUNTIF(P15:T15,"x")=3,P15="X",S15="X",T15="X"),17,IF(COUNTIF(P15:T15,"x")=0,1,0)) -> 1 | AP15: =IF(AND(COUNTIF(P15:T15,"x")=2,P15="x",T15="X"),7,IF(AND(COUNTIF(P15:T15,"x")=1,P15="X"),4,IF(AND(COUNTIF(P15:T15,"x")=1,T15="X"),6,0))) -> 0 | AQ15: =IF(AND(COUNTIF(P15:T15,"x")=2,S15="X",R15="X"),9,IF(AND(COUNTIF(P15:T15,"x")=2,S15="X",P15="X"),11,IF(AND(COUNTIF(P15:T15,"x")=2,S15="X",T15="X"),12,IF(AND(COUNTIF(P15:T15,"x")=1,S15="X"),13,0)))) -> 0 | AR15: =IF(AND(COUNTIF(P15:T15,"x")=3,P15="X",R15="X",T15="X"),21,IF(AND(COUNTIF(P15:T15,"x")=1,R15="X"),8,IF(AND(COUNTIF(P15:T15,"x")=2,R15="X",P15="X"),15,IF(AND(COUNTIF(P15:T15,"x")=2,R15="X",T15="X"),16,0)))) -> 0 | AS15: =IF(AND(COUNTIF(P15:T15,"x")=4,P15="X",R15="X",S15="X",T15="X"),20,IF(AND(COUNTIF(P15:T15,"x")=3,R15="X",S15="X",T15="X"),20,IF(AND(COUNTIF(P15:T15,"x")=3,P15="X",R15="X",S15="X"),20,0))) -> 0 | AT15: =SUM(AO15:AS15) -> 1 | AU15: 0 | AV15: =IF(OR(U15="",AT15=20,AT15=21),0,IF(OR(AT15=8,AT15=9,AT15=15),0,IF(P15<>"",AA15,0))) -> 0 | AW15: =IF(OR(U15="",AT15=20,AT15=21),0,IF(OR(AT15=8,AT15=9,AT15=15),0,IF(P15<>"",U15,0))) -> 0 | AX15: =IF(OR(AT15=4,AT15=7),AV15,0) -> 0 | AY15: =IF(OR(AT15=11,AT15=17),AV15,0) -> 0 | AZ15: =IF(OR(U15="",AT15=20),0,IF(OR(AT15=4,AT15=5,AT15=6,AT15=7,AT15=3,AT15=1),U15,0)) -> 0 | BA15: =IF(OR(U15="",AT15=20),0,IF(OR(AT15=4,AT15=5,AT15=6,AT15=7,AT15=3,AT15=1),AA15,0)) -> 0 | BB15: =IF(AD15="",0,AD15) -> 0 | BC15: =IF(OR(AT15=20,U15=""),0,IF(OR(AT15=4,AT15=5,AT15=6,AT15=7,AT15=3,AT15=1),N15-BB15,0)) -> 0 | BD15: =IF(OR(U15="",AT15=20),0,IF(OR(AT15=8,AT15=14,AT15=15,AT15=16,AT15=21),U15,0)) -> 0 | BE15: =IF(OR(U15="",AT15=20),0,IF(OR(AT15=8,AT15=14,AT15=15,AT15=16,AT15=21),AA15,0)) -> 0 | BF15: =IF(OR(U15="",AT15=20),0,IF(OR(AT15=8,AT15=14,AT15=15,AT15=16,AT15=21),N15-BB15,0)) -> 0 | BG15: =IF(U15="",0,IF(OR(AT15=9,AT15=20),U15,0)) -> 0 | BH15: =IF(U15="",0,IF(OR(AT15=9,AT15=20),AA15,0)) -> 0 | BI15: =IF(U15="",0,IF(OR(AT15=9,AT15=20),N15-BB15,0)) -> 0 | BJ15: =IF(AT15=20,0,IF(OR(AT15=10,AT15=11,AT15=12,AT15=13,AT15=17,AT15=18),U15,0)) -> 0 | BK15: =IF(OR(U15="",AT15=20),0,IF(OR(AT15=10,AT15=11,AT15=12,AT15=13,AT15=17,AT15=18,),AA15,0)) -> 0 | BL15: =IF(OR(U15="",AT15=20),0,IF(OR(AT15=10,AT15=11,AT15=12,AT15=13,AT15=17,AT15=18),N15-BB15,0)) -> 0 | BN15: =IF(L15<V15,L15,V15) | BO15: =IF(OR(L15="",V15=""),0,L15-V15) -> 0 | BP15: =IF(E15="",0,E15-2) -> 0 | BQ15: =IF(OR(L15="",U15=""),"",IF(AND(E15=1,L15>=45),45,IF(AND(E15=1,L15<45),45,IF(AND(E15=2,L15>60),60,IF(AND(E15=2,L15<60),60,IF(AND(F15=3,L15>72),72,IF(AND(E15>2,BP15*12+60>L15),BP15*12+60,BP15*12+60)))))))
N16: =IF(OR(C16="",L16=""),"",L16*C16) | V16: =IF(OR(L16="",U16="",U16=0),"",IF(AND(OR(E16=1,E16=2),F16=3,L16>=72),72,IF(AND(E16=1,L16>=45),45,IF(AND(E16=1,L16<45),L16,IF(AND(E16=2,L16>60),60,IF(AND(E16=2,L16<60),L16,IF(AND(F16=3,L16>72),72,IF(AND(E16>2,BP16*12+60>L16),L16,BP16*12+60)))))))) | X16: =IF(AND(P16="x",S16="x",T16="x"),"",IF(AND(P16="X",R16="X",S16="X"),"",IF(OR(AT16=8,AT16=9,U16=""),"",IF(OR(AT16=4,AT16=11),BQ16*16/100,"")))) | Z16: =IF(OR(AT16=17,AT16=7),(BQ16*16/100+BQ16+L16-V16)*U16,IF(OR(AT16=16,AT16=15,AT16=8,AT16=13,AT16=1,AT16=9,AT16=20,AT16=21),BQ16*U16,IF(AT16=12,(BQ16+L16-V16)*U16,IF(OR(AT16=4,AT16=11),(BQ16*16/100+BQ16)*U16,IF(AT16=6,(BQ16+L16-V16)*U16,0))))) -> #VALUE! | AA16: =IF(OR(U16="",U16=0,V16=""),"",IF(OR(Z16=0,Z16=""),"",IF(Z16/U16>L16,L16*U16,Z16))) | AC16: =IF(C16="","",IF(C16-U16=0,"",C16-U16)) | AD16: =IF(AC16="","",AC16*L16) | AJ16: 12 | AL16: =L16-BQ16 -> #VALUE! | AM16: =BQ16 | AN16: =SUM(AK16:AM16) -> #VALUE! | AO16: =IF(AND(COUNTIF(P16:T16,"x")=3,P16="X",S16="X",T16="X"),17,IF(COUNTIF(P16:T16,"x")=0,1,0)) -> 1 | AP16: =IF(AND(COUNTIF(P16:T16,"x")=2,P16="x",T16="X"),7,IF(AND(COUNTIF(P16:T16,"x")=1,P16="X"),4,IF(AND(COUNTIF(P16:T16,"x")=1,T16="X"),6,0))) -> 0 | AQ16: =IF(AND(COUNTIF(P16:T16,"x")=2,S16="X",R16="X"),9,IF(AND(COUNTIF(P16:T16,"x")=2,S16="X",P16="X"),11,IF(AND(COUNTIF(P16:T16,"x")=2,S16="X",T16="X"),12,IF(AND(COUNTIF(P16:T16,"x")=1,S16="X"),13,0)))) -> 0 | AR16: =IF(AND(COUNTIF(P16:T16,"x")=3,P16="X",R16="X",T16="X"),21,IF(AND(COUNTIF(P16:T16,"x")=1,R16="X"),8,IF(AND(COUNTIF(P16:T16,"x")=2,R16="X",P16="X"),15,IF(AND(COUNTIF(P16:T16,"x")=2,R16="X",T16="X"),16,0)))) -> 0 | AS16: =IF(AND(COUNTIF(P16:T16,"x")=4,P16="X",R16="X",S16="X",T16="X"),20,IF(AND(COUNTIF(P16:T16,"x")=3,R16="X",S16="X",T16="X"),20,IF(AND(COUNTIF(P16:T16,"x")=3,P16="X",R16="X",S16="X"),20,0))) -> 0 | AT16: =SUM(AO16:AS16) -> 1 | AU16: 1 | AV16: =IF(OR(U16="",AT16=20,AT16=21),0,IF(OR(AT16=8,AT16=9,AT16=15),0,IF(P16<>"",AA16,0))) -> 0 | AW16: =IF(OR(U16="",AT16=20,AT16=21),0,IF(OR(AT16=8,AT16=9,AT16=15),0,IF(P16<>"",U16,0))) -> 0 | AX16: =IF(OR(AT16=4,AT16=7),AV16,0) -> 0 | AY16: =IF(OR(AT16=11,AT16=17),AV16,0) -> 0 | AZ16: =IF(OR(U16="",AT16=20),0,IF(OR(AT16=4,AT16=5,AT16=6,AT16=7,AT16=3,AT16=1),U16,0)) -> 0 | BA16: =IF(OR(U16="",AT16=20),0,IF(OR(AT16=4,AT16=5,AT16=6,AT16=7,AT16=3,AT16=1),AA16,0)) -> 0 | BB16: =IF(AD16="",0,AD16) -> 0 | BC16: =IF(OR(AT16=20,U16=""),0,IF(OR(AT16=4,AT16=5,AT16=6,AT16=7,AT16=3,AT16=1),N16-BB16,0)) -> 0 | BD16: =IF(OR(U16="",AT16=20),0,IF(OR(AT16=8,AT16=14,AT16=15,AT16=16,AT16=21),U16,0)) -> 0 | BE16: =IF(OR(U16="",AT16=20),0,IF(OR(AT16=8,AT16=14,AT16=15,AT16=16,AT16=21),AA16,0)) -> 0 | BF16: =IF(OR(U16="",AT16=20),0,IF(OR(AT16=8,AT16=14,AT16=15,AT16=16,AT16=21),N16-BB16,0)) -> 0 | BG16: =IF(U16="",0,IF(OR(AT16=9,AT16=20),U16,0)) -> 0 | BH16: =IF(U16="",0,IF(OR(AT16=9,AT16=20),AA16,0)) -> 0 | BI16: =IF(U16="",0,IF(OR(AT16=9,AT16=20),N16-BB16,0)) -> 0 | BJ16: =IF(AT16=20,0,IF(OR(AT16=10,AT16=11,AT16=12,AT16=13,AT16=17,AT16=18),U16,0)) -> 0 | BK16: =IF(OR(U16="",AT16=20),0,IF(OR(AT16=10,AT16=11,AT16=12,AT16=13,AT16=17,AT16=18,),AA16,0)) -> 0 | BL16: =IF(OR(U16="",AT16=20),0,IF(OR(AT16=10,AT16=11,AT16=12,AT16=13,AT16=17,AT16=18),N16-BB16,0)) -> 0 | BN16: =IF(L16<V16,L16,V16) | BO16: =IF(OR(L16="",V16=""),0,L16-V16) -> 0 | BP16: =IF(E16="",0,E16-2) -> 0 | BQ16: =IF(OR(L16="",U16=""),"",IF(AND(E16=1,L16>=45),45,IF(AND(E16=1,L16<45),45,IF(AND(E16=2,L16>60),60,IF(AND(E16=2,L16<60),60,IF(AND(F16=3,L16>72),72,IF(AND(E16>2,BP16*12+60>L16),BP16*12+60,BP16*12+60)))))))
N17: =IF(OR(C17="",L17=""),"",L17*C17) | V17: =IF(OR(L17="",U17="",U17=0),"",IF(AND(OR(E17=1,E17=2),F17=3,L17>=72),72,IF(AND(E17=1,L17>=45),45,IF(AND(E17=1,L17<45),L17,IF(AND(E17=2,L17>60),60,IF(AND(E17=2,L17<60),L17,IF(AND(F17=3,L17>72),72,IF(AND(E17>2,BP17*12+60>L17),L17,BP17*12+60)))))))) | X17: =IF(AND(P17="x",S17="x",T17="x"),"",IF(AND(P17="X",R17="X",S17="X"),"",IF(OR(AT17=8,AT17=9,U17=""),"",IF(OR(AT17=4,AT17=11),BQ17*16/100,"")))) | Z17: =IF(OR(AT17=17,AT17=7),(BQ17*16/100+BQ17+L17-V17)*U17,IF(OR(AT17=16,AT17=15,AT17=8,AT17=13,AT17=1,AT17=9,AT17=20,AT17=21),BQ17*U17,IF(AT17=12,(BQ17+L17-V17)*U17,IF(OR(AT17=4,AT17=11),(BQ17*16/100+BQ17)*U17,IF(AT17=6,(BQ17+L17-V17)*U17,0))))) -> #VALUE! | AA17: =IF(OR(U17="",U17=0,V17=""),"",IF(OR(Z17=0,Z17=""),"",IF(Z17/U17>L17,L17*U17,Z17))) | AC17: =IF(C17="","",IF(C17-U17=0,"",C17-U17)) | AD17: =IF(AC17="","",AC17*L17) | AJ17: 20 | AM17: =BQ17 | AN17: =SUM(AK17:AM17) -> 0 | AO17: =IF(AND(COUNTIF(P17:T17,"x")=3,P17="X",S17="X",T17="X"),17,IF(COUNTIF(P17:T17,"x")=0,1,0)) -> 1 | AP17: =IF(AND(COUNTIF(P17:T17,"x")=2,P17="x",T17="X"),7,IF(AND(COUNTIF(P17:T17,"x")=1,P17="X"),4,IF(AND(COUNTIF(P17:T17,"x")=1,T17="X"),6,0))) -> 0 | AQ17: =IF(AND(COUNTIF(P17:T17,"x")=2,S17="X",R17="X"),9,IF(AND(COUNTIF(P17:T17,"x")=2,S17="X",P17="X"),11,IF(AND(COUNTIF(P17:T17,"x")=2,S17="X",T17="X"),12,IF(AND(COUNTIF(P17:T17,"x")=1,S17="X"),13,0)))) -> 0 | AR17: =IF(AND(COUNTIF(P17:T17,"x")=3,P17="X",R17="X",T17="X"),21,IF(AND(COUNTIF(P17:T17,"x")=1,R17="X"),8,IF(AND(COUNTIF(P17:T17,"x")=2,R17="X",P17="X"),15,IF(AND(COUNTIF(P17:T17,"x")=2,R17="X",T17="X"),16,0)))) -> 0 | AS17: =IF(AND(COUNTIF(P17:T17,"x")=4,P17="X",R17="X",S17="X",T17="X"),20,IF(AND(COUNTIF(P17:T17,"x")=3,R17="X",S17="X",T17="X"),20,IF(AND(COUNTIF(P17:T17,"x")=3,P17="X",R17="X",S17="X"),20,0))) -> 0 | AT17: =SUM(AO17:AS17) -> 1 | AU17: 2 | AV17: =IF(OR(U17="",AT17=20,AT17=21),0,IF(OR(AT17=8,AT17=9,AT17=15),0,IF(P17<>"",AA17,0))) -> 0 | AW17: =IF(OR(U17="",AT17=20,AT17=21),0,IF(OR(AT17=8,AT17=9,AT17=15),0,IF(P17<>"",U17,0))) -> 0 | AX17: =IF(OR(AT17=4,AT17=7),AV17,0) -> 0 | AY17: =IF(OR(AT17=11,AT17=17),AV17,0) -> 0 | AZ17: =IF(OR(U17="",AT17=20),0,IF(OR(AT17=4,AT17=5,AT17=6,AT17=7,AT17=3,AT17=1),U17,0)) -> 0 | BA17: =IF(OR(U17="",AT17=20),0,IF(OR(AT17=4,AT17=5,AT17=6,AT17=7,AT17=3,AT17=1),AA17,0)) -> 0 | BB17: =IF(AD17="",0,AD17) -> 0 | BC17: =IF(OR(AT17=20,U17=""),0,IF(OR(AT17=4,AT17=5,AT17=6,AT17=7,AT17=3,AT17=1),N17-BB17,0)) -> 0 | BD17: =IF(OR(U17="",AT17=20),0,IF(OR(AT17=8,AT17=14,AT17=15,AT17=16,AT17=21),U17,0)) -> 0 | BE17: =IF(OR(U17="",AT17=20),0,IF(OR(AT17=8,AT17=14,AT17=15,AT17=16,AT17=21),AA17,0)) -> 0 | BF17: =IF(OR(U17="",AT17=20),0,IF(OR(AT17=8,AT17=14,AT17=15,AT17=16,AT17=21),N17-BB17,0)) -> 0 | BG17: =IF(U17="",0,IF(OR(AT17=9,AT17=20),U17,0)) -> 0 | BH17: =IF(U17="",0,IF(OR(AT17=9,AT17=20),AA17,0)) -> 0 | BI17: =IF(U17="",0,IF(OR(AT17=9,AT17=20),N17-BB17,0)) -> 0 | BJ17: =IF(AT17=20,0,IF(OR(AT17=10,AT17=11,AT17=12,AT17=13,AT17=17,AT17=18),U17,0)) -> 0 | BK17: =IF(OR(U17="",AT17=20),0,IF(OR(AT17=10,AT17=11,AT17=12,AT17=13,AT17=17,AT17=18,),AA17,0)) -> 0 | BL17: =IF(OR(U17="",AT17=20),0,IF(OR(AT17=10,AT17=11,AT17=12,AT17=13,AT17=17,AT17=18),N17-BB17,0)) -> 0 | BN17: =IF(L17<V17,L17,V17) | BO17: =IF(OR(L17="",V17=""),0,L17-V17) -> 0 | BP17: =IF(E17="",0,E17-2) -> 0 | BQ17: =IF(OR(L17="",U17=""),"",IF(AND(E17=1,L17>=45),45,IF(AND(E17=1,L17<45),45,IF(AND(E17=2,L17>60),60,IF(AND(E17=2,L17<60),60,IF(AND(F17=3,L17>72),72,IF(AND(E17>2,BP17*12+60>L17),BP17*12+60,BP17*12+60)))))))
N18: =IF(OR(C18="",L18=""),"",L18*C18) | V18: =IF(OR(L18="",U18="",U18=0),"",IF(AND(OR(E18=1,E18=2),F18=3,L18>=72),72,IF(AND(E18=1,L18>=45),45,IF(AND(E18=1,L18<45),L18,IF(AND(E18=2,L18>60),60,IF(AND(E18=2,L18<60),L18,IF(AND(F18=3,L18>72),72,IF(AND(E18>2,BP18*12+60>L18),L18,BP18*12+60)))))))) | X18: =IF(AND(P18="x",S18="x",T18="x"),"",IF(AND(P18="X",R18="X",S18="X"),"",IF(OR(AT18=8,AT18=9,U18=""),"",IF(OR(AT18=4,AT18=11),BQ18*16/100,"")))) | Z18: =IF(OR(AT18=17,AT18=7),(BQ18*16/100+BQ18+L18-V18)*U18,IF(OR(AT18=16,AT18=15,AT18=8,AT18=13,AT18=1,AT18=9,AT18=20,AT18=21),BQ18*U18,IF(AT18=12,(BQ18+L18-V18)*U18,IF(OR(AT18=4,AT18=11),(BQ18*16/100+BQ18)*U18,IF(AT18=6,(BQ18+L18-V18)*U18,0))))) -> #VALUE! | AA18: =IF(OR(U18="",U18=0,V18=""),"",IF(OR(Z18=0,Z18=""),"",IF(Z18/U18>L18,L18*U18,Z18))) | AC18: =IF(C18="","",IF(C18-U18=0,"",C18-U18)) | AD18: =IF(AC18="","",AC18*L18) | AJ18: 7 | AK18: =BQ18*16/100 -> #VALUE! | AL18: =L18-BQ18 -> #VALUE! | AM18: =BQ18 | AN18: =SUM(AK18:AM18) -> #VALUE! | AO18: =IF(AND(COUNTIF(P18:T18,"x")=3,P18="X",S18="X",T18="X"),17,IF(COUNTIF(P18:T18,"x")=0,1,0)) -> 1 | AP18: =IF(AND(COUNTIF(P18:T18,"x")=2,P18="x",T18="X"),7,IF(AND(COUNTIF(P18:T18,"x")=1,P18="X"),4,IF(AND(COUNTIF(P18:T18,"x")=1,T18="X"),6,0))) -> 0 | AQ18: =IF(AND(COUNTIF(P18:T18,"x")=2,S18="X",R18="X"),9,IF(AND(COUNTIF(P18:T18,"x")=2,S18="X",P18="X"),11,IF(AND(COUNTIF(P18:T18,"x")=2,S18="X",T18="X"),12,IF(AND(COUNTIF(P18:T18,"x")=1,S18="X"),13,0)))) -> 0 | AR18: =IF(AND(COUNTIF(P18:T18,"x")=3,P18="X",R18="X",T18="X"),21,IF(AND(COUNTIF(P18:T18,"x")=1,R18="X"),8,IF(AND(COUNTIF(P18:T18,"x")=2,R18="X",P18="X"),15,IF(AND(COUNTIF(P18:T18,"x")=2,R18="X",T18="X"),16,0)))) -> 0 | AS18: =IF(AND(COUNTIF(P18:T18,"x")=4,P18="X",R18="X",S18="X",T18="X"),20,IF(AND(COUNTIF(P18:T18,"x")=3,R18="X",S18="X",T18="X"),20,IF(AND(COUNTIF(P18:T18,"x")=3,P18="X",R18="X",S18="X"),20,0))) -> 0 | AT18: =SUM(AO18:AS18) -> 1 | AU18: 3 | AV18: =IF(OR(U18="",AT18=20,AT18=21),0,IF(OR(AT18=8,AT18=9,AT18=15),0,IF(P18<>"",AA18,0))) -> 0 | AW18: =IF(OR(U18="",AT18=20,AT18=21),0,IF(OR(AT18=8,AT18=9,AT18=15),0,IF(P18<>"",U18,0))) -> 0 | AX18: =IF(OR(AT18=4,AT18=7),AV18,0) -> 0 | AY18: =IF(OR(AT18=11,AT18=17),AV18,0) -> 0 | AZ18: =IF(OR(U18="",AT18=20),0,IF(OR(AT18=4,AT18=5,AT18=6,AT18=7,AT18=3,AT18=1),U18,0)) -> 0 | BA18: =IF(OR(U18="",AT18=20),0,IF(OR(AT18=4,AT18=5,AT18=6,AT18=7,AT18=3,AT18=1),AA18,0)) -> 0 | BB18: =IF(AD18="",0,AD18) -> 0 | BC18: =IF(OR(AT18=20,U18=""),0,IF(OR(AT18=4,AT18=5,AT18=6,AT18=7,AT18=3,AT18=1),N18-BB18,0)) -> 0 | BD18: =IF(OR(U18="",AT18=20),0,IF(OR(AT18=8,AT18=14,AT18=15,AT18=16,AT18=21),U18,0)) -> 0 | BE18: =IF(OR(U18="",AT18=20),0,IF(OR(AT18=8,AT18=14,AT18=15,AT18=16,AT18=21),AA18,0)) -> 0 | BF18: =IF(OR(U18="",AT18=20),0,IF(OR(AT18=8,AT18=14,AT18=15,AT18=16,AT18=21),N18-BB18,0)) -> 0 | BG18: =IF(U18="",0,IF(OR(AT18=9,AT18=20),U18,0)) -> 0 | BH18: =IF(U18="",0,IF(OR(AT18=9,AT18=20),AA18,0)) -> 0 | BI18: =IF(U18="",0,IF(OR(AT18=9,AT18=20),N18-BB18,0)) -> 0 | BJ18: =IF(AT18=20,0,IF(OR(AT18=10,AT18=11,AT18=12,AT18=13,AT18=17,AT18=18),U18,0)) -> 0 | BK18: =IF(OR(U18="",AT18=20),0,IF(OR(AT18=10,AT18=11,AT18=12,AT18=13,AT18=17,AT18=18,),AA18,0)) -> 0 | BL18: =IF(OR(U18="",AT18=20),0,IF(OR(AT18=10,AT18=11,AT18=12,AT18=13,AT18=17,AT18=18),N18-BB18,0)) -> 0 | BN18: =IF(L18<V18,L18,V18) | BO18: =IF(OR(L18="",V18=""),0,L18-V18) -> 0 | BP18: =IF(E18="",0,E18-2) -> 0 | BQ18: =IF(OR(L18="",U18=""),"",IF(AND(E18=1,L18>=45),45,IF(AND(E18=1,L18<45),45,IF(AND(E18=2,L18>60),60,IF(AND(E18=2,L18<60),60,IF(AND(F18=3,L18>72),72,IF(AND(E18>2,BP18*12+60>L18),BP18*12+60,BP18*12+60)))))))
N19: =IF(OR(C19="",L19=""),"",L19*C19) | V19: =IF(OR(L19="",U19="",U19=0),"",IF(AND(OR(E19=1,E19=2),F19=3,L19>=72),72,IF(AND(E19=1,L19>=45),45,IF(AND(E19=1,L19<45),L19,IF(AND(E19=2,L19>60),60,IF(AND(E19=2,L19<60),L19,IF(AND(F19=3,L19>72),72,IF(AND(E19>2,BP19*12+60>L19),L19,BP19*12+60)))))))) | X19: =IF(AND(P19="x",S19="x",T19="x"),"",IF(AND(P19="X",R19="X",S19="X"),"",IF(OR(AT19=8,AT19=9,U19=""),"",IF(OR(AT19=4,AT19=11),BQ19*16/100,"")))) | Z19: =IF(OR(AT19=17,AT19=7),(BQ19*16/100+BQ19+L19-V19)*U19,IF(OR(AT19=16,AT19=15,AT19=8,AT19=13,AT19=1,AT19=9,AT19=20,AT19=21),BQ19*U19,IF(AT19=12,(BQ19+L19-V19)*U19,IF(OR(AT19=4,AT19=11),(BQ19*16/100+BQ19)*U19,IF(AT19=6,(BQ19+L19-V19)*U19,0))))) -> #VALUE! | AA19: =IF(OR(U19="",U19=0,V19=""),"",IF(OR(Z19=0,Z19=""),"",IF(Z19/U19>L19,L19*U19,Z19))) | AC19: =IF(C19="","",IF(C19-U19=0,"",C19-U19)) | AD19: =IF(AC19="","",AC19*L19) | AJ19: 4 | AK19: =BQ19*16/100 -> #VALUE! | AM19: =BQ19 | AN19: =SUM(AK19:AM19) -> #VALUE! | AO19: =IF(AND(COUNTIF(P19:T19,"x")=3,P19="X",S19="X",T19="X"),17,IF(COUNTIF(P19:T19,"x")=0,1,0)) -> 1 | AP19: =IF(AND(COUNTIF(P19:T19,"x")=2,P19="x",T19="X"),7,IF(AND(COUNTIF(P19:T19,"x")=1,P19="X"),4,IF(AND(COUNTIF(P19:T19,"x")=1,T19="X"),6,0))) -> 0 | AQ19: =IF(AND(COUNTIF(P19:T19,"x")=2,S19="X",R19="X"),9,IF(AND(COUNTIF(P19:T19,"x")=2,S19="X",P19="X"),11,IF(AND(COUNTIF(P19:T19,"x")=2,S19="X",T19="X"),12,IF(AND(COUNTIF(P19:T19,"x")=1,S19="X"),13,0)))) -> 0 | AR19: =IF(AND(COUNTIF(P19:T19,"x")=3,P19="X",R19="X",T19="X"),21,IF(AND(COUNTIF(P19:T19,"x")=1,R19="X"),8,IF(AND(COUNTIF(P19:T19,"x")=2,R19="X",P19="X"),15,IF(AND(COUNTIF(P19:T19,"x")=2,R19="X",T19="X"),16,0)))) -> 0 | AS19: =IF(AND(COUNTIF(P19:T19,"x")=4,P19="X",R19="X",S19="X",T19="X"),20,IF(AND(COUNTIF(P19:T19,"x")=3,R19="X",S19="X",T19="X"),20,IF(AND(COUNTIF(P19:T19,"x")=3,P19="X",R19="X",S19="X"),20,0))) -> 0 | AT19: =SUM(AO19:AS19) -> 1 | AU19: 4 | AV19: =IF(OR(U19="",AT19=20,AT19=21),0,IF(OR(AT19=8,AT19=9,AT19=15),0,IF(P19<>"",AA19,0))) -> 0 | AW19: =IF(OR(U19="",AT19=20,AT19=21),0,IF(OR(AT19=8,AT19=9,AT19=15),0,IF(P19<>"",U19,0))) -> 0 | AX19: =IF(OR(AT19=4,AT19=7),AV19,0) -> 0 | AY19: =IF(OR(AT19=11,AT19=17),AV19,0) -> 0 | AZ19: =IF(OR(U19="",AT19=20),0,IF(OR(AT19=4,AT19=5,AT19=6,AT19=7,AT19=3,AT19=1),U19,0)) -> 0 | BA19: =IF(OR(U19="",AT19=20),0,IF(OR(AT19=4,AT19=5,AT19=6,AT19=7,AT19=3,AT19=1),AA19,0)) -> 0 | BB19: =IF(AD19="",0,AD19) -> 0 | BC19: =IF(OR(AT19=20,U19=""),0,IF(OR(AT19=4,AT19=5,AT19=6,AT19=7,AT19=3,AT19=1),N19-BB19,0)) -> 0 | BD19: =IF(OR(U19="",AT19=20),0,IF(OR(AT19=8,AT19=14,AT19=15,AT19=16,AT19=21),U19,0)) -> 0 | BE19: =IF(OR(U19="",AT19=20),0,IF(OR(AT19=8,AT19=14,AT19=15,AT19=16,AT19=21),AA19,0)) -> 0 | BF19: =IF(OR(U19="",AT19=20),0,IF(OR(AT19=8,AT19=14,AT19=15,AT19=16,AT19=21),N19-BB19,0)) -> 0 | BG19: =IF(U19="",0,IF(OR(AT19=9,AT19=20),U19,0)) -> 0 | BH19: =IF(U19="",0,IF(OR(AT19=9,AT19=20),AA19,0)) -> 0 | BI19: =IF(U19="",0,IF(OR(AT19=9,AT19=20),N19-BB19,0)) -> 0 | BJ19: =IF(AT19=20,0,IF(OR(AT19=10,AT19=11,AT19=12,AT19=13,AT19=17,AT19=18),U19,0)) -> 0 | BK19: =IF(OR(U19="",AT19=20),0,IF(OR(AT19=10,AT19=11,AT19=12,AT19=13,AT19=17,AT19=18,),AA19,0)) -> 0 | BL19: =IF(OR(U19="",AT19=20),0,IF(OR(AT19=10,AT19=11,AT19=12,AT19=13,AT19=17,AT19=18),N19-BB19,0)) -> 0 | BN19: =IF(L19<V19,L19,V19) | BO19: =IF(OR(L19="",V19=""),0,L19-V19) -> 0 | BP19: =IF(E19="",0,E19-2) -> 0 | BQ19: =IF(OR(L19="",U19=""),"",IF(AND(E19=1,L19>=45),45,IF(AND(E19=1,L19<45),45,IF(AND(E19=2,L19>60),60,IF(AND(E19=2,L19<60),60,IF(AND(F19=3,L19>72),72,IF(AND(E19>2,BP19*12+60>L19),BP19*12+60,BP19*12+60)))))))
N20: =IF(OR(C20="",L20=""),"",L20*C20) | V20: =IF(OR(L20="",U20="",U20=0),"",IF(AND(OR(E20=1,E20=2),F20=3,L20>=72),72,IF(AND(E20=1,L20>=45),45,IF(AND(E20=1,L20<45),L20,IF(AND(E20=2,L20>60),60,IF(AND(E20=2,L20<60),L20,IF(AND(F20=3,L20>72),72,IF(AND(E20>2,BP20*12+60>L20),L20,BP20*12+60)))))))) | X20: =IF(AND(P20="x",S20="x",T20="x"),"",IF(AND(P20="X",R20="X",S20="X"),"",IF(OR(AT20=8,AT20=9,U20=""),"",IF(OR(AT20=4,AT20=11),BQ20*16/100,"")))) | Z20: =IF(OR(AT20=17,AT20=7),(BQ20*16/100+BQ20+L20-V20)*U20,IF(OR(AT20=16,AT20=15,AT20=8,AT20=13,AT20=1,AT20=9,AT20=20,AT20=21),BQ20*U20,IF(AT20=12,(BQ20+L20-V20)*U20,IF(OR(AT20=4,AT20=11),(BQ20*16/100+BQ20)*U20,IF(AT20=6,(BQ20+L20-V20)*U20,0))))) -> #VALUE! | AA20: =IF(OR(U20="",U20=0,V20=""),"",IF(OR(Z20=0,Z20=""),"",IF(Z20/U20>L20,L20*U20,Z20))) | AC20: =IF(C20="","",IF(C20-U20=0,"",C20-U20)) | AD20: =IF(AC20="","",AC20*L20) | AJ20: 6 | AL20: =L20-BQ20 -> #VALUE! | AM20: =BQ20 | AN20: =SUM(AK20:AM20) -> #VALUE! | AO20: =IF(AND(COUNTIF(P20:T20,"x")=3,P20="X",S20="X",T20="X"),17,IF(COUNTIF(P20:T20,"x")=0,1,0)) -> 1 | AP20: =IF(AND(COUNTIF(P20:T20,"x")=2,P20="x",T20="X"),7,IF(AND(COUNTIF(P20:T20,"x")=1,P20="X"),4,IF(AND(COUNTIF(P20:T20,"x")=1,T20="X"),6,0))) -> 0 | AQ20: =IF(AND(COUNTIF(P20:T20,"x")=2,S20="X",R20="X"),9,IF(AND(COUNTIF(P20:T20,"x")=2,S20="X",P20="X"),11,IF(AND(COUNTIF(P20:T20,"x")=2,S20="X",T20="X"),12,IF(AND(COUNTIF(P20:T20,"x")=1,S20="X"),13,0)))) -> 0 | AR20: =IF(AND(COUNTIF(P20:T20,"x")=3,P20="X",R20="X",T20="X"),21,IF(AND(COUNTIF(P20:T20,"x")=1,R20="X"),8,IF(AND(COUNTIF(P20:T20,"x")=2,R20="X",P20="X"),15,IF(AND(COUNTIF(P20:T20,"x")=2,R20="X",T20="X"),16,0)))) -> 0 | AS20: =IF(AND(COUNTIF(P20:T20,"x")=4,P20="X",R20="X",S20="X",T20="X"),20,IF(AND(COUNTIF(P20:T20,"x")=3,R20="X",S20="X",T20="X"),20,IF(AND(COUNTIF(P20:T20,"x")=3,P20="X",R20="X",S20="X"),20,0))) -> 0 | AT20: =SUM(AO20:AS20) -> 1 | AU20: 5 | AV20: =IF(OR(U20="",AT20=20,AT20=21),0,IF(OR(AT20=8,AT20=9,AT20=15),0,IF(P20<>"",AA20,0))) -> 0 | AW20: =IF(OR(U20="",AT20=20,AT20=21),0,IF(OR(AT20=8,AT20=9,AT20=15),0,IF(P20<>"",U20,0))) -> 0 | AX20: =IF(OR(AT20=4,AT20=7),AV20,0) -> 0 | AY20: =IF(OR(AT20=11,AT20=17),AV20,0) -> 0 | AZ20: =IF(OR(U20="",AT20=20),0,IF(OR(AT20=4,AT20=5,AT20=6,AT20=7,AT20=3,AT20=1),U20,0)) -> 0 | BA20: =IF(OR(U20="",AT20=20),0,IF(OR(AT20=4,AT20=5,AT20=6,AT20=7,AT20=3,AT20=1),AA20,0)) -> 0 | BB20: =IF(AD20="",0,AD20) -> 0 | BC20: =IF(OR(AT20=20,U20=""),0,IF(OR(AT20=4,AT20=5,AT20=6,AT20=7,AT20=3,AT20=1),N20-BB20,0)) -> 0 | BD20: =IF(OR(U20="",AT20=20),0,IF(OR(AT20=8,AT20=14,AT20=15,AT20=16,AT20=21),U20,0)) -> 0 | BE20: =IF(OR(U20="",AT20=20),0,IF(OR(AT20=8,AT20=14,AT20=15,AT20=16,AT20=21),AA20,0)) -> 0 | BF20: =IF(OR(U20="",AT20=20),0,IF(OR(AT20=8,AT20=14,AT20=15,AT20=16,AT20=21),N20-BB20,0)) -> 0 | BG20: =IF(U20="",0,IF(OR(AT20=9,AT20=20),U20,0)) -> 0 | BH20: =IF(U20="",0,IF(OR(AT20=9,AT20=20),AA20,0)) -> 0 | BI20: =IF(U20="",0,IF(OR(AT20=9,AT20=20),N20-BB20,0)) -> 0 | BJ20: =IF(AT20=20,0,IF(OR(AT20=10,AT20=11,AT20=12,AT20=13,AT20=17,AT20=18),U20,0)) -> 0 | BK20: =IF(OR(U20="",AT20=20),0,IF(OR(AT20=10,AT20=11,AT20=12,AT20=13,AT20=17,AT20=18,),AA20,0)) -> 0 | BL20: =IF(OR(U20="",AT20=20),0,IF(OR(AT20=10,AT20=11,AT20=12,AT20=13,AT20=17,AT20=18),N20-BB20,0)) -> 0 | BN20: =IF(L20<V20,L20,V20) | BO20: =IF(OR(L20="",V20=""),0,L20-V20) -> 0 | BP20: =IF(E20="",0,E20-2) -> 0 | BQ20: =IF(OR(L20="",U20=""),"",IF(AND(E20=1,L20>=45),45,IF(AND(E20=1,L20<45),45,IF(AND(E20=2,L20>60),60,IF(AND(E20=2,L20<60),60,IF(AND(F20=3,L20>72),72,IF(AND(E20>2,BP20*12+60>L20),BP20*12+60,BP20*12+60)))))))
N21: =IF(OR(C21="",L21=""),"",L21*C21) | V21: =IF(OR(L21="",U21="",U21=0),"",IF(AND(OR(E21=1,E21=2),F21=3,L21>=72),72,IF(AND(E21=1,L21>=45),45,IF(AND(E21=1,L21<45),L21,IF(AND(E21=2,L21>60),60,IF(AND(E21=2,L21<60),L21,IF(AND(F21=3,L21>72),72,IF(AND(E21>2,BP21*12+60>L21),L21,BP21*12+60)))))))) | X21: =IF(AND(P21="x",S21="x",T21="x"),"",IF(AND(P21="X",R21="X",S21="X"),"",IF(OR(AT21=8,AT21=9,U21=""),"",IF(OR(AT21=4,AT21=11),BQ21*16/100,"")))) | Z21: =IF(OR(AT21=17,AT21=7),(BQ21*16/100+BQ21+L21-V21)*U21,IF(OR(AT21=16,AT21=15,AT21=8,AT21=13,AT21=1,AT21=9,AT21=20,AT21=21),BQ21*U21,IF(AT21=12,(BQ21+L21-V21)*U21,IF(OR(AT21=4,AT21=11),(BQ21*16/100+BQ21)*U21,IF(AT21=6,(BQ21+L21-V21)*U21,0))))) -> #VALUE! | AA21: =IF(OR(U21="",U21=0,V21=""),"",IF(OR(Z21=0,Z21=""),"",IF(Z21/U21>L21,L21*U21,Z21))) | AC21: =IF(C21="","",IF(C21-U21=0,"",C21-U21)) | AD21: =IF(AC21="","",AC21*L21) | AJ21: 9 | AM21: =BQ21 | AN21: =SUM(AK21:AM21) -> 0 | AO21: =IF(AND(COUNTIF(P21:T21,"x")=3,P21="X",S21="X",T21="X"),17,IF(COUNTIF(P21:T21,"x")=0,1,0)) -> 1 | AP21: =IF(AND(COUNTIF(P21:T21,"x")=2,P21="x",T21="X"),7,IF(AND(COUNTIF(P21:T21,"x")=1,P21="X"),4,IF(AND(COUNTIF(P21:T21,"x")=1,T21="X"),6,0))) -> 0 | AQ21: =IF(AND(COUNTIF(P21:T21,"x")=2,S21="X",R21="X"),9,IF(AND(COUNTIF(P21:T21,"x")=2,S21="X",P21="X"),11,IF(AND(COUNTIF(P21:T21,"x")=2,S21="X",T21="X"),12,IF(AND(COUNTIF(P21:T21,"x")=1,S21="X"),13,0)))) -> 0 | AR21: =IF(AND(COUNTIF(P21:T21,"x")=3,P21="X",R21="X",T21="X"),21,IF(AND(COUNTIF(P21:T21,"x")=1,R21="X"),8,IF(AND(COUNTIF(P21:T21,"x")=2,R21="X",P21="X"),15,IF(AND(COUNTIF(P21:T21,"x")=2,R21="X",T21="X"),16,0)))) -> 0 | AS21: =IF(AND(COUNTIF(P21:T21,"x")=4,P21="X",R21="X",S21="X",T21="X"),20,IF(AND(COUNTIF(P21:T21,"x")=3,R21="X",S21="X",T21="X"),20,IF(AND(COUNTIF(P21:T21,"x")=3,P21="X",R21="X",S21="X"),20,0))) -> 0 | AT21: =SUM(AO21:AS21) -> 1 | AU21: 6 | AV21: =IF(OR(U21="",AT21=20,AT21=21),0,IF(OR(AT21=8,AT21=9,AT21=15),0,IF(P21<>"",AA21,0))) -> 0 | AW21: =IF(OR(U21="",AT21=20,AT21=21),0,IF(OR(AT21=8,AT21=9,AT21=15),0,IF(P21<>"",U21,0))) -> 0 | AX21: =IF(OR(AT21=4,AT21=7),AV21,0) -> 0 | AY21: =IF(OR(AT21=11,AT21=17),AV21,0) -> 0 | AZ21: =IF(OR(U21="",AT21=20),0,IF(OR(AT21=4,AT21=5,AT21=6,AT21=7,AT21=3,AT21=1),U21,0)) -> 0 | BA21: =IF(OR(U21="",AT21=20),0,IF(OR(AT21=4,AT21=5,AT21=6,AT21=7,AT21=3,AT21=1),AA21,0)) -> 0 | BB21: =IF(AD21="",0,AD21) -> 0 | BC21: =IF(OR(AT21=20,U21=""),0,IF(OR(AT21=4,AT21=5,AT21=6,AT21=7,AT21=3,AT21=1),N21-BB21,0)) -> 0 | BD21: =IF(OR(U21="",AT21=20),0,IF(OR(AT21=8,AT21=14,AT21=15,AT21=16,AT21=21),U21,0)) -> 0 | BE21: =IF(OR(U21="",AT21=20),0,IF(OR(AT21=8,AT21=14,AT21=15,AT21=16,AT21=21),AA21,0)) -> 0 | BF21: =IF(OR(U21="",AT21=20),0,IF(OR(AT21=8,AT21=14,AT21=15,AT21=16,AT21=21),N21-BB21,0)) -> 0 | BG21: =IF(U21="",0,IF(OR(AT21=9,AT21=20),U21,0)) -> 0 | BH21: =IF(U21="",0,IF(OR(AT21=9,AT21=20),AA21,0)) -> 0 | BI21: =IF(U21="",0,IF(OR(AT21=9,AT21=20),N21-BB21,0)) -> 0 | BJ21: =IF(AT21=20,0,IF(OR(AT21=10,AT21=11,AT21=12,AT21=13,AT21=17,AT21=18),U21,0)) -> 0 | BK21: =IF(OR(U21="",AT21=20),0,IF(OR(AT21=10,AT21=11,AT21=12,AT21=13,AT21=17,AT21=18,),AA21,0)) -> 0 | BL21: =IF(OR(U21="",AT21=20),0,IF(OR(AT21=10,AT21=11,AT21=12,AT21=13,AT21=17,AT21=18),N21-BB21,0)) -> 0 | BN21: =IF(L21<V21,L21,V21) | BO21: =IF(OR(L21="",V21=""),0,L21-V21) -> 0 | BP21: =IF(E21="",0,E21-2) -> 0 | BQ21: =IF(OR(L21="",U21=""),"",IF(AND(E21=1,L21>=45),45,IF(AND(E21=1,L21<45),45,IF(AND(E21=2,L21>60),60,IF(AND(E21=2,L21<60),60,IF(AND(F21=3,L21>72),72,IF(AND(E21>2,BP21*12+60>L21),BP21*12+60,BP21*12+60)))))))
N22: =IF(OR(C22="",L22=""),"",L22*C22) | V22: =IF(OR(L22="",U22="",U22=0),"",IF(AND(OR(E22=1,E22=2),F22=3,L22>=72),72,IF(AND(E22=1,L22>=45),45,IF(AND(E22=1,L22<45),L22,IF(AND(E22=2,L22>60),60,IF(AND(E22=2,L22<60),L22,IF(AND(F22=3,L22>72),72,IF(AND(E22>2,BP22*12+60>L22),L22,BP22*12+60)))))))) | X22: =IF(AND(P22="x",S22="x",T22="x"),"",IF(AND(P22="X",R22="X",S22="X"),"",IF(OR(AT22=8,AT22=9,U22=""),"",IF(OR(AT22=4,AT22=11),BQ22*16/100,"")))) | Z22: =IF(OR(AT22=17,AT22=7),(BQ22*16/100+BQ22+L22-V22)*U22,IF(OR(AT22=16,AT22=15,AT22=8,AT22=13,AT22=1,AT22=9,AT22=20,AT22=21),BQ22*U22,IF(AT22=12,(BQ22+L22-V22)*U22,IF(OR(AT22=4,AT22=11),(BQ22*16/100+BQ22)*U22,IF(AT22=6,(BQ22+L22-V22)*U22,0))))) -> #VALUE! | AA22: =IF(OR(U22="",U22=0,V22=""),"",IF(OR(Z22=0,Z22=""),"",IF(Z22/U22>L22,L22*U22,Z22))) | AC22: =IF(C22="","",IF(C22-U22=0,"",C22-U22)) | AD22: =IF(AC22="","",AC22*L22) | AJ22: 11 | AK22: =BQ22*16/100 -> #VALUE! | AM22: =BQ22 | AN22: =SUM(AK22:AM22) -> #VALUE! | AO22: =IF(AND(COUNTIF(P22:T22,"x")=3,P22="X",S22="X",T22="X"),17,IF(COUNTIF(P22:T22,"x")=0,1,0)) -> 1 | AP22: =IF(AND(COUNTIF(P22:T22,"x")=2,P22="x",T22="X"),7,IF(AND(COUNTIF(P22:T22,"x")=1,P22="X"),4,IF(AND(COUNTIF(P22:T22,"x")=1,T22="X"),6,0))) -> 0 | AQ22: =IF(AND(COUNTIF(P22:T22,"x")=2,S22="X",R22="X"),9,IF(AND(COUNTIF(P22:T22,"x")=2,S22="X",P22="X"),11,IF(AND(COUNTIF(P22:T22,"x")=2,S22="X",T22="X"),12,IF(AND(COUNTIF(P22:T22,"x")=1,S22="X"),13,0)))) -> 0 | AR22: =IF(AND(COUNTIF(P22:T22,"x")=3,P22="X",R22="X",T22="X"),21,IF(AND(COUNTIF(P22:T22,"x")=1,R22="X"),8,IF(AND(COUNTIF(P22:T22,"x")=2,R22="X",P22="X"),15,IF(AND(COUNTIF(P22:T22,"x")=2,R22="X",T22="X"),16,0)))) -> 0 | AS22: =IF(AND(COUNTIF(P22:T22,"x")=4,P22="X",R22="X",S22="X",T22="X"),20,IF(AND(COUNTIF(P22:T22,"x")=3,R22="X",S22="X",T22="X"),20,IF(AND(COUNTIF(P22:T22,"x")=3,P22="X",R22="X",S22="X"),20,0))) -> 0 | AT22: =SUM(AO22:AS22) -> 1 | AU22: 7 | AV22: =IF(OR(U22="",AT22=20,AT22=21),0,IF(OR(AT22=8,AT22=9,AT22=15),0,IF(P22<>"",AA22,0))) -> 0 | AW22: =IF(OR(U22="",AT22=20,AT22=21),0,IF(OR(AT22=8,AT22=9,AT22=15),0,IF(P22<>"",U22,0))) -> 0 | AX22: =IF(OR(AT22=4,AT22=7),AV22,0) -> 0 | AY22: =IF(OR(AT22=11,AT22=17),AV22,0) -> 0 | AZ22: =IF(OR(U22="",AT22=20),0,IF(OR(AT22=4,AT22=5,AT22=6,AT22=7,AT22=3,AT22=1),U22,0)) -> 0 | BA22: =IF(OR(U22="",AT22=20),0,IF(OR(AT22=4,AT22=5,AT22=6,AT22=7,AT22=3,AT22=1),AA22,0)) -> 0 | BB22: =IF(AD22="",0,AD22) -> 0 | BC22: =IF(OR(AT22=20,U22=""),0,IF(OR(AT22=4,AT22=5,AT22=6,AT22=7,AT22=3,AT22=1),N22-BB22,0)) -> 0 | BD22: =IF(OR(U22="",AT22=20),0,IF(OR(AT22=8,AT22=14,AT22=15,AT22=16,AT22=21),U22,0)) -> 0 | BE22: =IF(OR(U22="",AT22=20),0,IF(OR(AT22=8,AT22=14,AT22=15,AT22=16,AT22=21),AA22,0)) -> 0 | BF22: =IF(OR(U22="",AT22=20),0,IF(OR(AT22=8,AT22=14,AT22=15,AT22=16,AT22=21),N22-BB22,0)) -> 0 | BG22: =IF(U22="",0,IF(OR(AT22=9,AT22=20),U22,0)) -> 0 | BH22: =IF(U22="",0,IF(OR(AT22=9,AT22=20),AA22,0)) -> 0 | BI22: =IF(U22="",0,IF(OR(AT22=9,AT22=20),N22-BB22,0)) -> 0 | BJ22: =IF(AT22=20,0,IF(OR(AT22=10,AT22=11,AT22=12,AT22=13,AT22=17,AT22=18),U22,0)) -> 0 | BK22: =IF(OR(U22="",AT22=20),0,IF(OR(AT22=10,AT22=11,AT22=12,AT22=13,AT22=17,AT22=18,),AA22,0)) -> 0 | BL22: =IF(OR(U22="",AT22=20),0,IF(OR(AT22=10,AT22=11,AT22=12,AT22=13,AT22=17,AT22=18),N22-BB22,0)) -> 0 | BN22: =IF(L22<V22,L22,V22) | BO22: =IF(OR(L22="",V22=""),0,L22-V22) -> 0 | BP22: =IF(E22="",0,E22-2) -> 0 | BQ22: =IF(OR(L22="",U22=""),"",IF(AND(E22=1,L22>=45),45,IF(AND(E22=1,L22<45),45,IF(AND(E22=2,L22>60),60,IF(AND(E22=2,L22<60),60,IF(AND(F22=3,L22>72),72,IF(AND(E22>2,BP22*12+60>L22),BP22*12+60,BP22*12+60)))))))
N23: =IF(OR(C23="",L23=""),"",L23*C23) | V23: =IF(OR(L23="",U23="",U23=0),"",IF(AND(OR(E23=1,E23=2),F23=3,L23>=72),72,IF(AND(E23=1,L23>=45),45,IF(AND(E23=1,L23<45),L23,IF(AND(E23=2,L23>60),60,IF(AND(E23=2,L23<60),L23,IF(AND(F23=3,L23>72),72,IF(AND(E23>2,BP23*12+60>L23),L23,BP23*12+60)))))))) | X23: =IF(AND(P23="x",S23="x",T23="x"),"",IF(AND(P23="X",R23="X",S23="X"),"",IF(OR(AT23=8,AT23=9,U23=""),"",IF(OR(AT23=4,AT23=11),BQ23*16/100,"")))) | Z23: =IF(OR(AT23=17,AT23=7),(BQ23*16/100+BQ23+L23-V23)*U23,IF(OR(AT23=16,AT23=15,AT23=8,AT23=13,AT23=1,AT23=9,AT23=20,AT23=21),BQ23*U23,IF(AT23=12,(BQ23+L23-V23)*U23,IF(OR(AT23=4,AT23=11),(BQ23*16/100+BQ23)*U23,IF(AT23=6,(BQ23+L23-V23)*U23,0))))) -> #VALUE! | AA23: =IF(OR(U23="",U23=0,V23=""),"",IF(OR(Z23=0,Z23=""),"",IF(Z23/U23>L23,L23*U23,Z23))) | AC23: =IF(C23="","",IF(C23-U23=0,"",C23-U23)) | AD23: =IF(AC23="","",AC23*L23) | AJ23: 1 | AM23: =BQ23 | AN23: =SUM(AK23:AM23) -> 0 | AO23: =IF(AND(COUNTIF(P23:T23,"x")=3,P23="X",S23="X",T23="X"),17,IF(COUNTIF(P23:T23,"x")=0,1,0)) -> 1 | AP23: =IF(AND(COUNTIF(P23:T23,"x")=2,P23="x",T23="X"),7,IF(AND(COUNTIF(P23:T23,"x")=1,P23="X"),4,IF(AND(COUNTIF(P23:T23,"x")=1,T23="X"),6,0))) -> 0 | AQ23: =IF(AND(COUNTIF(P23:T23,"x")=2,S23="X",R23="X"),9,IF(AND(COUNTIF(P23:T23,"x")=2,S23="X",P23="X"),11,IF(AND(COUNTIF(P23:T23,"x")=2,S23="X",T23="X"),12,IF(AND(COUNTIF(P23:T23,"x")=1,S23="X"),13,0)))) -> 0 | AR23: =IF(AND(COUNTIF(P23:T23,"x")=3,P23="X",R23="X",T23="X"),21,IF(AND(COUNTIF(P23:T23,"x")=1,R23="X"),8,IF(AND(COUNTIF(P23:T23,"x")=2,R23="X",P23="X"),15,IF(AND(COUNTIF(P23:T23,"x")=2,R23="X",T23="X"),16,0)))) -> 0 | AS23: =IF(AND(COUNTIF(P23:T23,"x")=4,P23="X",R23="X",S23="X",T23="X"),20,IF(AND(COUNTIF(P23:T23,"x")=3,R23="X",S23="X",T23="X"),20,IF(AND(COUNTIF(P23:T23,"x")=3,P23="X",R23="X",S23="X"),20,0))) -> 0 | AT23: =SUM(AO23:AS23) -> 1 | AU23: 8 | AV23: =IF(OR(U23="",AT23=20,AT23=21),0,IF(OR(AT23=8,AT23=9,AT23=15),0,IF(P23<>"",AA23,0))) -> 0 | AW23: =IF(OR(U23="",AT23=20,AT23=21),0,IF(OR(AT23=8,AT23=9,AT23=15),0,IF(P23<>"",U23,0))) -> 0 | AX23: =IF(OR(AT23=4,AT23=7),AV23,0) -> 0 | AY23: =IF(OR(AT23=11,AT23=17),AV23,0) -> 0 | AZ23: =IF(OR(U23="",AT23=20),0,IF(OR(AT23=4,AT23=5,AT23=6,AT23=7,AT23=3,AT23=1),U23,0)) -> 0 | BA23: =IF(OR(U23="",AT23=20),0,IF(OR(AT23=4,AT23=5,AT23=6,AT23=7,AT23=3,AT23=1),AA23,0)) -> 0 | BB23: =IF(AD23="",0,AD23) -> 0 | BC23: =IF(OR(AT23=20,U23=""),0,IF(OR(AT23=4,AT23=5,AT23=6,AT23=7,AT23=3,AT23=1),N23-BB23,0)) -> 0 | BD23: =IF(OR(U23="",AT23=20),0,IF(OR(AT23=8,AT23=14,AT23=15,AT23=16,AT23=21),U23,0)) -> 0 | BE23: =IF(OR(U23="",AT23=20),0,IF(OR(AT23=8,AT23=14,AT23=15,AT23=16,AT23=21),AA23,0)) -> 0 | BF23: =IF(OR(U23="",AT23=20),0,IF(OR(AT23=8,AT23=14,AT23=15,AT23=16,AT23=21),N23-BB23,0)) -> 0 | BG23: =IF(U23="",0,IF(OR(AT23=9,AT23=20),U23,0)) -> 0 | BH23: =IF(U23="",0,IF(OR(AT23=9,AT23=20),AA23,0)) -> 0 | BI23: =IF(U23="",0,IF(OR(AT23=9,AT23=20),N23-BB23,0)) -> 0 | BJ23: =IF(AT23=20,0,IF(OR(AT23=10,AT23=11,AT23=12,AT23=13,AT23=17,AT23=18),U23,0)) -> 0 | BK23: =IF(OR(U23="",AT23=20),0,IF(OR(AT23=10,AT23=11,AT23=12,AT23=13,AT23=17,AT23=18,),AA23,0)) -> 0 | BL23: =IF(OR(U23="",AT23=20),0,IF(OR(AT23=10,AT23=11,AT23=12,AT23=13,AT23=17,AT23=18),N23-BB23,0)) -> 0 | BN23: =IF(L23<V23,L23,V23) | BO23: =IF(OR(L23="",V23=""),0,L23-V23) -> 0 | BP23: =IF(E23="",0,E23-2) -> 0 | BQ23: =IF(OR(L23="",U23=""),"",IF(AND(E23=1,L23>=45),45,IF(AND(E23=1,L23<45),45,IF(AND(E23=2,L23>60),60,IF(AND(E23=2,L23<60),60,IF(AND(F23=3,L23>72),72,IF(AND(E23>2,BP23*12+60>L23),BP23*12+60,BP23*12+60)))))))
N24: =IF(OR(C24="",L24=""),"",L24*C24) | V24: =IF(OR(L24="",U24="",U24=0),"",IF(AND(OR(E24=1,E24=2),F24=3,L24>=72),72,IF(AND(E24=1,L24>=45),45,IF(AND(E24=1,L24<45),L24,IF(AND(E24=2,L24>60),60,IF(AND(E24=2,L24<60),L24,IF(AND(F24=3,L24>72),72,IF(AND(E24>2,BP24*12+60>L24),L24,BP24*12+60)))))))) | X24: =IF(AND(P24="x",S24="x",T24="x"),"",IF(AND(P24="X",R24="X",S24="X"),"",IF(OR(AT24=8,AT24=9,U24=""),"",IF(OR(AT24=4,AT24=11),BQ24*16/100,"")))) | Z24: =IF(OR(AT24=17,AT24=7),(BQ24*16/100+BQ24+L24-V24)*U24,IF(OR(AT24=16,AT24=15,AT24=8,AT24=13,AT24=1,AT24=9,AT24=20,AT24=21),BQ24*U24,IF(AT24=12,(BQ24+L24-V24)*U24,IF(OR(AT24=4,AT24=11),(BQ24*16/100+BQ24)*U24,IF(AT24=6,(BQ24+L24-V24)*U24,0))))) -> #VALUE! | AA24: =IF(OR(U24="",U24=0,V24=""),"",IF(OR(Z24=0,Z24=""),"",IF(Z24/U24>L24,L24*U24,Z24))) | AC24: =IF(C24="","",IF(C24-U24=0,"",C24-U24)) | AD24: =IF(AC24="","",AC24*L24) | AJ24: 13 | AM24: =BQ24 | AN24: =SUM(AK24:AM24) -> 0 | AO24: =IF(AND(COUNTIF(P24:T24,"x")=3,P24="X",S24="X",T24="X"),17,IF(COUNTIF(P24:T24,"x")=0,1,0)) -> 1 | AP24: =IF(AND(COUNTIF(P24:T24,"x")=2,P24="x",T24="X"),7,IF(AND(COUNTIF(P24:T24,"x")=1,P24="X"),4,IF(AND(COUNTIF(P24:T24,"x")=1,T24="X"),6,0))) -> 0 | AQ24: =IF(AND(COUNTIF(P24:T24,"x")=2,S24="X",R24="X"),9,IF(AND(COUNTIF(P24:T24,"x")=2,S24="X",P24="X"),11,IF(AND(COUNTIF(P24:T24,"x")=2,S24="X",T24="X"),12,IF(AND(COUNTIF(P24:T24,"x")=1,S24="X"),13,0)))) -> 0 | AR24: =IF(AND(COUNTIF(P24:T24,"x")=3,P24="X",R24="X",T24="X"),21,IF(AND(COUNTIF(P24:T24,"x")=1,R24="X"),8,IF(AND(COUNTIF(P24:T24,"x")=2,R24="X",P24="X"),15,IF(AND(COUNTIF(P24:T24,"x")=2,R24="X",T24="X"),16,0)))) -> 0 | AS24: =IF(AND(COUNTIF(P24:T24,"x")=4,P24="X",R24="X",S24="X",T24="X"),20,IF(AND(COUNTIF(P24:T24,"x")=3,R24="X",S24="X",T24="X"),20,IF(AND(COUNTIF(P24:T24,"x")=3,P24="X",R24="X",S24="X"),20,0))) -> 0 | AT24: =SUM(AO24:AS24) -> 1 | AU24: 9 | AV24: =IF(OR(U24="",AT24=20,AT24=21),0,IF(OR(AT24=8,AT24=9,AT24=15),0,IF(P24<>"",AA24,0))) -> 0 | AW24: =IF(OR(U24="",AT24=20,AT24=21),0,IF(OR(AT24=8,AT24=9,AT24=15),0,IF(P24<>"",U24,0))) -> 0 | AX24: =IF(OR(AT24=4,AT24=7),AV24,0) -> 0 | AY24: =IF(OR(AT24=11,AT24=17),AV24,0) -> 0 | AZ24: =IF(OR(U24="",AT24=20),0,IF(OR(AT24=4,AT24=5,AT24=6,AT24=7,AT24=3,AT24=1),U24,0)) -> 0 | BA24: =IF(OR(U24="",AT24=20),0,IF(OR(AT24=4,AT24=5,AT24=6,AT24=7,AT24=3,AT24=1),AA24,0)) -> 0 | BB24: =IF(AD24="",0,AD24) -> 0 | BC24: =IF(OR(AT24=20,U24=""),0,IF(OR(AT24=4,AT24=5,AT24=6,AT24=7,AT24=3,AT24=1),N24-BB24,0)) -> 0 | BD24: =IF(OR(U24="",AT24=20),0,IF(OR(AT24=8,AT24=14,AT24=15,AT24=16,AT24=21),U24,0)) -> 0 | BE24: =IF(OR(U24="",AT24=20),0,IF(OR(AT24=8,AT24=14,AT24=15,AT24=16,AT24=21),AA24,0)) -> 0 | BF24: =IF(OR(U24="",AT24=20),0,IF(OR(AT24=8,AT24=14,AT24=15,AT24=16,AT24=21),N24-BB24,0)) -> 0 | BG24: =IF(U24="",0,IF(OR(AT24=9,AT24=20),U24,0)) -> 0 | BH24: =IF(U24="",0,IF(OR(AT24=9,AT24=20),AA24,0)) -> 0 | BI24: =IF(U24="",0,IF(OR(AT24=9,AT24=20),N24-BB24,0)) -> 0 | BJ24: =IF(AT24=20,0,IF(OR(AT24=10,AT24=11,AT24=12,AT24=13,AT24=17,AT24=18),U24,0)) -> 0 | BK24: =IF(OR(U24="",AT24=20),0,IF(OR(AT24=10,AT24=11,AT24=12,AT24=13,AT24=17,AT24=18,),AA24,0)) -> 0 | BL24: =IF(OR(U24="",AT24=20),0,IF(OR(AT24=10,AT24=11,AT24=12,AT24=13,AT24=17,AT24=18),N24-BB24,0)) -> 0 | BN24: =IF(L24<V24,L24,V24) | BO24: =IF(OR(L24="",V24=""),0,L24-V24) -> 0 | BP24: =IF(E24="",0,E24-2) -> 0 | BQ24: =IF(OR(L24="",U24=""),"",IF(AND(E24=1,L24>=45),45,IF(AND(E24=1,L24<45),45,IF(AND(E24=2,L24>60),60,IF(AND(E24=2,L24<60),60,IF(AND(F24=3,L24>72),72,IF(AND(E24>2,BP24*12+60>L24),BP24*12+60,BP24*12+60)))))))
N25: =IF(OR(C25="",L25=""),"",L25*C25) | V25: =IF(OR(L25="",U25="",U25=0),"",IF(AND(OR(E25=1,E25=2),F25=3,L25>=72),72,IF(AND(E25=1,L25>=45),45,IF(AND(E25=1,L25<45),L25,IF(AND(E25=2,L25>60),60,IF(AND(E25=2,L25<60),L25,IF(AND(F25=3,L25>72),72,IF(AND(E25>2,BP25*12+60>L25),L25,BP25*12+60)))))))) | X25: =IF(AND(P25="x",S25="x",T25="x"),"",IF(AND(P25="X",R25="X",S25="X"),"",IF(OR(AT25=8,AT25=9,U25=""),"",IF(OR(AT25=4,AT25=11),BQ25*16/100,"")))) | Z25: =IF(OR(AT25=17,AT25=7),(BQ25*16/100+BQ25+L25-V25)*U25,IF(OR(AT25=16,AT25=15,AT25=8,AT25=13,AT25=1,AT25=9,AT25=20,AT25=21),BQ25*U25,IF(AT25=12,(BQ25+L25-V25)*U25,IF(OR(AT25=4,AT25=11),(BQ25*16/100+BQ25)*U25,IF(AT25=6,(BQ25+L25-V25)*U25,0))))) -> #VALUE! | AA25: =IF(OR(U25="",U25=0,V25=""),"",IF(OR(Z25=0,Z25=""),"",IF(Z25/U25>L25,L25*U25,Z25))) | AC25: =IF(C25="","",IF(C25-U25=0,"",C25-U25)) | AD25: =IF(AC25="","",AC25*L25) | AJ25: 8 | AM25: =BQ25 | AN25: =SUM(AK25:AM25) -> 0 | AO25: =IF(AND(COUNTIF(P25:T25,"x")=3,P25="X",S25="X",T25="X"),17,IF(COUNTIF(P25:T25,"x")=0,1,0)) -> 1 | AP25: =IF(AND(COUNTIF(P25:T25,"x")=2,P25="x",T25="X"),7,IF(AND(COUNTIF(P25:T25,"x")=1,P25="X"),4,IF(AND(COUNTIF(P25:T25,"x")=1,T25="X"),6,0))) -> 0 | AQ25: =IF(AND(COUNTIF(P25:T25,"x")=2,S25="X",R25="X"),9,IF(AND(COUNTIF(P25:T25,"x")=2,S25="X",P25="X"),11,IF(AND(COUNTIF(P25:T25,"x")=2,S25="X",T25="X"),12,IF(AND(COUNTIF(P25:T25,"x")=1,S25="X"),13,0)))) -> 0 | AR25: =IF(AND(COUNTIF(P25:T25,"x")=3,P25="X",R25="X",T25="X"),21,IF(AND(COUNTIF(P25:T25,"x")=1,R25="X"),8,IF(AND(COUNTIF(P25:T25,"x")=2,R25="X",P25="X"),15,IF(AND(COUNTIF(P25:T25,"x")=2,R25="X",T25="X"),16,0)))) -> 0 | AS25: =IF(AND(COUNTIF(P25:T25,"x")=4,P25="X",R25="X",S25="X",T25="X"),20,IF(AND(COUNTIF(P25:T25,"x")=3,R25="X",S25="X",T25="X"),20,IF(AND(COUNTIF(P25:T25,"x")=3,P25="X",R25="X",S25="X"),20,0))) -> 0 | AT25: =SUM(AO25:AS25) -> 1 | AU25: 10 | AV25: =IF(OR(U25="",AT25=20,AT25=21),0,IF(OR(AT25=8,AT25=9,AT25=15),0,IF(P25<>"",AA25,0))) -> 0 | AW25: =IF(OR(U25="",AT25=20,AT25=21),0,IF(OR(AT25=8,AT25=9,AT25=15),0,IF(P25<>"",U25,0))) -> 0 | AX25: =IF(OR(AT25=4,AT25=7),AV25,0) -> 0 | AY25: =IF(OR(AT25=11,AT25=17),AV25,0) -> 0 | AZ25: =IF(OR(U25="",AT25=20),0,IF(OR(AT25=4,AT25=5,AT25=6,AT25=7,AT25=3,AT25=1),U25,0)) -> 0 | BA25: =IF(OR(U25="",AT25=20),0,IF(OR(AT25=4,AT25=5,AT25=6,AT25=7,AT25=3,AT25=1),AA25,0)) -> 0 | BB25: =IF(AD25="",0,AD25) -> 0 | BC25: =IF(OR(AT25=20,U25=""),0,IF(OR(AT25=4,AT25=5,AT25=6,AT25=7,AT25=3,AT25=1),N25-BB25,0)) -> 0 | BD25: =IF(OR(U25="",AT25=20),0,IF(OR(AT25=8,AT25=14,AT25=15,AT25=16,AT25=21),U25,0)) -> 0 | BE25: =IF(OR(U25="",AT25=20),0,IF(OR(AT25=8,AT25=14,AT25=15,AT25=16,AT25=21),AA25,0)) -> 0 | BF25: =IF(OR(U25="",AT25=20),0,IF(OR(AT25=8,AT25=14,AT25=15,AT25=16,AT25=21),N25-BB25,0)) -> 0 | BG25: =IF(U25="",0,IF(OR(AT25=9,AT25=20),U25,0)) -> 0 | BH25: =IF(U25="",0,IF(OR(AT25=9,AT25=20),AA25,0)) -> 0 | BI25: =IF(U25="",0,IF(OR(AT25=9,AT25=20),N25-BB25,0)) -> 0 | BJ25: =IF(AT25=20,0,IF(OR(AT25=10,AT25=11,AT25=12,AT25=13,AT25=17,AT25=18),U25,0)) -> 0 | BK25: =IF(OR(U25="",AT25=20),0,IF(OR(AT25=10,AT25=11,AT25=12,AT25=13,AT25=17,AT25=18,),AA25,0)) -> 0 | BL25: =IF(OR(U25="",AT25=20),0,IF(OR(AT25=10,AT25=11,AT25=12,AT25=13,AT25=17,AT25=18),N25-BB25,0)) -> 0 | BN25: =IF(L25<V25,L25,V25) | BO25: =IF(OR(L25="",V25=""),0,L25-V25) -> 0 | BP25: =IF(E25="",0,E25-2) -> 0 | BQ25: =IF(OR(L25="",U25=""),"",IF(AND(E25=1,L25>=45),45,IF(AND(E25=1,L25<45),45,IF(AND(E25=2,L25>60),60,IF(AND(E25=2,L25<60),60,IF(AND(F25=3,L25>72),72,IF(AND(E25>2,BP25*12+60>L25),BP25*12+60,BP25*12+60)))))))
N26: =IF(OR(C26="",L26=""),"",L26*C26) | V26: =IF(OR(L26="",U26="",U26=0),"",IF(AND(OR(E26=1,E26=2),F26=3,L26>=72),72,IF(AND(E26=1,L26>=45),45,IF(AND(E26=1,L26<45),L26,IF(AND(E26=2,L26>60),60,IF(AND(E26=2,L26<60),L26,IF(AND(F26=3,L26>72),72,IF(AND(E26>2,BP26*12+60>L26),L26,BP26*12+60)))))))) | X26: =IF(AND(P26="x",S26="x",T26="x"),"",IF(AND(P26="X",R26="X",S26="X"),"",IF(OR(AT26=8,AT26=9,U26=""),"",IF(OR(AT26=4,AT26=11),BQ26*16/100,"")))) | Z26: =IF(OR(AT26=17,AT26=7),(BQ26*16/100+BQ26+L26-V26)*U26,IF(OR(AT26=16,AT26=15,AT26=8,AT26=13,AT26=1,AT26=9,AT26=20,AT26=21),BQ26*U26,IF(AT26=12,(BQ26+L26-V26)*U26,IF(OR(AT26=4,AT26=11),(BQ26*16/100+BQ26)*U26,IF(AT26=6,(BQ26+L26-V26)*U26,0))))) -> #VALUE! | AA26: =IF(OR(U26="",U26=0,V26=""),"",IF(OR(Z26=0,Z26=""),"",IF(Z26/U26>L26,L26*U26,Z26))) | AC26: =IF(C26="","",IF(C26-U26=0,"",C26-U26)) | AD26: =IF(AC26="","",AC26*L26) | AJ26: 15 | AM26: =BQ26 | AN26: =SUM(AK26:AM26) -> 0 | AO26: =IF(AND(COUNTIF(P26:T26,"x")=3,P26="X",S26="X",T26="X"),17,IF(COUNTIF(P26:T26,"x")=0,1,0)) -> 1 | AP26: =IF(AND(COUNTIF(P26:T26,"x")=2,P26="x",T26="X"),7,IF(AND(COUNTIF(P26:T26,"x")=1,P26="X"),4,IF(AND(COUNTIF(P26:T26,"x")=1,T26="X"),6,0))) -> 0 | AQ26: =IF(AND(COUNTIF(P26:T26,"x")=2,S26="X",R26="X"),9,IF(AND(COUNTIF(P26:T26,"x")=2,S26="X",P26="X"),11,IF(AND(COUNTIF(P26:T26,"x")=2,S26="X",T26="X"),12,IF(AND(COUNTIF(P26:T26,"x")=1,S26="X"),13,0)))) -> 0 | AR26: =IF(AND(COUNTIF(P26:T26,"x")=3,P26="X",R26="X",T26="X"),21,IF(AND(COUNTIF(P26:T26,"x")=1,R26="X"),8,IF(AND(COUNTIF(P26:T26,"x")=2,R26="X",P26="X"),15,IF(AND(COUNTIF(P26:T26,"x")=2,R26="X",T26="X"),16,0)))) -> 0 | AS26: =IF(AND(COUNTIF(P26:T26,"x")=4,P26="X",R26="X",S26="X",T26="X"),20,IF(AND(COUNTIF(P26:T26,"x")=3,R26="X",S26="X",T26="X"),20,IF(AND(COUNTIF(P26:T26,"x")=3,P26="X",R26="X",S26="X"),20,0))) -> 0 | AT26: =SUM(AO26:AS26) -> 1 | AU26: 11 | AV26: =IF(OR(U26="",AT26=20,AT26=21),0,IF(OR(AT26=8,AT26=9,AT26=15),0,IF(P26<>"",AA26,0))) -> 0 | AW26: =IF(OR(U26="",AT26=20,AT26=21),0,IF(OR(AT26=8,AT26=9,AT26=15),0,IF(P26<>"",U26,0))) -> 0 | AX26: =IF(OR(AT26=4,AT26=7),AV26,0) -> 0 | AY26: =IF(OR(AT26=11,AT26=17),AV26,0) -> 0 | AZ26: =IF(OR(U26="",AT26=20),0,IF(OR(AT26=4,AT26=5,AT26=6,AT26=7,AT26=3,AT26=1),U26,0)) -> 0 | BA26: =IF(OR(U26="",AT26=20),0,IF(OR(AT26=4,AT26=5,AT26=6,AT26=7,AT26=3,AT26=1),AA26,0)) -> 0 | BB26: =IF(AD26="",0,AD26) -> 0 | BC26: =IF(OR(AT26=20,U26=""),0,IF(OR(AT26=4,AT26=5,AT26=6,AT26=7,AT26=3,AT26=1),N26-BB26,0)) -> 0 | BD26: =IF(OR(U26="",AT26=20),0,IF(OR(AT26=8,AT26=14,AT26=15,AT26=16,AT26=21),U26,0)) -> 0 | BE26: =IF(OR(U26="",AT26=20),0,IF(OR(AT26=8,AT26=14,AT26=15,AT26=16,AT26=21),AA26,0)) -> 0 | BF26: =IF(OR(U26="",AT26=20),0,IF(OR(AT26=8,AT26=14,AT26=15,AT26=16,AT26=21),N26-BB26,0)) -> 0 | BG26: =IF(U26="",0,IF(OR(AT26=9,AT26=20),U26,0)) -> 0 | BH26: =IF(U26="",0,IF(OR(AT26=9,AT26=20),AA26,0)) -> 0 | BI26: =IF(U26="",0,IF(OR(AT26=9,AT26=20),N26-BB26,0)) -> 0 | BJ26: =IF(AT26=20,0,IF(OR(AT26=10,AT26=11,AT26=12,AT26=13,AT26=17,AT26=18),U26,0)) -> 0 | BK26: =IF(OR(U26="",AT26=20),0,IF(OR(AT26=10,AT26=11,AT26=12,AT26=13,AT26=17,AT26=18,),AA26,0)) -> 0 | BL26: =IF(OR(U26="",AT26=20),0,IF(OR(AT26=10,AT26=11,AT26=12,AT26=13,AT26=17,AT26=18),N26-BB26,0)) -> 0 | BN26: =IF(L26<V26,L26,V26) | BO26: =IF(OR(L26="",V26=""),0,L26-V26) -> 0 | BP26: =IF(E26="",0,E26-2) -> 0 | BQ26: =IF(OR(L26="",U26=""),"",IF(AND(E26=1,L26>=45),45,IF(AND(E26=1,L26<45),45,IF(AND(E26=2,L26>60),60,IF(AND(E26=2,L26<60),60,IF(AND(F26=3,L26>72),72,IF(AND(E26>2,BP26*12+60>L26),BP26*12+60,BP26*12+60)))))))
N27: =IF(OR(C27="",L27=""),"",L27*C27) | V27: =IF(OR(L27="",U27="",U27=0),"",IF(AND(OR(E27=1,E27=2),F27=3,L27>=72),72,IF(AND(E27=1,L27>=45),45,IF(AND(E27=1,L27<45),L27,IF(AND(E27=2,L27>60),60,IF(AND(E27=2,L27<60),L27,IF(AND(F27=3,L27>72),72,IF(AND(E27>2,BP27*12+60>L27),L27,BP27*12+60)))))))) | X27: =IF(AND(P27="x",S27="x",T27="x"),"",IF(AND(P27="X",R27="X",S27="X"),"",IF(OR(AT27=8,AT27=9,U27=""),"",IF(OR(AT27=4,AT27=11),BQ27*16/100,"")))) | Z27: =IF(OR(AT27=17,AT27=7),(BQ27*16/100+BQ27+L27-V27)*U27,IF(OR(AT27=16,AT27=15,AT27=8,AT27=13,AT27=1,AT27=9,AT27=20,AT27=21),BQ27*U27,IF(AT27=12,(BQ27+L27-V27)*U27,IF(OR(AT27=4,AT27=11),(BQ27*16/100+BQ27)*U27,IF(AT27=6,(BQ27+L27-V27)*U27,0))))) -> #VALUE! | AA27: =IF(OR(U27="",U27=0,V27=""),"",IF(OR(Z27=0,Z27=""),"",IF(Z27/U27>L27,L27*U27,Z27))) | AC27: =IF(C27="","",IF(C27-U27=0,"",C27-U27)) | AD27: =IF(AC27="","",AC27*L27) | AJ27: 16 | AM27: =BQ27 | AN27: =SUM(AK27:AM27) -> 0 | AO27: =IF(AND(COUNTIF(P27:T27,"x")=3,P27="X",S27="X",T27="X"),17,IF(COUNTIF(P27:T27,"x")=0,1,0)) -> 1 | AP27: =IF(AND(COUNTIF(P27:T27,"x")=2,P27="x",T27="X"),7,IF(AND(COUNTIF(P27:T27,"x")=1,P27="X"),4,IF(AND(COUNTIF(P27:T27,"x")=1,T27="X"),6,0))) -> 0 | AQ27: =IF(AND(COUNTIF(P27:T27,"x")=2,S27="X",R27="X"),9,IF(AND(COUNTIF(P27:T27,"x")=2,S27="X",P27="X"),11,IF(AND(COUNTIF(P27:T27,"x")=2,S27="X",T27="X"),12,IF(AND(COUNTIF(P27:T27,"x")=1,S27="X"),13,0)))) -> 0 | AR27: =IF(AND(COUNTIF(P27:T27,"x")=3,P27="X",R27="X",T27="X"),21,IF(AND(COUNTIF(P27:T27,"x")=1,R27="X"),8,IF(AND(COUNTIF(P27:T27,"x")=2,R27="X",P27="X"),15,IF(AND(COUNTIF(P27:T27,"x")=2,R27="X",T27="X"),16,0)))) -> 0 | AS27: =IF(AND(COUNTIF(P27:T27,"x")=4,P27="X",R27="X",S27="X",T27="X"),20,IF(AND(COUNTIF(P27:T27,"x")=3,R27="X",S27="X",T27="X"),20,IF(AND(COUNTIF(P27:T27,"x")=3,P27="X",R27="X",S27="X"),20,0))) -> 0 | AT27: =SUM(AO27:AS27) -> 1 | AU27: 12 | AV27: =IF(OR(U27="",AT27=20,AT27=21),0,IF(OR(AT27=8,AT27=9,AT27=15),0,IF(P27<>"",AA27,0))) -> 0 | AW27: =IF(OR(U27="",AT27=20,AT27=21),0,IF(OR(AT27=8,AT27=9,AT27=15),0,IF(P27<>"",U27,0))) -> 0 | AX27: =IF(OR(AT27=4,AT27=7),AV27,0) -> 0 | AY27: =IF(OR(AT27=11,AT27=17),AV27,0) -> 0 | AZ27: =IF(OR(U27="",AT27=20),0,IF(OR(AT27=4,AT27=5,AT27=6,AT27=7,AT27=3,AT27=1),U27,0)) -> 0 | BA27: =IF(OR(U27="",AT27=20),0,IF(OR(AT27=4,AT27=5,AT27=6,AT27=7,AT27=3,AT27=1),AA27,0)) -> 0 | BB27: =IF(AD27="",0,AD27) -> 0 | BC27: =IF(OR(AT27=20,U27=""),0,IF(OR(AT27=4,AT27=5,AT27=6,AT27=7,AT27=3,AT27=1),N27-BB27,0)) -> 0 | BD27: =IF(OR(U27="",AT27=20),0,IF(OR(AT27=8,AT27=14,AT27=15,AT27=16,AT27=21),U27,0)) -> 0 | BE27: =IF(OR(U27="",AT27=20),0,IF(OR(AT27=8,AT27=14,AT27=15,AT27=16,AT27=21),AA27,0)) -> 0 | BF27: =IF(OR(U27="",AT27=20),0,IF(OR(AT27=8,AT27=14,AT27=15,AT27=16,AT27=21),N27-BB27,0)) -> 0 | BG27: =IF(U27="",0,IF(OR(AT27=9,AT27=20),U27,0)) -> 0 | BH27: =IF(U27="",0,IF(OR(AT27=9,AT27=20),AA27,0)) -> 0 | BI27: =IF(U27="",0,IF(OR(AT27=9,AT27=20),N27-BB27,0)) -> 0 | BJ27: =IF(AT27=20,0,IF(OR(AT27=10,AT27=11,AT27=12,AT27=13,AT27=17,AT27=18),U27,0)) -> 0 | BK27: =IF(OR(U27="",AT27=20),0,IF(OR(AT27=10,AT27=11,AT27=12,AT27=13,AT27=17,AT27=18,),AA27,0)) -> 0 | BL27: =IF(OR(U27="",AT27=20),0,IF(OR(AT27=10,AT27=11,AT27=12,AT27=13,AT27=17,AT27=18),N27-BB27,0)) -> 0 | BN27: =IF(L27<V27,L27,V27) | BO27: =IF(OR(L27="",V27=""),0,L27-V27) -> 0 | BP27: =IF(E27="",0,E27-2) -> 0 | BQ27: =IF(OR(L27="",U27=""),"",IF(AND(E27=1,L27>=45),45,IF(AND(E27=1,L27<45),45,IF(AND(E27=2,L27>60),60,IF(AND(E27=2,L27<60),60,IF(AND(F27=3,L27>72),72,IF(AND(E27>2,BP27*12+60>L27),BP27*12+60,BP27*12+60)))))))
N28: =IF(OR(C28="",L28=""),"",L28*C28) | V28: =IF(OR(L28="",U28="",U28=0),"",IF(AND(OR(E28=1,E28=2),F28=3,L28>=72),72,IF(AND(E28=1,L28>=45),45,IF(AND(E28=1,L28<45),L28,IF(AND(E28=2,L28>60),60,IF(AND(E28=2,L28<60),L28,IF(AND(F28=3,L28>72),72,IF(AND(E28>2,BP28*12+60>L28),L28,BP28*12+60)))))))) | X28: =IF(AND(P28="x",S28="x",T28="x"),"",IF(AND(P28="X",R28="X",S28="X"),"",IF(OR(AT28=8,AT28=9,U28=""),"",IF(OR(AT28=4,AT28=11),BQ28*16/100,"")))) | Z28: =IF(OR(AT28=17,AT28=7),(BQ28*16/100+BQ28+L28-V28)*U28,IF(OR(AT28=16,AT28=15,AT28=8,AT28=13,AT28=1,AT28=9,AT28=20,AT28=21),BQ28*U28,IF(AT28=12,(BQ28+L28-V28)*U28,IF(OR(AT28=4,AT28=11),(BQ28*16/100+BQ28)*U28,IF(AT28=6,(BQ28+L28-V28)*U28,0))))) -> #VALUE! | AA28: =IF(OR(U28="",U28=0,V28=""),"",IF(OR(Z28=0,Z28=""),"",IF(Z28/U28>L28,L28*U28,Z28))) | AC28: =IF(C28="","",IF(C28-U28=0,"",C28-U28)) | AD28: =IF(AC28="","",AC28*L28) | AO28: =IF(AND(COUNTIF(P28:T28,"x")=3,P28="X",S28="X",T28="X"),17,IF(COUNTIF(P28:T28,"x")=0,1,0)) -> 1 | AP28: =IF(AND(COUNTIF(P28:T28,"x")=2,P28="x",T28="X"),7,IF(AND(COUNTIF(P28:T28,"x")=1,P28="X"),4,IF(AND(COUNTIF(P28:T28,"x")=1,T28="X"),6,0))) -> 0 | AQ28: =IF(AND(COUNTIF(P28:T28,"x")=2,S28="X",R28="X"),9,IF(AND(COUNTIF(P28:T28,"x")=2,S28="X",P28="X"),11,IF(AND(COUNTIF(P28:T28,"x")=2,S28="X",T28="X"),12,IF(AND(COUNTIF(P28:T28,"x")=1,S28="X"),13,0)))) -> 0 | AR28: =IF(AND(COUNTIF(P28:T28,"x")=3,P28="X",R28="X",T28="X"),21,IF(AND(COUNTIF(P28:T28,"x")=1,R28="X"),8,IF(AND(COUNTIF(P28:T28,"x")=2,R28="X",P28="X"),15,IF(AND(COUNTIF(P28:T28,"x")=2,R28="X",T28="X"),16,0)))) -> 0 | AS28: =IF(AND(COUNTIF(P28:T28,"x")=4,P28="X",R28="X",S28="X",T28="X"),20,IF(AND(COUNTIF(P28:T28,"x")=3,R28="X",S28="X",T28="X"),20,IF(AND(COUNTIF(P28:T28,"x")=3,P28="X",R28="X",S28="X"),20,0))) -> 0 | AT28: =SUM(AO28:AS28) -> 1 | AU28: 13 | AV28: =IF(OR(U28="",AT28=20,AT28=21),0,IF(OR(AT28=8,AT28=9,AT28=15),0,IF(P28<>"",AA28,0))) -> 0 | AW28: =IF(OR(U28="",AT28=20,AT28=21),0,IF(OR(AT28=8,AT28=9,AT28=15),0,IF(P28<>"",U28,0))) -> 0 | AX28: =IF(OR(AT28=4,AT28=7),AV28,0) -> 0 | AY28: =IF(OR(AT28=11,AT28=17),AV28,0) -> 0 | AZ28: =IF(OR(U28="",AT28=20),0,IF(OR(AT28=4,AT28=5,AT28=6,AT28=7,AT28=3,AT28=1),U28,0)) -> 0 | BA28: =IF(OR(U28="",AT28=20),0,IF(OR(AT28=4,AT28=5,AT28=6,AT28=7,AT28=3,AT28=1),AA28,0)) -> 0 | BB28: =IF(AD28="",0,AD28) -> 0 | BC28: =IF(OR(AT28=20,U28=""),0,IF(OR(AT28=4,AT28=5,AT28=6,AT28=7,AT28=3,AT28=1),N28-BB28,0)) -> 0 | BD28: =IF(OR(U28="",AT28=20),0,IF(OR(AT28=8,AT28=14,AT28=15,AT28=16,AT28=21),U28,0)) -> 0 | BE28: =IF(OR(U28="",AT28=20),0,IF(OR(AT28=8,AT28=14,AT28=15,AT28=16,AT28=21),AA28,0)) -> 0 | BF28: =IF(OR(U28="",AT28=20),0,IF(OR(AT28=8,AT28=14,AT28=15,AT28=16,AT28=21),N28-BB28,0)) -> 0 | BG28: =IF(U28="",0,IF(OR(AT28=9,AT28=20),U28,0)) -> 0 | BH28: =IF(U28="",0,IF(OR(AT28=9,AT28=20),AA28,0)) -> 0 | BI28: =IF(U28="",0,IF(OR(AT28=9,AT28=20),N28-BB28,0)) -> 0 | BJ28: =IF(AT28=20,0,IF(OR(AT28=10,AT28=11,AT28=12,AT28=13,AT28=17,AT28=18),U28,0)) -> 0 | BK28: =IF(OR(U28="",AT28=20),0,IF(OR(AT28=10,AT28=11,AT28=12,AT28=13,AT28=17,AT28=18,),AA28,0)) -> 0 | BL28: =IF(OR(U28="",AT28=20),0,IF(OR(AT28=10,AT28=11,AT28=12,AT28=13,AT28=17,AT28=18),N28-BB28,0)) -> 0 | BN28: =IF(L28<V28,L28,V28) | BO28: =IF(OR(L28="",V28=""),0,L28-V28) -> 0 | BP28: =IF(E28="",0,E28-2) -> 0 | BQ28: =IF(OR(L28="",U28=""),"",IF(AND(E28=1,L28>=45),45,IF(AND(E28=1,L28<45),45,IF(AND(E28=2,L28>60),60,IF(AND(E28=2,L28<60),60,IF(AND(F28=3,L28>72),72,IF(AND(E28>2,BP28*12+60>L28),BP28*12+60,BP28*12+60)))))))
N29: =IF(OR(C29="",L29=""),"",L29*C29) | V29: =IF(OR(L29="",U29="",U29=0),"",IF(AND(OR(E29=1,E29=2),F29=3,L29>=72),72,IF(AND(E29=1,L29>=45),45,IF(AND(E29=1,L29<45),L29,IF(AND(E29=2,L29>60),60,IF(AND(E29=2,L29<60),L29,IF(AND(F29=3,L29>72),72,IF(AND(E29>2,BP29*12+60>L29),L29,BP29*12+60)))))))) | X29: =IF(AND(P29="x",S29="x",T29="x"),"",IF(AND(P29="X",R29="X",S29="X"),"",IF(OR(AT29=8,AT29=9,U29=""),"",IF(OR(AT29=4,AT29=11),BQ29*16/100,"")))) | Z29: =IF(OR(AT29=17,AT29=7),(BQ29*16/100+BQ29+L29-V29)*U29,IF(OR(AT29=16,AT29=15,AT29=8,AT29=13,AT29=1,AT29=9,AT29=20,AT29=21),BQ29*U29,IF(AT29=12,(BQ29+L29-V29)*U29,IF(OR(AT29=4,AT29=11),(BQ29*16/100+BQ29)*U29,IF(AT29=6,(BQ29+L29-V29)*U29,0))))) -> #VALUE! | AA29: =IF(OR(U29="",U29=0,V29=""),"",IF(OR(Z29=0,Z29=""),"",IF(Z29/U29>L29,L29*U29,Z29))) | AC29: =IF(C29="","",IF(C29-U29=0,"",C29-U29)) | AD29: =IF(AC29="","",AC29*L29) | AO29: =IF(AND(COUNTIF(P29:T29,"x")=3,P29="X",S29="X",T29="X"),17,IF(COUNTIF(P29:T29,"x")=0,1,0)) -> 1 | AP29: =IF(AND(COUNTIF(P29:T29,"x")=2,P29="x",T29="X"),7,IF(AND(COUNTIF(P29:T29,"x")=1,P29="X"),4,IF(AND(COUNTIF(P29:T29,"x")=1,T29="X"),6,0))) -> 0 | AQ29: =IF(AND(COUNTIF(P29:T29,"x")=2,S29="X",R29="X"),9,IF(AND(COUNTIF(P29:T29,"x")=2,S29="X",P29="X"),11,IF(AND(COUNTIF(P29:T29,"x")=2,S29="X",T29="X"),12,IF(AND(COUNTIF(P29:T29,"x")=1,S29="X"),13,0)))) -> 0 | AR29: =IF(AND(COUNTIF(P29:T29,"x")=3,P29="X",R29="X",T29="X"),21,IF(AND(COUNTIF(P29:T29,"x")=1,R29="X"),8,IF(AND(COUNTIF(P29:T29,"x")=2,R29="X",P29="X"),15,IF(AND(COUNTIF(P29:T29,"x")=2,R29="X",T29="X"),16,0)))) -> 0 | AS29: =IF(AND(COUNTIF(P29:T29,"x")=4,P29="X",R29="X",S29="X",T29="X"),20,IF(AND(COUNTIF(P29:T29,"x")=3,R29="X",S29="X",T29="X"),20,IF(AND(COUNTIF(P29:T29,"x")=3,P29="X",R29="X",S29="X"),20,0))) -> 0 | AT29: =SUM(AO29:AS29) -> 1 | AU29: 14 | AV29: =IF(OR(U29="",AT29=20,AT29=21),0,IF(OR(AT29=8,AT29=9,AT29=15),0,IF(P29<>"",AA29,0))) -> 0 | AW29: =IF(OR(U29="",AT29=20,AT29=21),0,IF(OR(AT29=8,AT29=9,AT29=15),0,IF(P29<>"",U29,0))) -> 0 | AX29: =IF(OR(AT29=4,AT29=7),AV29,0) -> 0 | AY29: =IF(OR(AT29=11,AT29=17),AV29,0) -> 0 | AZ29: =IF(OR(U29="",AT29=20),0,IF(OR(AT29=4,AT29=5,AT29=6,AT29=7,AT29=3,AT29=1),U29,0)) -> 0 | BA29: =IF(OR(U29="",AT29=20),0,IF(OR(AT29=4,AT29=5,AT29=6,AT29=7,AT29=3,AT29=1),AA29,0)) -> 0 | BB29: =IF(AD29="",0,AD29) -> 0 | BC29: =IF(OR(AT29=20,U29=""),0,IF(OR(AT29=4,AT29=5,AT29=6,AT29=7,AT29=3,AT29=1),N29-BB29,0)) -> 0 | BD29: =IF(OR(U29="",AT29=20),0,IF(OR(AT29=8,AT29=14,AT29=15,AT29=16,AT29=21),U29,0)) -> 0 | BE29: =IF(OR(U29="",AT29=20),0,IF(OR(AT29=8,AT29=14,AT29=15,AT29=16,AT29=21),AA29,0)) -> 0 | BF29: =IF(OR(U29="",AT29=20),0,IF(OR(AT29=8,AT29=14,AT29=15,AT29=16,AT29=21),N29-BB29,0)) -> 0 | BG29: =IF(U29="",0,IF(OR(AT29=9,AT29=20),U29,0)) -> 0 | BH29: =IF(U29="",0,IF(OR(AT29=9,AT29=20),AA29,0)) -> 0 | BI29: =IF(U29="",0,IF(OR(AT29=9,AT29=20),N29-BB29,0)) -> 0 | BJ29: =IF(AT29=20,0,IF(OR(AT29=10,AT29=11,AT29=12,AT29=13,AT29=17,AT29=18),U29,0)) -> 0 | BK29: =IF(OR(U29="",AT29=20),0,IF(OR(AT29=10,AT29=11,AT29=12,AT29=13,AT29=17,AT29=18,),AA29,0)) -> 0 | BL29: =IF(OR(U29="",AT29=20),0,IF(OR(AT29=10,AT29=11,AT29=12,AT29=13,AT29=17,AT29=18),N29-BB29,0)) -> 0 | BN29: =IF(L29<V29,L29,V29) | BO29: =IF(OR(L29="",V29=""),0,L29-V29) -> 0 | BP29: =IF(E29="",0,E29-2) -> 0 | BQ29: =IF(OR(L29="",U29=""),"",IF(AND(E29=1,L29>=45),45,IF(AND(E29=1,L29<45),45,IF(AND(E29=2,L29>60),60,IF(AND(E29=2,L29<60),60,IF(AND(F29=3,L29>72),72,IF(AND(E29>2,BP29*12+60>L29),BP29*12+60,BP29*12+60)))))))
N30: =IF(OR(C30="",L30=""),"",L30*C30) | V30: =IF(OR(L30="",U30="",U30=0),"",IF(AND(OR(E30=1,E30=2),F30=3,L30>=72),72,IF(AND(E30=1,L30>=45),45,IF(AND(E30=1,L30<45),L30,IF(AND(E30=2,L30>60),60,IF(AND(E30=2,L30<60),L30,IF(AND(F30=3,L30>72),72,IF(AND(E30>2,BP30*12+60>L30),L30,BP30*12+60)))))))) | X30: =IF(AND(P30="x",S30="x",T30="x"),"",IF(AND(P30="X",R30="X",S30="X"),"",IF(OR(AT30=8,AT30=9,U30=""),"",IF(OR(AT30=4,AT30=11),BQ30*16/100,"")))) | Z30: =IF(OR(AT30=17,AT30=7),(BQ30*16/100+BQ30+L30-V30)*U30,IF(OR(AT30=16,AT30=15,AT30=8,AT30=13,AT30=1,AT30=9,AT30=20,AT30=21),BQ30*U30,IF(AT30=12,(BQ30+L30-V30)*U30,IF(OR(AT30=4,AT30=11),(BQ30*16/100+BQ30)*U30,IF(AT30=6,(BQ30+L30-V30)*U30,0))))) -> #VALUE! | AA30: =IF(OR(U30="",U30=0,V30=""),"",IF(OR(Z30=0,Z30=""),"",IF(Z30/U30>L30,L30*U30,Z30))) | AC30: =IF(C30="","",IF(C30-U30=0,"",C30-U30)) | AD30: =IF(AC30="","",AC30*L30) | AO30: =IF(AND(COUNTIF(P30:T30,"x")=3,P30="X",S30="X",T30="X"),17,IF(COUNTIF(P30:T30,"x")=0,1,0)) -> 1 | AP30: =IF(AND(COUNTIF(P30:T30,"x")=2,P30="x",T30="X"),7,IF(AND(COUNTIF(P30:T30,"x")=1,P30="X"),4,IF(AND(COUNTIF(P30:T30,"x")=1,T30="X"),6,0))) -> 0 | AQ30: =IF(AND(COUNTIF(P30:T30,"x")=2,S30="X",R30="X"),9,IF(AND(COUNTIF(P30:T30,"x")=2,S30="X",P30="X"),11,IF(AND(COUNTIF(P30:T30,"x")=2,S30="X",T30="X"),12,IF(AND(COUNTIF(P30:T30,"x")=1,S30="X"),13,0)))) -> 0 | AR30: =IF(AND(COUNTIF(P30:T30,"x")=3,P30="X",R30="X",T30="X"),21,IF(AND(COUNTIF(P30:T30,"x")=1,R30="X"),8,IF(AND(COUNTIF(P30:T30,"x")=2,R30="X",P30="X"),15,IF(AND(COUNTIF(P30:T30,"x")=2,R30="X",T30="X"),16,0)))) -> 0 | AS30: =IF(AND(COUNTIF(P30:T30,"x")=4,P30="X",R30="X",S30="X",T30="X"),20,IF(AND(COUNTIF(P30:T30,"x")=3,R30="X",S30="X",T30="X"),20,IF(AND(COUNTIF(P30:T30,"x")=3,P30="X",R30="X",S30="X"),20,0))) -> 0 | AT30: =SUM(AO30:AS30) -> 1 | AU30: 15 | AV30: =IF(OR(U30="",AT30=20,AT30=21),0,IF(OR(AT30=8,AT30=9,AT30=15),0,IF(P30<>"",AA30,0))) -> 0 | AW30: =IF(OR(U30="",AT30=20,AT30=21),0,IF(OR(AT30=8,AT30=9,AT30=15),0,IF(P30<>"",U30,0))) -> 0 | AX30: =IF(OR(AT30=4,AT30=7),AV30,0) -> 0 | AY30: =IF(OR(AT30=11,AT30=17),AV30,0) -> 0 | AZ30: =IF(OR(U30="",AT30=20),0,IF(OR(AT30=4,AT30=5,AT30=6,AT30=7,AT30=3,AT30=1),U30,0)) -> 0 | BA30: =IF(OR(U30="",AT30=20),0,IF(OR(AT30=4,AT30=5,AT30=6,AT30=7,AT30=3,AT30=1),AA30,0)) -> 0 | BB30: =IF(AD30="",0,AD30) -> 0 | BC30: =IF(OR(AT30=20,U30=""),0,IF(OR(AT30=4,AT30=5,AT30=6,AT30=7,AT30=3,AT30=1),N30-BB30,0)) -> 0 | BD30: =IF(OR(U30="",AT30=20),0,IF(OR(AT30=8,AT30=14,AT30=15,AT30=16,AT30=21),U30,0)) -> 0 | BE30: =IF(OR(U30="",AT30=20),0,IF(OR(AT30=8,AT30=14,AT30=15,AT30=16,AT30=21),AA30,0)) -> 0 | BF30: =IF(OR(U30="",AT30=20),0,IF(OR(AT30=8,AT30=14,AT30=15,AT30=16,AT30=21),N30-BB30,0)) -> 0 | BG30: =IF(U30="",0,IF(OR(AT30=9,AT30=20),U30,0)) -> 0 | BH30: =IF(U30="",0,IF(OR(AT30=9,AT30=20),AA30,0)) -> 0 | BI30: =IF(U30="",0,IF(OR(AT30=9,AT30=20),N30-BB30,0)) -> 0 | BJ30: =IF(AT30=20,0,IF(OR(AT30=10,AT30=11,AT30=12,AT30=13,AT30=17,AT30=18),U30,0)) -> 0 | BK30: =IF(OR(U30="",AT30=20),0,IF(OR(AT30=10,AT30=11,AT30=12,AT30=13,AT30=17,AT30=18,),AA30,0)) -> 0 | BL30: =IF(OR(U30="",AT30=20),0,IF(OR(AT30=10,AT30=11,AT30=12,AT30=13,AT30=17,AT30=18),N30-BB30,0)) -> 0 | BN30: =IF(L30<V30,L30,V30) | BO30: =IF(OR(L30="",V30=""),0,L30-V30) -> 0 | BP30: =IF(E30="",0,E30-2) -> 0 | BQ30: =IF(OR(L30="",U30=""),"",IF(AND(E30=1,L30>=45),45,IF(AND(E30=1,L30<45),45,IF(AND(E30=2,L30>60),60,IF(AND(E30=2,L30<60),60,IF(AND(F30=3,L30>72),72,IF(AND(E30>2,BP30*12+60>L30),BP30*12+60,BP30*12+60)))))))
O32: Seite 3 | U32: Seite 3a | Z32: Summe Seite 3 und 3 a
O34: Anzahl | Q34: Fläche (m²) | U34: Anzahl | W34: Fläche (m²) | Z34: Anzahl | AA34: Anzahl | AB34: Summe Wohnfläche | AZ34: Zeile 52 | BD34: Zeile 56 | BG34: Zeile 54 | BJ34: Zeile 50
C36: Wohnungen | O36: =IF(SUM(C15:D30)=0,"",(SUM(C15:D30))) | Q36: =IF(SUM(N15:N30)=0,"",SUM(N15:N30)) | U36: =IF(SUM('Gebäude-3a'!C7:D52)=0,"",SUM('Gebäude-3a'!C7:D52)) | W36: =IF(SUM('Gebäude-3a'!N7:O52)=0,"",SUM('Gebäude-3a'!N7:O52)) | AA36: =IF(AND(O36="",U36=""),"",SUM(O36,U36)) | AB36: =IF(AND(Q36="",W36=""),"",SUM(Q36,W36)) | AP36: =IF(SUM(N15:O30)-SUM(AD15:AE30)=0,"",SUM(N15:O30)-SUM(AD15:AE30)) | AU36: =IF(SUM(AA15:AB30)=0,0,SUM(AA15:AB30)) -> 0 | AV36: =IF(SUM(U15:U30)=0,"",SUM(U15:U30)) | AW36: ='Gebäude-3a'!BI65 -> 0 | AX36: =SUM(AX15:AX30) -> 0 | AY36: =SUM(AY15:AY30) -> 0 | AZ36: =IF(SUM(AZ15:AZ30)=0,0,SUM(AZ15:AZ30)) -> 0 | BA36: =IF(SUM(BA15:BA30)=0,0,SUM(BA15:BA30)) -> 0 | BB36: =IF(SUM(BB15:BB30)=0,0,SUM(BB15:BB30)) -> 0 | BC36: =IF(SUM(BC15:BC30)=0,0,SUM(BC15:BC30)) -> 0 | BD36: =IF(SUM(BD15:BD30)=0,0,SUM(BD15:BD30)) -> 0 | BE36: =IF(SUM(BE15:BE30)=0,0,SUM(BE15:BE30)) -> 0 | BF36: =IF(SUM(BF15:BF30)=0,0,SUM(BF15:BF30)) -> 0 | BG36: =IF(SUM(BG15:BG30)=0,0,SUM(BG15:BG30)) -> 0 | ... BL36: =IF(SUM(BL15:BL30)=0,0,SUM(BL15:BL30)) -> 0
C38: Wohnungsbestand | AP38: ='Gebäude-3a'!AR60 | AU38: ='Gebäude-3a'!AW63 -> 0 | AV38: ='Gebäude-3a'!AS60 -> 0 | AX38: ='Gebäude-3a'!AZ60 -> 0 | AY38: ='Gebäude-3a'!BA60 -> 0 | AZ38: ='Gebäude-3a'!BC60 -> 0 | BA38: ='Gebäude-3a'!BD60 -> 0 | BB38: ='Gebäude-3a'!BB60 -> 0 | BC38: ='Gebäude-3a'!BE60 -> 0 | BD38: ='Gebäude-3a'!BF60 -> 0 | BE38: ='Gebäude-3a'!BG60 -> 0 | BF38: ='Gebäude-3a'!BH60 -> 0 | BG38: ='Gebäude-3a'!BI60 -> 0 | BH38: ='Gebäude-3a'!BJ60 -> 0 | BI38: ='Gebäude-3a'!BK60 -> 0 | BJ38: ='Gebäude-3a'!BL60 -> 0 | ... BL38: ='Gebäude-3a'!BN60 -> 0
C40: Gewerbeflächen | AP40: =SUM(AU15:AU30) -> 120 | AU40: =IF(SUM(AV15:AV30)=0,"",SUM(AV15:AV30)) | AV40: =IF(SUM(AW15:AW30)=0,0,SUM(AW15:AW30)) -> 0 | AW40: ='Gebäude-3a'!BI68 -> 0
C42: Gemeinschaftsraum/-räume | AP42: ='Gebäude-3a'!AW60 -> 0 | AU42: ='Gebäude-3a'!AX60 -> 0 | AV42: =IF(SUM(AY15:AY30)=0,"",SUM(AY15:AY30)) | AW42: ='Gebäude-3a'!BI69 -> 0 | AZ42: =SUM(AZ36:AZ38)+SUM(BD36:BD38)+SUM(BG36:BG38)+SUM(BJ36:BJ38) -> 0 | BB42: =BB36+BB38 -> 0
C44: Wohnungen aus weiterem Förderantrag* | AP44: ='Gebäude-3a'!AW61 -> 0 | AU44: ='Gebäude-3a'!AX61 -> 0 | AV44: =IF(SUM(AY16:AY31)=0,"",SUM(AY16:AY31)) | AW44: ='Gebäude-3a'!BI70 -> 0 | AZ44: =SUM(AZ37:AZ39)+SUM(BD37:BD39)+SUM(BG37:BG39)+SUM(BJ37:BJ39) -> 0 | BB44: =BB37+BB39 -> 0
C46: tatsächliche Fläche der gef. WE | O46: =IF(AV36=0,"",AV36) | Q46: =IF(AP36=0,"",AP36) | U46: =IF(AV38=0,"",AV38) | W46: =IF(AP38=0,"",AP38) | AA46: =IF(AND(O46="",U46=""),"",SUM(O46,U46)) | AB46: =IF(AND(Q46="",W46=""),"",SUM(Q46,W46)) | AU46: =IF(SUM(AD15:AE30)=0,0,SUM(AD15:AE30)) -> 0 | AV46: =IF(SUM(AC15:AC30)=0,0,SUM(AC15:AC30)) -> 0 | AW46: ='Gebäude-3a'!AX63 -> 0
C48: förderfähige Wohnfläche | O48: =IF(AV36=0,"",AV36) | Q48: =IF(AU36=0,"",AU36) | U48: =IF(AV38=0,"",AV38) | W48: =IF(AU38=0,"",AU38) | AA48: =IF(AND(O48="",U48=""),"",SUM(O48,U48)) | AB48: =IF(AND(Q48="",W48=""),"",SUM(Q48,W48)) | AU48: ='Gebäude-3a'!AW65
C50: davon Fläche gem. DIN 18040 mit "R" | O50: =IF(AV40=0,"",AV40) | Q50: =IF(AU40=0,"",AU40) | U50: =IF(AW40=0,"",AW40) | W50: =IF(AU42=0,"",AU42) | AA50: =IF(AND(O50="",U50=""),"",SUM(O50,U50)) | AB50: =IF(AND(Q50="",W50=""),"",SUM(Q50,W50))
C52: davon mittlere Einkommen | O52: =IF(BJ36=0,"",BJ36) | Q52: =IF(BK36=0,"",BK36) | U52: =IF(BJ38=0,"",BJ38) | W52: =IF(BK38=0,"",BK38) | AA52: =IF(AND(O52="",U52=""),"",SUM(O52,U52)) | AB52: =IF(AND(Q52="",W52=""),"",SUM(Q52,W52)) | AO52: nicht förderfähiger Anteil Gemeinschaftsraum | AW52: =IF(AB60="",0,AB60/AB36*100) -> 0
A54: =TODAY() -> 46316 | C54: davon geringe Einkommen | O54: =IF(AZ36=0,"",AZ36) | Q54: =IF(BA36=0,"",BA36) | U54: =IF(AZ38=0,"",AZ38) | W54: =IF(BA38=0,"",BA38) | AA54: =IF(AND(O54="",U54=""),"",SUM(O54,U54)) | AB54: =IF(AND(Q54="",W54=""),"",SUM(Q54,W54))
C56: davon mittelb. Belegung, mittl. EK | O56: =IF(BG36=0,"",BG36) | Q56: =IF(BH36=0,"",BH36) | U56: =IF(BG38=0,"",BG38) | W56: =IF(BH38=0,"",BH38) | AA56: =IF(AND(O56="",U56=""),"",SUM(O56,U56)) | AB56: =IF(AND(Q56="",W56=""),"",SUM(Q56,W56)) | AO56: Gesamtfläche | AV56: =AB36
C58: davon mittelb. Belegung, ger. EK | O58: =IF(BD36=0,"",BD36) | Q58: =IF(BE36=0,"",BE36) | U58: =IF(BD38=0,"",BD38) | W58: =IF(BE38=0,"",BE38) | AA58: =IF(SUM(O58,U58)=0,"",SUM(O58,U58)) | AB58: =IF(SUM(Q58,W58)=0,"",SUM(Q58,W58)) | AO58: geringe EK | AV58: =SUM(BC36:BC38) -> 0 | AY58: =IF(OR(AV58="",AV56=""),0,AV58/AV56*100) -> 0
C60: nicht geförderte Wohnungen | O60: =IF(AV46=0,"",AV46) | Q60: =IF(AU46=0,"",AU46) | U60: =IF(AW46=0,"",AW46) | W60: =IF(AU48=0,"",AU48) | AA60: =IF(SUM(O60,U60)=0,"",SUM(O60,U60)) | AB60: =IF(SUM(Q60,W60)=0,"",SUM(Q60,W60)) | AL60: =SUM(AB52:AE59) -> 0 | AO60: mittlere EK | AV60: =SUM(BL36:BL38) -> 0 | AY60: =IF(OR(AV60="",AV56=""),0,AV60/AV56*100) -> 0
C62: Anzahl Abstellplätze im Freien | Q62: Anzahl Garagen | AA62: Anzahl Einstellplätze / TG
C64: 7.1.4 | E64: Aufzüge
C65: Anzahl der neu einzubauenden Aufzüge
C67: 7.1.5 | E67: Umbauter Raum
C68: Art | I68: m³ Hauptgebäude | O68: m³ Tiefgarage | T68: m³ Gesamt | AA68: *Hinweis: Bei Kombi-Anträgen (z.B. Mietwohnungsbau und Wohnen für Studenten/Auszubildende) hier nur Wohnungsanzahl und tatsächliche Fläche eingeben und entsprechende Daten in 'Kosten und Finanzierung' + 'Wirtschaftlichkeitsberechnung' ergänzen.
C69: Wohnraum | T69: =IF(SUM(I69:S69)=0,"",SUM(I69:S69))
C70: Gewerbe | T70: =IF(SUM(I70:S70)=0,"",SUM(I70:S70))
C71: Summen | I71: =IF(SUM(I69:N70)=0,"",SUM(I69:N70)) | O71: =IF(SUM(O69:P70)=0,"",SUM(O69:P70)) | T71: =IF(SUM(I71:S71)=0,"",SUM(I71:S71))
B74: Antragsteller: | G74: =IF(Antrag!$D$12="","",Antrag!$D$12) | AF74: Seite 3 von Seite 9

Sheet Gebäude-3a
C2: 7.1.3 | E2: Wohneinheiten / Förderung | P2: bitte mit X markieren | AQ2: 1 | AR2: 2 | AS2: 3 | AT2: 3a | AV2: 4 | AW2: 5 | AX2: 6 | AY2: 7 | AZ2: 8 | BC2: 9 | BD2: 10 | BE2: 11 | BF2: 12 | BG2: 13 | BH2: 14 | BI2: 15 | BJ2: 16 | BK2: 17 | BL2: 18 | BM2: 19 | BN2: 20
AT3: =IF(AND(COUNTIF(P15:T15,"x")=1,R15="X"),8,IF(AND(COUNTIF(P15:T15,"x")=2,R15="X",Q15="X"),14,IF(AND(COUNTIF(P15:T15,"x")=2,R15="X",P15="X"),15,IF(AND(COUNTIF(P15:T15,"x")=2,R15="X",T15="X"),16,0)))) -> 0
C4: An- zahl WE | E4: je Wohneinheit | P4: DIN 18 040 mit "R" | Q4: DIN 18 040 ohne "R" | R4: Mittelbare Belegung | S4: Mittlere Einkommen | T4: Maßnahmen im Gebäudebestand | U4: davon geförderte WE | AG4: davon nicht geförderte WE | AJ4: nachrichtlich: | AQ4: Standard 2 | AR4: Standard 1 | AS4: Mittlere Einkommen | AT4: Mittelbare Belegung | AV4: Summe | AW4: Wohnfläche Teil 2 | AX4: Wohnfläche Teil 1 | AY4: Anzahl DIN 18040 "R" | AZ4: DIN 18040 für geringe EK | BA4: DIN 18040 für mittlere EK | BB4: freie Wohnungen | BC4: WE geringe Einkommen | BD4: Wf geringe Einkommen | BE4: Wf tats. geringe Einkommen | BF4: WE mittelbare Belegung in Kombi | BG4: WF mittelb. Belegung in Kombi. | BH4: WF tat. mittelb. Belegung in Kombi. | BI4: WE mittelb. Belegung | BJ4: WF mittelb. Belegung | BK4: Mittelbare Belegung WF tat | BL4: WE Mittlere Einkommen | BM4: Mittlere Einkommen WF | BN4: WF tats. Mittere Einkommen
E5: Personen | F5: Zimmer | H5: Küche | I5: Bad / WC | K5: zusätzl. WC | L5: Wohn- fläche in m² | N5: Gesamt- wohnfläche m² | U5: Obergrenze | AB5: max. Zusatz-fläche | AE5: Summe | AJ5: Wohnungsnummer(n) gem. beigefügten Grundrissen, Raumbuch, Wfl-Berechnung
U6: WE | V6: WF | W6: Differenz SOLL-IST | Z6: Wohn-fläche m² | AB6: DIN 18040 mit "R" | AC6: §16 | AD6: DIN 18040 ohne "R" | AE6: förderfähige Wohnfläche m² | AG6: WE | AH6: Wohn- fläche m²
N7: =IF(OR(C7="",L7=""),"",L7*C7) | V7: =IF(L7<Z7,L7,Z7) | W7: =IF(OR(L7="",Z7=""),0,L7-Z7) -> 0 | X7: =IF(E7="",0,E7-2) -> 0 | Y7: =IF(OR(L7="",U7=""),"",IF(AND(E7=1,L7>=45),45,IF(AND(E7=1,L7<45),45,IF(AND(E7=2,L7>60),60,IF(AND(E7=2,L7<60),60,IF(AND(F7=3,L7>72),72,IF(AND(E7>2,X7*12+60>L7),X7*12+60,X7*12+60))))))) | Z7: =IF(OR(L7="",U7="",U7=0),"",IF(AND(E7=1,L7>=45),45,IF(AND(E7=1,L7<45),L7,IF(AND(E7=2,L7>60),60,IF(AND(E7=2,L7<60),L7,IF(AND(F7=3,L7>72),72,IF(AND(E7>2,X7*12+60>L7),L7,X7*12+60))))))) | AB7: =IF(AND(P7="x",S7="x",T7="x"),"",IF(AND(P7="x",R7="x",S7="x"),"",IF(OR(AV7=8,AV7=9,U7=""),"",IF(OR(AV7=4,AV7=11),Z7*16/100,"")))) | AD7: =IF(OR(AV7=17,AV7=7),(Z7*16/100+Z7+L7-Z7)*U7,IF(OR(AV7=16,AV7=15,AV7=8,AV7=13,AV7=1,AV7=9,AV7=20,AV7=21),Z7*U7,IF(AV7=12,(Z7+L7-Z7)*U7,IF(OR(AV7=4,AV7=11),(Z7*16/100+Z7)*U7,IF(AV7=6,(Z7+L7-Z7)*U7,0))))) -> #VALUE! | AE7: =IF(OR(U7="",Z7="",Z7=0),"",IF(AD7=0,"",IF(AD7/U7>L7,L7*U7,AD7))) | AG7: =IF(C7="","",IF(C7-U7=0,"",C7-U7)) | AH7: =IF(AG7="","",AG7*L7) | AQ7: =IF(AND(COUNTIF(P7:T7,"X")=3,P7="X",S7="X",T7="X"),17,IF(COUNTIF(P7:T7,"x")=0,1,0)) -> 1 | AR7: =IF(AND(COUNTIF(P7:T7,"x")=2,P7="x",T7="X"),7,IF(AND(COUNTIF(P7:T7,"x")=1,P7="X"),4,IF(AND(COUNTIF(P7:T7,"x")=1,T7="X"),6,0))) -> 0 | AS7: =IF(AND(COUNTIF(P7:T7,"x")=2,S7="X",R7="X"),9,IF(AND(COUNTIF(P7:T7,"x")=2,S7="X",P7="X"),11,IF(AND(COUNTIF(P7:T7,"x")=2,S7="X",T7="X"),12,IF(AND(COUNTIF(P7:T7,"x")=1,S7="X"),13,0)))) -> 0 | AT7: =IF(AND(COUNTIF(P7:T7,"X")=3,P7="X",R7="X",T7="X"),21,IF(AND(COUNTIF(P7:T7,"x")=1,R7="X"),8,IF(AND(COUNTIF(P7:T7,"x")=2,R7="X",P7="X"),15,IF(AND(COUNTIF(P7:T7,"x")=2,R7="X",T7="X"),16,0)))) -> 0 | AU7: =IF(AND(COUNTIF(P7:T7,"x")=4,P7="X",R7="X",S7="X",T7="X"),20,IF(AND(COUNTIF(P7:T7,"x")=3,R7="X",S7="X",T7="X"),20,IF(AND(COUNTIF(P7:T7,"x")=3,P7="X",R7="X",S7="X"),20,0))) -> 0 | AV7: =SUM(AQ7:AU7) -> 1 | AW7: =IF(U7="",0,IF(OR(AV7=8,AV7=9,AV7=14,AV7=20),0,IF(Q7<>"",AE7,0))) -> 0 | AX7: =IF(U7="",0,IF(OR(AV7=8,AV7=9,AV7=15,AV7=20,AV7=21),0,IF(P7<>"",AE7,0))) -> 0 | AY7: =IF(U7="",0,IF(OR(AV7=8,AV7=9,AV7=15,AV7=20,AV7=21),0,IF(P7<>"",U7,0))) -> 0 | AZ7: =IF(OR(AV7=4,AV7=7),AX7,0) -> 0 | BA7: =IF(OR(AV7=11,AV7=17),AX7,0) -> 0 | BB7: =IF(AH7="",0,AH7) -> 0 | BC7: =IF(OR(U7="",AV7=20),0,IF(OR(AV7=4,AV7=5,AV7=6,AV7=7,AV7=3,AV7=1),U7,0)) -> 0 | BD7: =IF(U7="",0,IF(OR(AV7=4,AV7=5,AV7=6,AV7=7,AV7=3,AV7=1,AV7=20),AE7,0)) -> 0 | BE7: =IF(U7="",0,IF(OR(AV7=4,AV7=5,AV7=6,AV7=7,AV7=3,AV7=1,AV7=20),N7-BB7,0)) -> 0 | BF7: =IF(OR(U7="",AV7=20),0,IF(OR(AV7=8,AV7=14,AV7=15,AV7=16,AV7=21),U7,0)) -> 0 | BG7: =IF(OR(U7="",AV7=20),0,IF(OR(AV7=8,AV7=14,AV7=15,AV7=16,AV7=21),AE7,0)) -> 0 | BH7: =IF(OR(U7="",AV7=20),0,IF(OR(AV7=8,AV7=14,AV7=15,AV7=16,AV7=21),N7-BB7,0)) -> 0 | BI7: =IF(U7="",0,IF(OR(AV7=9,AV7=20),U7,0)) -> 0 | BJ7: =IF(U7="",0,IF(OR(AV7=9,AV7=20),AE7,0)) -> 0 | BK7: =IF(U7="",0,IF(OR(AV7=9,AV7=20),N7-BB7,0)) -> 0 | BL7: =IF(OR(U7="",AV7=20),0,IF(OR(AV7=10,AV7=11,AV7=12,AV7=13,AV7=17,AV7=18),U7,0)) -> 0 | BM7: =IF(OR(U7="",AV7=20),0,IF(OR(AV7=10,AV7=11,AV7=12,AV7=13,AV7=17,AV7=18),AE7,0)) -> 0 | BN7: =IF(OR(U7="",AV7=20),0,IF(OR(AV7=10,AV7=11,AV7=12,AV7=13,AV7=17,AV7=18),N7-BB7,0)) -> 0
N8: =IF(OR(C8="",L8=""),"",L8*C8) | V8: =IF(L8<Z8,L8,Z8) | W8: =IF(OR(L8="",Z8=""),0,L8-Z8) -> 0 | X8: =IF(E8="",0,E8-2) -> 0 | Y8: =IF(OR(L8="",U8=""),"",IF(AND(E8=1,L8>=45),45,IF(AND(E8=1,L8<45),45,IF(AND(E8=2,L8>60),60,IF(AND(E8=2,L8<60),60,IF(AND(F8=3,L8>72),72,IF(AND(E8>2,X8*12+60>L8),X8*12+60,X8*12+60))))))) | Z8: =IF(OR(L8="",U8="",U8=0),"",IF(AND(E8=1,L8>=45),45,IF(AND(E8=1,L8<45),L8,IF(AND(E8=2,L8>60),60,IF(AND(E8=2,L8<60),L8,IF(AND(F8=3,L8>72),72,IF(AND(E8>2,X8*12+60>L8),L8,X8*12+60))))))) | AB8: =IF(AND(P8="x",S8="x",T8="x"),"",IF(AND(P8="x",R8="x",S8="x"),"",IF(OR(AV8=8,AV8=9,U8=""),"",IF(OR(AV8=4,AV8=11),Z8*16/100,"")))) | AD8: =IF(OR(AV8=17,AV8=7),(Z8*16/100+Z8+L8-Z8)*U8,IF(OR(AV8=16,AV8=15,AV8=8,AV8=13,AV8=1,AV8=9,AV8=20,AV8=21),Z8*U8,IF(AV8=12,(Z8+L8-Z8)*U8,IF(OR(AV8=4,AV8=11),(Z8*16/100+Z8)*U8,IF(AV8=6,(Z8+L8-Z8)*U8,0))))) -> #VALUE! | AE8: =IF(OR(U8="",Z8="",Z8=0),"",IF(AD8=0,"",IF(AD8/U8>L8,L8*U8,AD8))) | AG8: =IF(C8="","",IF(C8-U8=0,"",C8-U8)) | AH8: =IF(AG8="","",AG8*L8) | AQ8: =IF(AND(COUNTIF(P8:T8,"X")=3,P8="X",S8="X",T8="X"),17,IF(COUNTIF(P8:T8,"x")=0,1,0)) -> 1 | AR8: =IF(AND(COUNTIF(P8:T8,"x")=2,P8="x",T8="X"),7,IF(AND(COUNTIF(P8:T8,"x")=1,P8="X"),4,IF(AND(COUNTIF(P8:T8,"x")=1,T8="X"),6,0))) -> 0 | AS8: =IF(AND(COUNTIF(P8:T8,"x")=2,S8="X",R8="X"),9,IF(AND(COUNTIF(P8:T8,"x")=2,S8="X",P8="X"),11,IF(AND(COUNTIF(P8:T8,"x")=2,S8="X",T8="X"),12,IF(AND(COUNTIF(P8:T8,"x")=1,S8="X"),13,0)))) -> 0 | AT8: =IF(AND(COUNTIF(P8:T8,"X")=3,P8="X",R8="X",T8="X"),21,IF(AND(COUNTIF(P8:T8,"x")=1,R8="X"),8,IF(AND(COUNTIF(P8:T8,"x")=2,R8="X",P8="X"),15,IF(AND(COUNTIF(P8:T8,"x")=2,R8="X",T8="X"),16,0)))) -> 0 | AU8: =IF(AND(COUNTIF(P8:T8,"x")=4,P8="X",R8="X",S8="X",T8="X"),20,IF(AND(COUNTIF(P8:T8,"x")=3,R8="X",S8="X",T8="X"),20,IF(AND(COUNTIF(P8:T8,"x")=3,P8="X",R8="X",S8="X"),20,0))) -> 0 | AV8: =SUM(AQ8:AU8) -> 1 | AW8: =IF(U8="",0,IF(OR(AV8=8,AV8=9,AV8=14,AV8=20),0,IF(Q8<>"",AE8,0))) -> 0 | AX8: =IF(U8="",0,IF(OR(AV8=8,AV8=9,AV8=15,AV8=20,AV8=21),0,IF(P8<>"",AE8,0))) -> 0 | AY8: =IF(U8="",0,IF(OR(AV8=8,AV8=9,AV8=15,AV8=20,AV8=21),0,IF(P8<>"",U8,0))) -> 0 | AZ8: =IF(OR(AV8=4,AV8=7),AX8,0) -> 0 | BA8: =IF(OR(AV8=11,AV8=17),AX8,0) -> 0 | BB8: =IF(AH8="",0,AH8) -> 0 | BC8: =IF(OR(U8="",AV8=20),0,IF(OR(AV8=4,AV8=5,AV8=6,AV8=7,AV8=3,AV8=1),U8,0)) -> 0 | BD8: =IF(OR(U8="",AV8=20),0,IF(OR(AV8=4,AV8=5,AV8=6,AV8=7,AV8=3,AV8=1),AE8,0)) -> 0 | BE8: =IF(OR(U8="",AV8=20),0,IF(OR(AV8=4,AV8=5,AV8=6,AV8=7,AV8=3,AV8=1),N8-BB8,0)) -> 0 | BF8: =IF(OR(U8="",AV8=20),0,IF(OR(AV8=8,AV8=14,AV8=15,AV8=16,AV8=21),U8,0)) -> 0 | BG8: =IF(OR(U8="",AV8=20),0,IF(OR(AV8=8,AV8=14,AV8=15,AV8=16,AV8=21),AE8,0)) -> 0 | BH8: =IF(OR(U8="",AV8=20),0,IF(OR(AV8=8,AV8=14,AV8=15,AV8=16,AV8=21),N8-BB8,0)) -> 0 | BI8: =IF(U8="",0,IF(OR(AV8=9,AV8=20),U8,0)) -> 0 | BJ8: =IF(U8="",0,IF(OR(AV8=9,AV8=20),AE8,0)) -> 0 | BK8: =IF(U8="",0,IF(OR(AV8=9,AV8=20),N8-BB8,0)) -> 0 | BL8: =IF(OR(U8="",AV8=20),0,IF(OR(AV8=10,AV8=11,AV8=12,AV8=13,AV8=17,AV8=18),U8,0)) -> 0 | BM8: =IF(OR(U8="",AV8=20),0,IF(OR(AV8=10,AV8=11,AV8=12,AV8=13,AV8=17,AV8=18),AE8,0)) -> 0 | BN8: =IF(OR(U8="",AV8=20),0,IF(OR(AV8=10,AV8=11,AV8=12,AV8=13,AV8=17,AV8=18),N8-BB8,0)) -> 0
N9: =IF(OR(C9="",L9=""),"",L9*C9) | V9: =IF(L9<Z9,L9,Z9) | W9: =IF(OR(L9="",Z9=""),0,L9-Z9) -> 0 | X9: =IF(E9="",0,E9-2) -> 0 | Y9: =IF(OR(L9="",U9=""),"",IF(AND(E9=1,L9>=45),45,IF(AND(E9=1,L9<45),45,IF(AND(E9=2,L9>60),60,IF(AND(E9=2,L9<60),60,IF(AND(F9=3,L9>72),72,IF(AND(E9>2,X9*12+60>L9),X9*12+60,X9*12+60))))))) | Z9: =IF(OR(L9="",U9="",U9=0),"",IF(AND(E9=1,L9>=45),45,IF(AND(E9=1,L9<45),L9,IF(AND(E9=2,L9>60),60,IF(AND(E9=2,L9<60),L9,IF(AND(F9=3,L9>72),72,IF(AND(E9>2,X9*12+60>L9),L9,X9*12+60))))))) | AB9: =IF(AND(P9="x",S9="x",T9="x"),"",IF(AND(P9="x",R9="x",S9="x"),"",IF(OR(AV9=8,AV9=9,U9=""),"",IF(OR(AV9=4,AV9=11),Z9*16/100,"")))) | AD9: =IF(OR(AV9=17,AV9=7),(Z9*16/100+Z9+L9-Z9)*U9,IF(OR(AV9=16,AV9=15,AV9=8,AV9=13,AV9=1,AV9=9,AV9=20,AV9=21),Z9*U9,IF(AV9=12,(Z9+L9-Z9)*U9,IF(OR(AV9=4,AV9=11),(Z9*16/100+Z9)*U9,IF(AV9=6,(Z9+L9-Z9)*U9,0))))) -> #VALUE! | AE9: =IF(OR(U9="",Z9="",Z9=0),"",IF(AD9=0,"",IF(AD9/U9>L9,L9*U9,AD9))) | AG9: =IF(C9="","",IF(C9-U9=0,"",C9-U9)) | AH9: =IF(AG9="","",AG9*L9) | AQ9: =IF(AND(COUNTIF(P9:T9,"X")=3,P9="X",S9="X",T9="X"),17,IF(COUNTIF(P9:T9,"x")=0,1,0)) -> 1 | AR9: =IF(AND(COUNTIF(P9:T9,"x")=2,P9="x",T9="X"),7,IF(AND(COUNTIF(P9:T9,"x")=1,P9="X"),4,IF(AND(COUNTIF(P9:T9,"x")=1,T9="X"),6,0))) -> 0 | AS9: =IF(AND(COUNTIF(P9:T9,"x")=2,S9="X",R9="X"),9,IF(AND(COUNTIF(P9:T9,"x")=2,S9="X",P9="X"),11,IF(AND(COUNTIF(P9:T9,"x")=2,S9="X",T9="X"),12,IF(AND(COUNTIF(P9:T9,"x")=1,S9="X"),13,0)))) -> 0 | AT9: =IF(AND(COUNTIF(P9:T9,"X")=3,P9="X",R9="X",T9="X"),21,IF(AND(COUNTIF(P9:T9,"x")=1,R9="X"),8,IF(AND(COUNTIF(P9:T9,"x")=2,R9="X",P9="X"),15,IF(AND(COUNTIF(P9:T9,"x")=2,R9="X",T9="X"),16,0)))) -> 0 | AU9: =IF(AND(COUNTIF(P9:T9,"x")=4,P9="X",R9="X",S9="X",T9="X"),20,IF(AND(COUNTIF(P9:T9,"x")=3,R9="X",S9="X",T9="X"),20,IF(AND(COUNTIF(P9:T9,"x")=3,P9="X",R9="X",S9="X"),20,0))) -> 0 | AV9: =SUM(AQ9:AU9) -> 1 | AW9: =IF(U9="",0,IF(OR(AV9=8,AV9=9,AV9=14,AV9=20),0,IF(Q9<>"",AE9,0))) -> 0 | AX9: =IF(U9="",0,IF(OR(AV9=8,AV9=9,AV9=15,AV9=20,AV9=21),0,IF(P9<>"",AE9,0))) -> 0 | AY9: =IF(U9="",0,IF(OR(AV9=8,AV9=9,AV9=15,AV9=20,AV9=21),0,IF(P9<>"",U9,0))) -> 0 | AZ9: =IF(OR(AV9=4,AV9=7),AX9,0) -> 0 | BA9: =IF(OR(AV9=11,AV9=17),AX9,0) -> 0 | BB9: =IF(AH9="",0,AH9) -> 0 | BC9: =IF(OR(U9="",AV9=20),0,IF(OR(AV9=4,AV9=5,AV9=6,AV9=7,AV9=3,AV9=1),U9,0)) -> 0 | BD9: =IF(OR(U9="",AV9=20),0,IF(OR(AV9=4,AV9=5,AV9=6,AV9=7,AV9=3,AV9=1),AE9,0)) -> 0 | BE9: =IF(OR(U9="",AV9=20),0,IF(OR(AV9=4,AV9=5,AV9=6,AV9=7,AV9=3,AV9=1),N9-BB9,0)) -> 0 | BF9: =IF(OR(U9="",AV9=20),0,IF(OR(AV9=8,AV9=14,AV9=15,AV9=16,AV9=21),U9,0)) -> 0 | BG9: =IF(OR(U9="",AV9=20),0,IF(OR(AV9=8,AV9=14,AV9=15,AV9=16,AV9=21),AE9,0)) -> 0 | BH9: =IF(OR(U9="",AV9=20),0,IF(OR(AV9=8,AV9=14,AV9=15,AV9=16,AV9=21),N9-BB9,0)) -> 0 | BI9: =IF(U9="",0,IF(OR(AV9=9,AV9=20),U9,0)) -> 0 | BJ9: =IF(U9="",0,IF(OR(AV9=9,AV9=20),AE9,0)) -> 0 | BK9: =IF(U9="",0,IF(OR(AV9=9,AV9=20),N9-BB9,0)) -> 0 | BL9: =IF(OR(U9="",AV9=20),0,IF(OR(AV9=10,AV9=11,AV9=12,AV9=13,AV9=17,AV9=18),U9,0)) -> 0 | BM9: =IF(OR(U9="",AV9=20),0,IF(OR(AV9=10,AV9=11,AV9=12,AV9=13,AV9=17,AV9=18),AE9,0)) -> 0 | BN9: =IF(OR(U9="",AV9=20),0,IF(OR(AV9=10,AV9=11,AV9=12,AV9=13,AV9=17,AV9=18),N9-BB9,0)) -> 0
N10: =IF(OR(C10="",L10=""),"",L10*C10) | V10: =IF(L10<Z10,L10,Z10) | W10: =IF(OR(L10="",Z10=""),0,L10-Z10) -> 0 | X10: =IF(E10="",0,E10-2) -> 0 | Y10: =IF(OR(L10="",U10=""),"",IF(AND(E10=1,L10>=45),45,IF(AND(E10=1,L10<45),45,IF(AND(E10=2,L10>60),60,IF(AND(E10=2,L10<60),60,IF(AND(F10=3,L10>72),72,IF(AND(E10>2,X10*12+60>L10),X10*12+60,X10*12+60))))))) | Z10: =IF(OR(L10="",U10="",U10=0),"",IF(AND(E10=1,L10>=45),45,IF(AND(E10=1,L10<45),L10,IF(AND(E10=2,L10>60),60,IF(AND(E10=2,L10<60),L10,IF(AND(F10=3,L10>72),72,IF(AND(E10>2,X10*12+60>L10),L10,X10*12+60))))))) | AB10: =IF(AND(P10="x",S10="x",T10="x"),"",IF(AND(P10="x",R10="x",S10="x"),"",IF(OR(AV10=8,AV10=9,U10=""),"",IF(OR(AV10=4,AV10=11),Z10*16/100,"")))) | AD10: =IF(OR(AV10=17,AV10=7),(Z10*16/100+Z10+L10-Z10)*U10,IF(OR(AV10=16,AV10=15,AV10=8,AV10=13,AV10=1,AV10=9,AV10=20,AV10=21),Z10*U10,IF(AV10=12,(Z10+L10-Z10)*U10,IF(OR(AV10=4,AV10=11),(Z10*16/100+Z10)*U10,IF(AV10=6,(Z10+L10-Z10)*U10,0))))) -> #VALUE! | AE10: =IF(OR(U10="",Z10="",Z10=0),"",IF(AD10=0,"",IF(AD10/U10>L10,L10*U10,AD10))) | AG10: =IF(C10="","",IF(C10-U10=0,"",C10-U10)) | AH10: =IF(AG10="","",AG10*L10) | AQ10: =IF(AND(COUNTIF(P10:T10,"X")=3,P10="X",S10="X",T10="X"),17,IF(COUNTIF(P10:T10,"x")=0,1,0)) -> 1 | AR10: =IF(AND(COUNTIF(P10:T10,"x")=2,P10="x",T10="X"),7,IF(AND(COUNTIF(P10:T10,"x")=1,P10="X"),4,IF(AND(COUNTIF(P10:T10,"x")=1,T10="X"),6,0))) -> 0 | AS10: =IF(AND(COUNTIF(P10:T10,"x")=2,S10="X",R10="X"),9,IF(AND(COUNTIF(P10:T10,"x")=2,S10="X",P10="X"),11,IF(AND(COUNTIF(P10:T10,"x")=2,S10="X",T10="X"),12,IF(AND(COUNTIF(P10:T10,"x")=1,S10="X"),13,0)))) -> 0 | AT10: =IF(AND(COUNTIF(P10:T10,"X")=3,P10="X",R10="X",T10="X"),21,IF(AND(COUNTIF(P10:T10,"x")=1,R10="X"),8,IF(AND(COUNTIF(P10:T10,"x")=2,R10="X",P10="X"),15,IF(AND(COUNTIF(P10:T10,"x")=2,R10="X",T10="X"),16,0)))) -> 0 | AU10: =IF(AND(COUNTIF(P10:T10,"x")=4,P10="X",R10="X",S10="X",T10="X"),20,IF(AND(COUNTIF(P10:T10,"x")=3,R10="X",S10="X",T10="X"),20,IF(AND(COUNTIF(P10:T10,"x")=3,P10="X",R10="X",S10="X"),20,0))) -> 0 | AV10: =SUM(AQ10:AU10) -> 1 | AW10: =IF(U10="",0,IF(OR(AV10=8,AV10=9,AV10=14,AV10=20),0,IF(Q10<>"",AE10,0))) -> 0 | AX10: =IF(U10="",0,IF(OR(AV10=8,AV10=9,AV10=15,AV10=20,AV10=21),0,IF(P10<>"",AE10,0))) -> 0 | AY10: =IF(U10="",0,IF(OR(AV10=8,AV10=9,AV10=15,AV10=20,AV10=21),0,IF(P10<>"",U10,0))) -> 0 | AZ10: =IF(OR(AV10=4,AV10=7),AX10,0) -> 0 | BA10: =IF(OR(AV10=11,AV10=17),AX10,0) -> 0 | BB10: =IF(AH10="",0,AH10) -> 0 | BC10: =IF(OR(U10="",AV10=20),0,IF(OR(AV10=4,AV10=5,AV10=6,AV10=7,AV10=3,AV10=1),U10,0)) -> 0 | BD10: =IF(OR(U10="",AV10=20),0,IF(OR(AV10=4,AV10=5,AV10=6,AV10=7,AV10=3,AV10=1),AE10,0)) -> 0 | BE10: =IF(OR(U10="",AV10=20),0,IF(OR(AV10=4,AV10=5,AV10=6,AV10=7,AV10=3,AV10=1),N10-BB10,0)) -> 0 | BF10: =IF(OR(U10="",AV10=20),0,IF(OR(AV10=8,AV10=14,AV10=15,AV10=16,AV10=21),U10,0)) -> 0 | BG10: =IF(OR(U10="",AV10=20),0,IF(OR(AV10=8,AV10=14,AV10=15,AV10=16,AV10=21),AE10,0)) -> 0 | BH10: =IF(OR(U10="",AV10=20),0,IF(OR(AV10=8,AV10=14,AV10=15,AV10=16,AV10=21),N10-BB10,0)) -> 0 | BI10: =IF(U10="",0,IF(OR(AV10=9,AV10=20),U10,0)) -> 0 | BJ10: =IF(U10="",0,IF(OR(AV10=9,AV10=20),AE10,0)) -> 0 | BK10: =IF(U10="",0,IF(OR(AV10=9,AV10=20),N10-BB10,0)) -> 0 | BL10: =IF(OR(U10="",AV10=20),0,IF(OR(AV10=10,AV10=11,AV10=12,AV10=13,AV10=17,AV10=18),U10,0)) -> 0 | BM10: =IF(OR(U10="",AV10=20),0,IF(OR(AV10=10,AV10=11,AV10=12,AV10=13,AV10=17,AV10=18),AE10,0)) -> 0 | BN10: =IF(OR(U10="",AV10=20),0,IF(OR(AV10=10,AV10=11,AV10=12,AV10=13,AV10=17,AV10=18),N10-BB10,0)) -> 0
N11: =IF(OR(C11="",L11=""),"",L11*C11) | V11: =IF(L11<Z11,L11,Z11) | W11: =IF(OR(L11="",Z11=""),0,L11-Z11) -> 0 | X11: =IF(E11="",0,E11-2) -> 0 | Y11: =IF(OR(L11="",U11=""),"",IF(AND(E11=1,L11>=45),45,IF(AND(E11=1,L11<45),45,IF(AND(E11=2,L11>60),60,IF(AND(E11=2,L11<60),60,IF(AND(F11=3,L11>72),72,IF(AND(E11>2,X11*12+60>L11),X11*12+60,X11*12+60))))))) | Z11: =IF(OR(L11="",U11="",U11=0),"",IF(AND(E11=1,L11>=45),45,IF(AND(E11=1,L11<45),L11,IF(AND(E11=2,L11>60),60,IF(AND(E11=2,L11<60),L11,IF(AND(F11=3,L11>72),72,IF(AND(E11>2,X11*12+60>L11),L11,X11*12+60))))))) | AB11: =IF(AND(P11="x",S11="x",T11="x"),"",IF(AND(P11="x",R11="x",S11="x"),"",IF(OR(AV11=8,AV11=9,U11=""),"",IF(OR(AV11=4,AV11=11),Z11*16/100,"")))) | AD11: =IF(OR(AV11=17,AV11=7),(Z11*16/100+Z11+L11-Z11)*U11,IF(OR(AV11=16,AV11=15,AV11=8,AV11=13,AV11=1,AV11=9,AV11=20,AV11=21),Z11*U11,IF(AV11=12,(Z11+L11-Z11)*U11,IF(OR(AV11=4,AV11=11),(Z11*16/100+Z11)*U11,IF(AV11=6,(Z11+L11-Z11)*U11,0))))) -> #VALUE! | AE11: =IF(OR(U11="",Z11="",Z11=0),"",IF(AD11=0,"",IF(AD11/U11>L11,L11*U11,AD11))) | AG11: =IF(C11="","",IF(C11-U11=0,"",C11-U11)) | AH11: =IF(AG11="","",AG11*L11) | AQ11: =IF(AND(COUNTIF(P11:T11,"X")=3,P11="X",S11="X",T11="X"),17,IF(COUNTIF(P11:T11,"x")=0,1,0)) -> 1 | AR11: =IF(AND(COUNTIF(P11:T11,"x")=2,P11="x",T11="X"),7,IF(AND(COUNTIF(P11:T11,"x")=1,P11="X"),4,IF(AND(COUNTIF(P11:T11,"x")=1,T11="X"),6,0))) -> 0 | AS11: =IF(AND(COUNTIF(P11:T11,"x")=2,S11="X",R11="X"),9,IF(AND(COUNTIF(P11:T11,"x")=2,S11="X",P11="X"),11,IF(AND(COUNTIF(P11:T11,"x")=2,S11="X",T11="X"),12,IF(AND(COUNTIF(P11:T11,"x")=1,S11="X"),13,0)))) -> 0 | AT11: =IF(AND(COUNTIF(P11:T11,"X")=3,P11="X",R11="X",T11="X"),21,IF(AND(COUNTIF(P11:T11,"x")=1,R11="X"),8,IF(AND(COUNTIF(P11:T11,"x")=2,R11="X",P11="X"),15,IF(AND(COUNTIF(P11:T11,"x")=2,R11="X",T11="X"),16,0)))) -> 0 | AU11: =IF(AND(COUNTIF(P11:T11,"x")=4,P11="X",R11="X",S11="X",T11="X"),20,IF(AND(COUNTIF(P11:T11,"x")=3,R11="X",S11="X",T11="X"),20,IF(AND(COUNTIF(P11:T11,"x")=3,P11="X",R11="X",S11="X"),20,0))) -> 0 | AV11: =SUM(AQ11:AU11) -> 1 | AW11: =IF(U11="",0,IF(OR(AV11=8,AV11=9,AV11=14,AV11=20),0,IF(Q11<>"",AE11,0))) -> 0 | AX11: =IF(U11="",0,IF(OR(AV11=8,AV11=9,AV11=15,AV11=20,AV11=21),0,IF(P11<>"",AE11,0))) -> 0 | AY11: =IF(U11="",0,IF(OR(AV11=8,AV11=9,AV11=15,AV11=20,AV11=21),0,IF(P11<>"",U11,0))) -> 0 | AZ11: =IF(OR(AV11=4,AV11=7),AX11,0) -> 0 | BA11: =IF(OR(AV11=11,AV11=17),AX11,0) -> 0 | BB11: =IF(AH11="",0,AH11) -> 0 | BC11: =IF(OR(U11="",AV11=20),0,IF(OR(AV11=4,AV11=5,AV11=6,AV11=7,AV11=3,AV11=1),U11,0)) -> 0 | BD11: =IF(OR(U11="",AV11=20),0,IF(OR(AV11=4,AV11=5,AV11=6,AV11=7,AV11=3,AV11=1),AE11,0)) -> 0 | BE11: =IF(OR(U11="",AV11=20),0,IF(OR(AV11=4,AV11=5,AV11=6,AV11=7,AV11=3,AV11=1),N11-BB11,0)) -> 0 | BF11: =IF(OR(U11="",AV11=20),0,IF(OR(AV11=8,AV11=14,AV11=15,AV11=16,AV11=21),U11,0)) -> 0 | BG11: =IF(OR(U11="",AV11=20),0,IF(OR(AV11=8,AV11=14,AV11=15,AV11=16,AV11=21),AE11,0)) -> 0 | BH11: =IF(OR(U11="",AV11=20),0,IF(OR(AV11=8,AV11=14,AV11=15,AV11=16,AV11=21),N11-BB11,0)) -> 0 | BI11: =IF(U11="",0,IF(OR(AV11=9,AV11=20),U11,0)) -> 0 | BJ11: =IF(U11="",0,IF(OR(AV11=9,AV11=20),AE11,0)) -> 0 | BK11: =IF(U11="",0,IF(OR(AV11=9,AV11=20),N11-BB11,0)) -> 0 | BL11: =IF(OR(U11="",AV11=20),0,IF(OR(AV11=10,AV11=11,AV11=12,AV11=13,AV11=17,AV11=18),U11,0)) -> 0 | BM11: =IF(OR(U11="",AV11=20),0,IF(OR(AV11=10,AV11=11,AV11=12,AV11=13,AV11=17,AV11=18),AE11,0)) -> 0 | BN11: =IF(OR(U11="",AV11=20),0,IF(OR(AV11=10,AV11=11,AV11=12,AV11=13,AV11=17,AV11=18),N11-BB11,0)) -> 0
N12: =IF(OR(C12="",L12=""),"",L12*C12) | V12: =IF(L12<Z12,L12,Z12) | W12: =IF(OR(L12="",Z12=""),0,L12-Z12) -> 0 | X12: =IF(E12="",0,E12-2) -> 0 | Y12: =IF(OR(L12="",U12=""),"",IF(AND(E12=1,L12>=45),45,IF(AND(E12=1,L12<45),45,IF(AND(E12=2,L12>60),60,IF(AND(E12=2,L12<60),60,IF(AND(F12=3,L12>72),72,IF(AND(E12>2,X12*12+60>L12),X12*12+60,X12*12+60))))))) | Z12: =IF(OR(L12="",U12="",U12=0),"",IF(AND(E12=1,L12>=45),45,IF(AND(E12=1,L12<45),L12,IF(AND(E12=2,L12>60),60,IF(AND(E12=2,L12<60),L12,IF(AND(F12=3,L12>72),72,IF(AND(E12>2,X12*12+60>L12),L12,X12*12+60))))))) | AB12: =IF(AND(P12="x",S12="x",T12="x"),"",IF(AND(P12="x",R12="x",S12="x"),"",IF(OR(AV12=8,AV12=9,U12=""),"",IF(OR(AV12=4,AV12=11),Z12*16/100,"")))) | AD12: =IF(OR(AV12=17,AV12=7),(Z12*16/100+Z12+L12-Z12)*U12,IF(OR(AV12=16,AV12=15,AV12=8,AV12=13,AV12=1,AV12=9,AV12=20,AV12=21),Z12*U12,IF(AV12=12,(Z12+L12-Z12)*U12,IF(OR(AV12=4,AV12=11),(Z12*16/100+Z12)*U12,IF(AV12=6,(Z12+L12-Z12)*U12,0))))) -> #VALUE! | AE12: =IF(OR(U12="",Z12="",Z12=0),"",IF(AD12=0,"",IF(AD12/U12>L12,L12*U12,AD12))) | AG12: =IF(C12="","",IF(C12-U12=0,"",C12-U12)) | AH12: =IF(AG12="","",AG12*L12) | AQ12: =IF(AND(COUNTIF(P12:T12,"X")=3,P12="X",S12="X",T12="X"),17,IF(COUNTIF(P12:T12,"x")=0,1,0)) -> 1 | AR12: =IF(AND(COUNTIF(P12:T12,"x")=2,P12="x",T12="X"),7,IF(AND(COUNTIF(P12:T12,"x")=1,P12="X"),4,IF(AND(COUNTIF(P12:T12,"x")=1,T12="X"),6,0))) -> 0 | AS12: =IF(AND(COUNTIF(P12:T12,"x")=2,S12="X",R12="X"),9,IF(AND(COUNTIF(P12:T12,"x")=2,S12="X",P12="X"),11,IF(AND(COUNTIF(P12:T12,"x")=2,S12="X",T12="X"),12,IF(AND(COUNTIF(P12:T12,"x")=1,S12="X"),13,0)))) -> 0 | AT12: =IF(AND(COUNTIF(P12:T12,"X")=3,P12="X",R12="X",T12="X"),21,IF(AND(COUNTIF(P12:T12,"x")=1,R12="X"),8,IF(AND(COUNTIF(P12:T12,"x")=2,R12="X",P12="X"),15,IF(AND(COUNTIF(P12:T12,"x")=2,R12="X",T12="X"),16,0)))) -> 0 | AU12: =IF(AND(COUNTIF(P12:T12,"x")=4,P12="X",R12="X",S12="X",T12="X"),20,IF(AND(COUNTIF(P12:T12,"x")=3,R12="X",S12="X",T12="X"),20,IF(AND(COUNTIF(P12:T12,"x")=3,P12="X",R12="X",S12="X"),20,0))) -> 0 | AV12: =SUM(AQ12:AU12) -> 1 | AW12: =IF(U12="",0,IF(OR(AV12=8,AV12=9,AV12=14,AV12=20),0,IF(Q12<>"",AE12,0))) -> 0 | AX12: =IF(U12="",0,IF(OR(AV12=8,AV12=9,AV12=15,AV12=20,AV12=21),0,IF(P12<>"",AE12,0))) -> 0 | AY12: =IF(U12="",0,IF(OR(AV12=8,AV12=9,AV12=15,AV12=20,AV12=21),0,IF(P12<>"",U12,0))) -> 0 | AZ12: =IF(OR(AV12=4,AV12=7),AX12,0) -> 0 | BA12: =IF(OR(AV12=11,AV12=17),AX12,0) -> 0 | BB12: =IF(AH12="",0,AH12) -> 0 | BC12: =IF(OR(U12="",AV12=20),0,IF(OR(AV12=4,AV12=5,AV12=6,AV12=7,AV12=3,AV12=1),U12,0)) -> 0 | BD12: =IF(OR(U12="",AV12=20),0,IF(OR(AV12=4,AV12=5,AV12=6,AV12=7,AV12=3,AV12=1),AE12,0)) -> 0 | BE12: =IF(OR(U12="",AV12=20),0,IF(OR(AV12=4,AV12=5,AV12=6,AV12=7,AV12=3,AV12=1),N12-BB12,0)) -> 0 | BF12: =IF(OR(U12="",AV12=20),0,IF(OR(AV12=8,AV12=14,AV12=15,AV12=16,AV12=21),U12,0)) -> 0 | BG12: =IF(OR(U12="",AV12=20),0,IF(OR(AV12=8,AV12=14,AV12=15,AV12=16,AV12=21),AE12,0)) -> 0 | BH12: =IF(OR(U12="",AV12=20),0,IF(OR(AV12=8,AV12=14,AV12=15,AV12=16,AV12=21),N12-BB12,0)) -> 0 | BI12: =IF(U12="",0,IF(OR(AV12=9,AV12=20),U12,0)) -> 0 | BJ12: =IF(U12="",0,IF(OR(AV12=9,AV12=20),AE12,0)) -> 0 | BK12: =IF(U12="",0,IF(OR(AV12=9,AV12=20),N12-BB12,0)) -> 0 | BL12: =IF(OR(U12="",AV12=20),0,IF(OR(AV12=10,AV12=11,AV12=12,AV12=13,AV12=17,AV12=18),U12,0)) -> 0 | BM12: =IF(OR(U12="",AV12=20),0,IF(OR(AV12=10,AV12=11,AV12=12,AV12=13,AV12=17,AV12=18),AE12,0)) -> 0 | BN12: =IF(OR(U12="",AV12=20),0,IF(OR(AV12=10,AV12=11,AV12=12,AV12=13,AV12=17,AV12=18),N12-BB12,0)) -> 0
N13: =IF(OR(C13="",L13=""),"",L13*C13) | V13: =IF(L13<Z13,L13,Z13) | W13: =IF(OR(L13="",Z13=""),0,L13-Z13) -> 0 | X13: =IF(E13="",0,E13-2) -> 0 | Y13: =IF(OR(L13="",U13=""),"",IF(AND(E13=1,L13>=45),45,IF(AND(E13=1,L13<45),45,IF(AND(E13=2,L13>60),60,IF(AND(E13=2,L13<60),60,IF(AND(F13=3,L13>72),72,IF(AND(E13>2,X13*12+60>L13),X13*12+60,X13*12+60))))))) | Z13: =IF(OR(L13="",U13="",U13=0),"",IF(AND(E13=1,L13>=45),45,IF(AND(E13=1,L13<45),L13,IF(AND(E13=2,L13>60),60,IF(AND(E13=2,L13<60),L13,IF(AND(F13=3,L13>72),72,IF(AND(E13>2,X13*12+60>L13),L13,X13*12+60))))))) | AB13: =IF(AND(P13="x",S13="x",T13="x"),"",IF(AND(P13="x",R13="x",S13="x"),"",IF(OR(AV13=8,AV13=9,U13=""),"",IF(OR(AV13=4,AV13=11),Z13*16/100,"")))) | AD13: =IF(OR(AV13=17,AV13=7),(Z13*16/100+Z13+L13-Z13)*U13,IF(OR(AV13=16,AV13=15,AV13=8,AV13=13,AV13=1,AV13=9,AV13=20,AV13=21),Z13*U13,IF(AV13=12,(Z13+L13-Z13)*U13,IF(OR(AV13=4,AV13=11),(Z13*16/100+Z13)*U13,IF(AV13=6,(Z13+L13-Z13)*U13,0))))) -> #VALUE! | AE13: =IF(OR(U13="",Z13="",Z13=0),"",IF(AD13=0,"",IF(AD13/U13>L13,L13*U13,AD13))) | AG13: =IF(C13="","",IF(C13-U13=0,"",C13-U13)) | AH13: =IF(AG13="","",AG13*L13) | AQ13: =IF(AND(COUNTIF(P13:T13,"X")=3,P13="X",S13="X",T13="X"),17,IF(COUNTIF(P13:T13,"x")=0,1,0)) -> 1 | AR13: =IF(AND(COUNTIF(P13:T13,"x")=2,P13="x",T13="X"),7,IF(AND(COUNTIF(P13:T13,"x")=1,P13="X"),4,IF(AND(COUNTIF(P13:T13,"x")=1,T13="X"),6,0))) -> 0 | AS13: =IF(AND(COUNTIF(P13:T13,"x")=2,S13="X",R13="X"),9,IF(AND(COUNTIF(P13:T13,"x")=2,S13="X",P13="X"),11,IF(AND(COUNTIF(P13:T13,"x")=2,S13="X",T13="X"),12,IF(AND(COUNTIF(P13:T13,"x")=1,S13="X"),13,0)))) -> 0 | AT13: =IF(AND(COUNTIF(P13:T13,"X")=3,P13="X",R13="X",T13="X"),21,IF(AND(COUNTIF(P13:T13,"x")=1,R13="X"),8,IF(AND(COUNTIF(P13:T13,"x")=2,R13="X",P13="X"),15,IF(AND(COUNTIF(P13:T13,"x")=2,R13="X",T13="X"),16,0)))) -> 0 | AU13: =IF(AND(COUNTIF(P13:T13,"x")=4,P13="X",R13="X",S13="X",T13="X"),20,IF(AND(COUNTIF(P13:T13,"x")=3,R13="X",S13="X",T13="X"),20,IF(AND(COUNTIF(P13:T13,"x")=3,P13="X",R13="X",S13="X"),20,0))) -> 0 | AV13: =SUM(AQ13:AU13) -> 1 | AW13: =IF(U13="",0,IF(OR(AV13=8,AV13=9,AV13=14,AV13=20),0,IF(Q13<>"",AE13,0))) -> 0 | AX13: =IF(U13="",0,IF(OR(AV13=8,AV13=9,AV13=15,AV13=20,AV13=21),0,IF(P13<>"",AE13,0))) -> 0 | AY13: =IF(U13="",0,IF(OR(AV13=8,AV13=9,AV13=15,AV13=20,AV13=21),0,IF(P13<>"",U13,0))) -> 0 | AZ13: =IF(OR(AV13=4,AV13=7),AX13,0) -> 0 | BA13: =IF(OR(AV13=11,AV13=17),AX13,0) -> 0 | BB13: =IF(AH13="",0,AH13) -> 0 | BC13: =IF(OR(U13="",AV13=20),0,IF(OR(AV13=4,AV13=5,AV13=6,AV13=7,AV13=3,AV13=1),U13,0)) -> 0 | BD13: =IF(OR(U13="",AV13=20),0,IF(OR(AV13=4,AV13=5,AV13=6,AV13=7,AV13=3,AV13=1),AE13,0)) -> 0 | BE13: =IF(OR(U13="",AV13=20),0,IF(OR(AV13=4,AV13=5,AV13=6,AV13=7,AV13=3,AV13=1),N13-BB13,0)) -> 0 | BF13: =IF(OR(U13="",AV13=20),0,IF(OR(AV13=8,AV13=14,AV13=15,AV13=16,AV13=21),U13,0)) -> 0 | BG13: =IF(OR(U13="",AV13=20),0,IF(OR(AV13=8,AV13=14,AV13=15,AV13=16,AV13=21),AE13,0)) -> 0 | BH13: =IF(OR(U13="",AV13=20),0,IF(OR(AV13=8,AV13=14,AV13=15,AV13=16,AV13=21),N13-BB13,0)) -> 0 | BI13: =IF(U13="",0,IF(OR(AV13=9,AV13=20),U13,0)) -> 0 | BJ13: =IF(U13="",0,IF(OR(AV13=9,AV13=20),AE13,0)) -> 0 | BK13: =IF(U13="",0,IF(OR(AV13=9,AV13=20),N13-BB13,0)) -> 0 | BL13: =IF(OR(U13="",AV13=20),0,IF(OR(AV13=10,AV13=11,AV13=12,AV13=13,AV13=17,AV13=18),U13,0)) -> 0 | BM13: =IF(OR(U13="",AV13=20),0,IF(OR(AV13=10,AV13=11,AV13=12,AV13=13,AV13=17,AV13=18),AE13,0)) -> 0 | BN13: =IF(OR(U13="",AV13=20),0,IF(OR(AV13=10,AV13=11,AV13=12,AV13=13,AV13=17,AV13=18),N13-BB13,0)) -> 0
N14: =IF(OR(C14="",L14=""),"",L14*C14) | V14: =IF(L14<Z14,L14,Z14) | W14: =IF(OR(L14="",Z14=""),0,L14-Z14) -> 0 | X14: =IF(E14="",0,E14-2) -> 0 | Y14: =IF(OR(L14="",U14=""),"",IF(AND(E14=1,L14>=45),45,IF(AND(E14=1,L14<45),45,IF(AND(E14=2,L14>60),60,IF(AND(E14=2,L14<60),60,IF(AND(F14=3,L14>72),72,IF(AND(E14>2,X14*12+60>L14),X14*12+60,X14*12+60))))))) | Z14: =IF(OR(L14="",U14="",U14=0),"",IF(AND(E14=1,L14>=45),45,IF(AND(E14=1,L14<45),L14,IF(AND(E14=2,L14>60),60,IF(AND(E14=2,L14<60),L14,IF(AND(F14=3,L14>72),72,IF(AND(E14>2,X14*12+60>L14),L14,X14*12+60))))))) | AB14: =IF(AND(P14="x",S14="x",T14="x"),"",IF(AND(P14="x",R14="x",S14="x"),"",IF(OR(AV14=8,AV14=9,U14=""),"",IF(OR(AV14=4,AV14=11),Z14*16/100,"")))) | AD14: =IF(OR(AV14=17,AV14=7),(Z14*16/100+Z14+L14-Z14)*U14,IF(OR(AV14=16,AV14=15,AV14=8,AV14=13,AV14=1,AV14=9,AV14=20,AV14=21),Z14*U14,IF(AV14=12,(Z14+L14-Z14)*U14,IF(OR(AV14=4,AV14=11),(Z14*16/100+Z14)*U14,IF(AV14=6,(Z14+L14-Z14)*U14,0))))) -> #VALUE! | AE14: =IF(OR(U14="",Z14="",Z14=0),"",IF(AD14=0,"",IF(AD14/U14>L14,L14*U14,AD14))) | AG14: =IF(C14="","",IF(C14-U14=0,"",C14-U14)) | AH14: =IF(AG14="","",AG14*L14) | AQ14: =IF(AND(COUNTIF(P14:T14,"X")=3,P14="X",S14="X",T14="X"),17,IF(COUNTIF(P14:T14,"x")=0,1,0)) -> 1 | AR14: =IF(AND(COUNTIF(P14:T14,"x")=2,P14="x",T14="X"),7,IF(AND(COUNTIF(P14:T14,"x")=1,P14="X"),4,IF(AND(COUNTIF(P14:T14,"x")=1,T14="X"),6,0))) -> 0 | AS14: =IF(AND(COUNTIF(P14:T14,"x")=2,S14="X",R14="X"),9,IF(AND(COUNTIF(P14:T14,"x")=2,S14="X",P14="X"),11,IF(AND(COUNTIF(P14:T14,"x")=2,S14="X",T14="X"),12,IF(AND(COUNTIF(P14:T14,"x")=1,S14="X"),13,0)))) -> 0 | AT14: =IF(AND(COUNTIF(P14:T14,"X")=3,P14="X",R14="X",T14="X"),21,IF(AND(COUNTIF(P14:T14,"x")=1,R14="X"),8,IF(AND(COUNTIF(P14:T14,"x")=2,R14="X",P14="X"),15,IF(AND(COUNTIF(P14:T14,"x")=2,R14="X",T14="X"),16,0)))) -> 0 | AU14: =IF(AND(COUNTIF(P14:T14,"x")=4,P14="X",R14="X",S14="X",T14="X"),20,IF(AND(COUNTIF(P14:T14,"x")=3,R14="X",S14="X",T14="X"),20,IF(AND(COUNTIF(P14:T14,"x")=3,P14="X",R14="X",S14="X"),20,0))) -> 0 | AV14: =SUM(AQ14:AU14) -> 1 | AW14: =IF(U14="",0,IF(OR(AV14=8,AV14=9,AV14=14,AV14=20),0,IF(Q14<>"",AE14,0))) -> 0 | AX14: =IF(U14="",0,IF(OR(AV14=8,AV14=9,AV14=15,AV14=20,AV14=21),0,IF(P14<>"",AE14,0))) -> 0 | AY14: =IF(U14="",0,IF(OR(AV14=8,AV14=9,AV14=15,AV14=20,AV14=21),0,IF(P14<>"",U14,0))) -> 0 | AZ14: =IF(OR(AV14=4,AV14=7),AX14,0) -> 0 | BA14: =IF(OR(AV14=11,AV14=17),AX14,0) -> 0 | BB14: =IF(AH14="",0,AH14) -> 0 | BC14: =IF(OR(U14="",AV14=20),0,IF(OR(AV14=4,AV14=5,AV14=6,AV14=7,AV14=3,AV14=1),U14,0)) -> 0 | BD14: =IF(OR(U14="",AV14=20),0,IF(OR(AV14=4,AV14=5,AV14=6,AV14=7,AV14=3,AV14=1),AE14,0)) -> 0 | BE14: =IF(OR(U14="",AV14=20),0,IF(OR(AV14=4,AV14=5,AV14=6,AV14=7,AV14=3,AV14=1),N14-BB14,0)) -> 0 | BF14: =IF(OR(U14="",AV14=20),0,IF(OR(AV14=8,AV14=14,AV14=15,AV14=16,AV14=21),U14,0)) -> 0 | BG14: =IF(OR(U14="",AV14=20),0,IF(OR(AV14=8,AV14=14,AV14=15,AV14=16,AV14=21),AE14,0)) -> 0 | BH14: =IF(OR(U14="",AV14=20),0,IF(OR(AV14=8,AV14=14,AV14=15,AV14=16,AV14=21),N14-BB14,0)) -> 0 | BI14: =IF(U14="",0,IF(OR(AV14=9,AV14=20),U14,0)) -> 0 | BJ14: =IF(U14="",0,IF(OR(AV14=9,AV14=20),AE14,0)) -> 0 | BK14: =IF(U14="",0,IF(OR(AV14=9,AV14=20),N14-BB14,0)) -> 0 | BL14: =IF(OR(U14="",AV14=20),0,IF(OR(AV14=10,AV14=11,AV14=12,AV14=13,AV14=17,AV14=18),U14,0)) -> 0 | BM14: =IF(OR(U14="",AV14=20),0,IF(OR(AV14=10,AV14=11,AV14=12,AV14=13,AV14=17,AV14=18),AE14,0)) -> 0 | BN14: =IF(OR(U14="",AV14=20),0,IF(OR(AV14=10,AV14=11,AV14=12,AV14=13,AV14=17,AV14=18),N14-BB14,0)) -> 0
N15: =IF(OR(C15="",L15=""),"",L15*C15) | V15: =IF(L15<Z15,L15,Z15) | W15: =IF(OR(L15="",Z15=""),0,L15-Z15) -> 0 | X15: =IF(E15="",0,E15-2) -> 0 | Y15: =IF(OR(L15="",U15=""),"",IF(AND(E15=1,L15>=45),45,IF(AND(E15=1,L15<45),45,IF(AND(E15=2,L15>60),60,IF(AND(E15=2,L15<60),60,IF(AND(F15=3,L15>72),72,IF(AND(E15>2,X15*12+60>L15),X15*12+60,X15*12+60))))))) | Z15: =IF(OR(L15="",U15="",U15=0),"",IF(AND(E15=1,L15>=45),45,IF(AND(E15=1,L15<45),L15,IF(AND(E15=2,L15>60),60,IF(AND(E15=2,L15<60),L15,IF(AND(F15=3,L15>72),72,IF(AND(E15>2,X15*12+60>L15),L15,X15*12+60))))))) | AB15: =IF(AND(P15="x",S15="x",T15="x"),"",IF(AND(P15="x",R15="x",S15="x"),"",IF(OR(AV15=8,AV15=9,U15=""),"",IF(OR(AV15=4,AV15=11),Z15*16/100,"")))) | AD15: =IF(OR(AV15=17,AV15=7),(Z15*16/100+Z15+L15-Z15)*U15,IF(OR(AV15=16,AV15=15,AV15=8,AV15=13,AV15=1,AV15=9,AV15=20,AV15=21),Z15*U15,IF(AV15=12,(Z15+L15-Z15)*U15,IF(OR(AV15=4,AV15=11),(Z15*16/100+Z15)*U15,IF(AV15=6,(Z15+L15-Z15)*U15,0))))) -> #VALUE! | AE15: =IF(OR(U15="",Z15="",Z15=0),"",IF(AD15=0,"",IF(AD15/U15>L15,L15*U15,AD15))) | AG15: =IF(C15="","",IF(C15-U15=0,"",C15-U15)) | AH15: =IF(AG15="","",AG15*L15) | AQ15: =IF(AND(COUNTIF(P15:T15,"X")=3,P15="X",S15="X",T15="X"),17,IF(COUNTIF(P15:T15,"x")=0,1,0)) -> 1 | AR15: =IF(AND(COUNTIF(P15:T15,"x")=2,P15="x",T15="X"),7,IF(AND(COUNTIF(P15:T15,"x")=1,P15="X"),4,IF(AND(COUNTIF(P15:T15,"x")=1,T15="X"),6,0))) -> 0 | AS15: =IF(AND(COUNTIF(P15:T15,"x")=2,S15="X",R15="X"),9,IF(AND(COUNTIF(P15:T15,"x")=2,S15="X",P15="X"),11,IF(AND(COUNTIF(P15:T15,"x")=2,S15="X",T15="X"),12,IF(AND(COUNTIF(P15:T15,"x")=1,S15="X"),13,0)))) -> 0 | AT15: =IF(AND(COUNTIF(P15:T15,"X")=3,P15="X",R15="X",T15="X"),21,IF(AND(COUNTIF(P15:T15,"x")=1,R15="X"),8,IF(AND(COUNTIF(P15:T15,"x")=2,R15="X",P15="X"),15,IF(AND(COUNTIF(P15:T15,"x")=2,R15="X",T15="X"),16,0)))) -> 0 | AU15: =IF(AND(COUNTIF(P15:T15,"x")=4,P15="X",R15="X",S15="X",T15="X"),20,IF(AND(COUNTIF(P15:T15,"x")=3,R15="X",S15="X",T15="X"),20,IF(AND(COUNTIF(P15:T15,"x")=3,P15="X",R15="X",S15="X"),20,0))) -> 0 | AV15: =SUM(AQ15:AU15) -> 1 | AW15: =IF(U15="",0,IF(OR(AV15=8,AV15=9,AV15=14,AV15=20),0,IF(Q15<>"",AE15,0))) -> 0 | AX15: =IF(U15="",0,IF(OR(AV15=8,AV15=9,AV15=15,AV15=20,AV15=21),0,IF(P15<>"",AE15,0))) -> 0 | AY15: =IF(U15="",0,IF(OR(AV15=8,AV15=9,AV15=15,AV15=20,AV15=21),0,IF(P15<>"",U15,0))) -> 0 | AZ15: =IF(OR(AV15=4,AV15=7),AX15,0) -> 0 | BA15: =IF(OR(AV15=11,AV15=17),AX15,0) -> 0 | BB15: =IF(AH15="",0,AH15) -> 0 | BC15: =IF(OR(U15="",AV15=20),0,IF(OR(AV15=4,AV15=5,AV15=6,AV15=7,AV15=3,AV15=1),U15,0)) -> 0 | BD15: =IF(OR(U15="",AV15=20),0,IF(OR(AV15=4,AV15=5,AV15=6,AV15=7,AV15=3,AV15=1),AE15,0)) -> 0 | BE15: =IF(OR(U15="",AV15=20),0,IF(OR(AV15=4,AV15=5,AV15=6,AV15=7,AV15=3,AV15=1),N15-BB15,0)) -> 0 | BF15: =IF(OR(U15="",AV15=20),0,IF(OR(AV15=8,AV15=14,AV15=15,AV15=16,AV15=21),U15,0)) -> 0 | BG15: =IF(OR(U15="",AV15=20),0,IF(OR(AV15=8,AV15=14,AV15=15,AV15=16,AV15=21),AE15,0)) -> 0 | BH15: =IF(OR(U15="",AV15=20),0,IF(OR(AV15=8,AV15=14,AV15=15,AV15=16,AV15=21),N15-BB15,0)) -> 0 | BI15: =IF(U15="",0,IF(OR(AV15=9,AV15=20),U15,0)) -> 0 | BJ15: =IF(U15="",0,IF(OR(AV15=9,AV15=20),AE15,0)) -> 0 | BK15: =IF(U15="",0,IF(OR(AV15=9,AV15=20),N15-BB15,0)) -> 0 | BL15: =IF(OR(U15="",AV15=20),0,IF(OR(AV15=10,AV15=11,AV15=12,AV15=13,AV15=17,AV15=18),U15,0)) -> 0 | BM15: =IF(OR(U15="",AV15=20),0,IF(OR(AV15=10,AV15=11,AV15=12,AV15=13,AV15=17,AV15=18),AE15,0)) -> 0 | BN15: =IF(OR(U15="",AV15=20),0,IF(OR(AV15=10,AV15=11,AV15=12,AV15=13,AV15=17,AV15=18),N15-BB15,0)) -> 0
N16: =IF(OR(C16="",L16=""),"",L16*C16) | V16: =IF(L16<Z16,L16,Z16) | W16: =IF(OR(L16="",Z16=""),0,L16-Z16) -> 0 | X16: =IF(E16="",0,E16-2) -> 0 | Y16: =IF(OR(L16="",U16=""),"",IF(AND(E16=1,L16>=45),45,IF(AND(E16=1,L16<45),45,IF(AND(E16=2,L16>60),60,IF(AND(E16=2,L16<60),60,IF(AND(F16=3,L16>72),72,IF(AND(E16>2,X16*12+60>L16),X16*12+60,X16*12+60))))))) | Z16: =IF(OR(L16="",U16="",U16=0),"",IF(AND(E16=1,L16>=45),45,IF(AND(E16=1,L16<45),L16,IF(AND(E16=2,L16>60),60,IF(AND(E16=2,L16<60),L16,IF(AND(F16=3,L16>72),72,IF(AND(E16>2,X16*12+60>L16),L16,X16*12+60))))))) | AB16: =IF(AND(P16="x",S16="x",T16="x"),"",IF(AND(P16="x",R16="x",S16="x"),"",IF(OR(AV16=8,AV16=9,U16=""),"",IF(OR(AV16=4,AV16=11),Z16*16/100,"")))) | AD16: =IF(OR(AV16=17,AV16=7),(Z16*16/100+Z16+L16-Z16)*U16,IF(OR(AV16=16,AV16=15,AV16=8,AV16=13,AV16=1,AV16=9,AV16=20,AV16=21),Z16*U16,IF(AV16=12,(Z16+L16-Z16)*U16,IF(OR(AV16=4,AV16=11),(Z16*16/100+Z16)*U16,IF(AV16=6,(Z16+L16-Z16)*U16,0))))) -> #VALUE! | AE16: =IF(OR(U16="",Z16="",Z16=0),"",IF(AD16=0,"",IF(AD16/U16>L16,L16*U16,AD16))) | AG16: =IF(C16="","",IF(C16-U16=0,"",C16-U16)) | AH16: =IF(AG16="","",AG16*L16) | AQ16: =IF(AND(COUNTIF(P16:T16,"X")=3,P16="X",S16="X",T16="X"),17,IF(COUNTIF(P16:T16,"x")=0,1,0)) -> 1 | AR16: =IF(AND(COUNTIF(P16:T16,"x")=2,P16="x",T16="X"),7,IF(AND(COUNTIF(P16:T16,"x")=1,P16="X"),4,IF(AND(COUNTIF(P16:T16,"x")=1,T16="X"),6,0))) -> 0 | AS16: =IF(AND(COUNTIF(P16:T16,"x")=2,S16="X",R16="X"),9,IF(AND(COUNTIF(P16:T16,"x")=2,S16="X",P16="X"),11,IF(AND(COUNTIF(P16:T16,"x")=2,S16="X",T16="X"),12,IF(AND(COUNTIF(P16:T16,"x")=1,S16="X"),13,0)))) -> 0 | AT16: =IF(AND(COUNTIF(P16:T16,"X")=3,P16="X",R16="X",T16="X"),21,IF(AND(COUNTIF(P16:T16,"x")=1,R16="X"),8,IF(AND(COUNTIF(P16:T16,"x")=2,R16="X",P16="X"),15,IF(AND(COUNTIF(P16:T16,"x")=2,R16="X",T16="X"),16,0)))) -> 0 | AU16: =IF(AND(COUNTIF(P16:T16,"x")=4,P16="X",R16="X",S16="X",T16="X"),20,IF(AND(COUNTIF(P16:T16,"x")=3,R16="X",S16="X",T16="X"),20,IF(AND(COUNTIF(P16:T16,"x")=3,P16="X",R16="X",S16="X"),20,0))) -> 0 | AV16: =SUM(AQ16:AU16) -> 1 | AW16: =IF(U16="",0,IF(OR(AV16=8,AV16=9,AV16=14,AV16=20),0,IF(Q16<>"",AE16,0))) -> 0 | AX16: =IF(U16="",0,IF(OR(AV16=8,AV16=9,AV16=15,AV16=20,AV16=21),0,IF(P16<>"",AE16,0))) -> 0 | AY16: =IF(U16="",0,IF(OR(AV16=8,AV16=9,AV16=15,AV16=20,AV16=21),0,IF(P16<>"",U16,0))) -> 0 | AZ16: =IF(OR(AV16=4,AV16=7),AX16,0) -> 0 | BA16: =IF(OR(AV16=11,AV16=17),AX16,0) -> 0 | BB16: =IF(AH16="",0,AH16) -> 0 | BC16: =IF(OR(U16="",AV16=20),0,IF(OR(AV16=4,AV16=5,AV16=6,AV16=7,AV16=3,AV16=1),U16,0)) -> 0 | BD16: =IF(OR(U16="",AV16=20),0,IF(OR(AV16=4,AV16=5,AV16=6,AV16=7,AV16=3,AV16=1),AE16,0)) -> 0 | BE16: =IF(OR(U16="",AV16=20),0,IF(OR(AV16=4,AV16=5,AV16=6,AV16=7,AV16=3,AV16=1),N16-BB16,0)) -> 0 | BF16: =IF(OR(U16="",AV16=20),0,IF(OR(AV16=8,AV16=14,AV16=15,AV16=16,AV16=21),U16,0)) -> 0 | BG16: =IF(OR(U16="",AV16=20),0,IF(OR(AV16=8,AV16=14,AV16=15,AV16=16,AV16=21),AE16,0)) -> 0 | BH16: =IF(OR(U16="",AV16=20),0,IF(OR(AV16=8,AV16=14,AV16=15,AV16=16,AV16=21),N16-BB16,0)) -> 0 | BI16: =IF(U16="",0,IF(OR(AV16=9,AV16=20),U16,0)) -> 0 | BJ16: =IF(U16="",0,IF(OR(AV16=9,AV16=20),AE16,0)) -> 0 | BK16: =IF(U16="",0,IF(OR(AV16=9,AV16=20),N16-BB16,0)) -> 0 | BL16: =IF(OR(U16="",AV16=20),0,IF(OR(AV16=10,AV16=11,AV16=12,AV16=13,AV16=17,AV16=18),U16,0)) -> 0 | BM16: =IF(OR(U16="",AV16=20),0,IF(OR(AV16=10,AV16=11,AV16=12,AV16=13,AV16=17,AV16=18),AE16,0)) -> 0 | BN16: =IF(OR(U16="",AV16=20),0,IF(OR(AV16=10,AV16=11,AV16=12,AV16=13,AV16=17,AV16=18),N16-BB16,0)) -> 0
N17: =IF(OR(C17="",L17=""),"",L17*C17) | V17: =IF(L17<Z17,L17,Z17) | W17: =IF(OR(L17="",Z17=""),0,L17-Z17) -> 0 | X17: =IF(E17="",0,E17-2) -> 0 | Y17: =IF(OR(L17="",U17=""),"",IF(AND(E17=1,L17>=45),45,IF(AND(E17=1,L17<45),45,IF(AND(E17=2,L17>60),60,IF(AND(E17=2,L17<60),60,IF(AND(F17=3,L17>72),72,IF(AND(E17>2,X17*12+60>L17),X17*12+60,X17*12+60))))))) | Z17: =IF(OR(L17="",U17="",U17=0),"",IF(AND(E17=1,L17>=45),45,IF(AND(E17=1,L17<45),L17,IF(AND(E17=2,L17>60),60,IF(AND(E17=2,L17<60),L17,IF(AND(F17=3,L17>72),72,IF(AND(E17>2,X17*12+60>L17),L17,X17*12+60))))))) | AB17: =IF(AND(P17="x",S17="x",T17="x"),"",IF(AND(P17="x",R17="x",S17="x"),"",IF(OR(AV17=8,AV17=9,U17=""),"",IF(OR(AV17=4,AV17=11),Z17*16/100,"")))) | AD17: =IF(OR(AV17=17,AV17=7),(Z17*16/100+Z17+L17-Z17)*U17,IF(OR(AV17=16,AV17=15,AV17=8,AV17=13,AV17=1,AV17=9,AV17=20,AV17=21),Z17*U17,IF(AV17=12,(Z17+L17-Z17)*U17,IF(OR(AV17=4,AV17=11),(Z17*16/100+Z17)*U17,IF(AV17=6,(Z17+L17-Z17)*U17,0))))) -> #VALUE! | AE17: =IF(OR(U17="",Z17="",Z17=0),"",IF(AD17=0,"",IF(AD17/U17>L17,L17*U17,AD17))) | AG17: =IF(C17="","",IF(C17-U17=0,"",C17-U17)) | AH17: =IF(AG17="","",AG17*L17) | AQ17: =IF(AND(COUNTIF(P17:T17,"X")=3,P17="X",S17="X",T17="X"),17,IF(COUNTIF(P17:T17,"x")=0,1,0)) -> 1 | AR17: =IF(AND(COUNTIF(P17:T17,"x")=2,P17="x",T17="X"),7,IF(AND(COUNTIF(P17:T17,"x")=1,P17="X"),4,IF(AND(COUNTIF(P17:T17,"x")=1,T17="X"),6,0))) -> 0 | AS17: =IF(AND(COUNTIF(P17:T17,"x")=2,S17="X",R17="X"),9,IF(AND(COUNTIF(P17:T17,"x")=2,S17="X",P17="X"),11,IF(AND(COUNTIF(P17:T17,"x")=2,S17="X",T17="X"),12,IF(AND(COUNTIF(P17:T17,"x")=1,S17="X"),13,0)))) -> 0 | AT17: =IF(AND(COUNTIF(P17:T17,"X")=3,P17="X",R17="X",T17="X"),21,IF(AND(COUNTIF(P17:T17,"x")=1,R17="X"),8,IF(AND(COUNTIF(P17:T17,"x")=2,R17="X",P17="X"),15,IF(AND(COUNTIF(P17:T17,"x")=2,R17="X",T17="X"),16,0)))) -> 0 | AU17: =IF(AND(COUNTIF(P17:T17,"x")=4,P17="X",R17="X",S17="X",T17="X"),20,IF(AND(COUNTIF(P17:T17,"x")=3,R17="X",S17="X",T17="X"),20,IF(AND(COUNTIF(P17:T17,"x")=3,P17="X",R17="X",S17="X"),20,0))) -> 0 | AV17: =SUM(AQ17:AU17) -> 1 | AW17: =IF(U17="",0,IF(OR(AV17=8,AV17=9,AV17=14,AV17=20),0,IF(Q17<>"",AE17,0))) -> 0 | AX17: =IF(U17="",0,IF(OR(AV17=8,AV17=9,AV17=15,AV17=20,AV17=21),0,IF(P17<>"",AE17,0))) -> 0 | AY17: =IF(U17="",0,IF(OR(AV17=8,AV17=9,AV17=15,AV17=20,AV17=21),0,IF(P17<>"",U17,0))) -> 0 | AZ17: =IF(OR(AV17=4,AV17=7),AX17,0) -> 0 | BA17: =IF(OR(AV17=11,AV17=17),AX17,0) -> 0 | BB17: =IF(AH17="",0,AH17) -> 0 | BC17: =IF(OR(U17="",AV17=20),0,IF(OR(AV17=4,AV17=5,AV17=6,AV17=7,AV17=3,AV17=1),U17,0)) -> 0 | BD17: =IF(OR(U17="",AV17=20),0,IF(OR(AV17=4,AV17=5,AV17=6,AV17=7,AV17=3,AV17=1),AE17,0)) -> 0 | BE17: =IF(OR(U17="",AV17=20),0,IF(OR(AV17=4,AV17=5,AV17=6,AV17=7,AV17=3,AV17=1),N17-BB17,0)) -> 0 | BF17: =IF(OR(U17="",AV17=20),0,IF(OR(AV17=8,AV17=14,AV17=15,AV17=16,AV17=21),U17,0)) -> 0 | BG17: =IF(OR(U17="",AV17=20),0,IF(OR(AV17=8,AV17=14,AV17=15,AV17=16,AV17=21),AE17,0)) -> 0 | BH17: =IF(OR(U17="",AV17=20),0,IF(OR(AV17=8,AV17=14,AV17=15,AV17=16,AV17=21),N17-BB17,0)) -> 0 | BI17: =IF(U17="",0,IF(OR(AV17=9,AV17=20),U17,0)) -> 0 | BJ17: =IF(U17="",0,IF(OR(AV17=9,AV17=20),AE17,0)) -> 0 | BK17: =IF(U17="",0,IF(OR(AV17=9,AV17=20),N17-BB17,0)) -> 0 | BL17: =IF(OR(U17="",AV17=20),0,IF(OR(AV17=10,AV17=11,AV17=12,AV17=13,AV17=17,AV17=18),U17,0)) -> 0 | BM17: =IF(OR(U17="",AV17=20),0,IF(OR(AV17=10,AV17=11,AV17=12,AV17=13,AV17=17,AV17=18),AE17,0)) -> 0 | BN17: =IF(OR(U17="",AV17=20),0,IF(OR(AV17=10,AV17=11,AV17=12,AV17=13,AV17=17,AV17=18),N17-BB17,0)) -> 0
N18: =IF(OR(C18="",L18=""),"",L18*C18) | V18: =IF(L18<Z18,L18,Z18) | W18: =IF(OR(L18="",Z18=""),0,L18-Z18) -> 0 | X18: =IF(E18="",0,E18-2) -> 0 | Y18: =IF(OR(L18="",U18=""),"",IF(AND(E18=1,L18>=45),45,IF(AND(E18=1,L18<45),45,IF(AND(E18=2,L18>60),60,IF(AND(E18=2,L18<60),60,IF(AND(F18=3,L18>72),72,IF(AND(E18>2,X18*12+60>L18),X18*12+60,X18*12+60))))))) | Z18: =IF(OR(L18="",U18="",U18=0),"",IF(AND(E18=1,L18>=45),45,IF(AND(E18=1,L18<45),L18,IF(AND(E18=2,L18>60),60,IF(AND(E18=2,L18<60),L18,IF(AND(F18=3,L18>72),72,IF(AND(E18>2,X18*12+60>L18),L18,X18*12+60))))))) | AB18: =IF(AND(P18="x",S18="x",T18="x"),"",IF(AND(P18="x",R18="x",S18="x"),"",IF(OR(AV18=8,AV18=9,U18=""),"",IF(OR(AV18=4,AV18=11),Z18*16/100,"")))) | AD18: =IF(OR(AV18=17,AV18=7),(Z18*16/100+Z18+L18-Z18)*U18,IF(OR(AV18=16,AV18=15,AV18=8,AV18=13,AV18=1,AV18=9,AV18=20,AV18=21),Z18*U18,IF(AV18=12,(Z18+L18-Z18)*U18,IF(OR(AV18=4,AV18=11),(Z18*16/100+Z18)*U18,IF(AV18=6,(Z18+L18-Z18)*U18,0))))) -> #VALUE! | AE18: =IF(OR(U18="",Z18="",Z18=0),"",IF(AD18=0,"",IF(AD18/U18>L18,L18*U18,AD18))) | AG18: =IF(C18="","",IF(C18-U18=0,"",C18-U18)) | AH18: =IF(AG18="","",AG18*L18) | AQ18: =IF(AND(COUNTIF(P18:T18,"X")=3,P18="X",S18="X",T18="X"),17,IF(COUNTIF(P18:T18,"x")=0,1,0)) -> 1 | AR18: =IF(AND(COUNTIF(P18:T18,"x")=2,P18="x",T18="X"),7,IF(AND(COUNTIF(P18:T18,"x")=1,P18="X"),4,IF(AND(COUNTIF(P18:T18,"x")=1,T18="X"),6,0))) -> 0 | AS18: =IF(AND(COUNTIF(P18:T18,"x")=2,S18="X",R18="X"),9,IF(AND(COUNTIF(P18:T18,"x")=2,S18="X",P18="X"),11,IF(AND(COUNTIF(P18:T18,"x")=2,S18="X",T18="X"),12,IF(AND(COUNTIF(P18:T18,"x")=1,S18="X"),13,0)))) -> 0 | AT18: =IF(AND(COUNTIF(P18:T18,"X")=3,P18="X",R18="X",T18="X"),21,IF(AND(COUNTIF(P18:T18,"x")=1,R18="X"),8,IF(AND(COUNTIF(P18:T18,"x")=2,R18="X",P18="X"),15,IF(AND(COUNTIF(P18:T18,"x")=2,R18="X",T18="X"),16,0)))) -> 0 | AU18: =IF(AND(COUNTIF(P18:T18,"x")=4,P18="X",R18="X",S18="X",T18="X"),20,IF(AND(COUNTIF(P18:T18,"x")=3,R18="X",S18="X",T18="X"),20,IF(AND(COUNTIF(P18:T18,"x")=3,P18="X",R18="X",S18="X"),20,0))) -> 0 | AV18: =SUM(AQ18:AU18) -> 1 | AW18: =IF(U18="",0,IF(OR(AV18=8,AV18=9,AV18=14,AV18=20),0,IF(Q18<>"",AE18,0))) -> 0 | AX18: =IF(U18="",0,IF(OR(AV18=8,AV18=9,AV18=15,AV18=20,AV18=21),0,IF(P18<>"",AE18,0))) -> 0 | AY18: =IF(U18="",0,IF(OR(AV18=8,AV18=9,AV18=15,AV18=20,AV18=21),0,IF(P18<>"",U18,0))) -> 0 | AZ18: =IF(OR(AV18=4,AV18=7),AX18,0) -> 0 | BA18: =IF(OR(AV18=11,AV18=17),AX18,0) -> 0 | BB18: =IF(AH18="",0,AH18) -> 0 | BC18: =IF(OR(U18="",AV18=20),0,IF(OR(AV18=4,AV18=5,AV18=6,AV18=7,AV18=3,AV18=1),U18,0)) -> 0 | BD18: =IF(OR(U18="",AV18=20),0,IF(OR(AV18=4,AV18=5,AV18=6,AV18=7,AV18=3,AV18=1),AE18,0)) -> 0 | BE18: =IF(OR(U18="",AV18=20),0,IF(OR(AV18=4,AV18=5,AV18=6,AV18=7,AV18=3,AV18=1),N18-BB18,0)) -> 0 | BF18: =IF(OR(U18="",AV18=20),0,IF(OR(AV18=8,AV18=14,AV18=15,AV18=16,AV18=21),U18,0)) -> 0 | BG18: =IF(OR(U18="",AV18=20),0,IF(OR(AV18=8,AV18=14,AV18=15,AV18=16,AV18=21),AE18,0)) -> 0 | BH18: =IF(OR(U18="",AV18=20),0,IF(OR(AV18=8,AV18=14,AV18=15,AV18=16,AV18=21),N18-BB18,0)) -> 0 | BI18: =IF(U18="",0,IF(OR(AV18=9,AV18=20),U18,0)) -> 0 | BJ18: =IF(U18="",0,IF(OR(AV18=9,AV18=20),AE18,0)) -> 0 | BK18: =IF(U18="",0,IF(OR(AV18=9,AV18=20),N18-BB18,0)) -> 0 | BL18: =IF(OR(U18="",AV18=20),0,IF(OR(AV18=10,AV18=11,AV18=12,AV18=13,AV18=17,AV18=18),U18,0)) -> 0 | BM18: =IF(OR(U18="",AV18=20),0,IF(OR(AV18=10,AV18=11,AV18=12,AV18=13,AV18=17,AV18=18),AE18,0)) -> 0 | BN18: =IF(OR(U18="",AV18=20),0,IF(OR(AV18=10,AV18=11,AV18=12,AV18=13,AV18=17,AV18=18),N18-BB18,0)) -> 0
N19: =IF(OR(C19="",L19=""),"",L19*C19) | V19: =IF(L19<Z19,L19,Z19) | W19: =IF(OR(L19="",Z19=""),0,L19-Z19) -> 0 | X19: =IF(E19="",0,E19-2) -> 0 | Y19: =IF(OR(L19="",U19=""),"",IF(AND(E19=1,L19>=45),45,IF(AND(E19=1,L19<45),45,IF(AND(E19=2,L19>60),60,IF(AND(E19=2,L19<60),60,IF(AND(F19=3,L19>72),72,IF(AND(E19>2,X19*12+60>L19),X19*12+60,X19*12+60))))))) | Z19: =IF(OR(L19="",U19="",U19=0),"",IF(AND(E19=1,L19>=45),45,IF(AND(E19=1,L19<45),L19,IF(AND(E19=2,L19>60),60,IF(AND(E19=2,L19<60),L19,IF(AND(F19=3,L19>72),72,IF(AND(E19>2,X19*12+60>L19),L19,X19*12+60))))))) | AB19: =IF(AND(P19="x",S19="x",T19="x"),"",IF(AND(P19="x",R19="x",S19="x"),"",IF(OR(AV19=8,AV19=9,U19=""),"",IF(OR(AV19=4,AV19=11),Z19*16/100,"")))) | AD19: =IF(OR(AV19=17,AV19=7),(Z19*16/100+Z19+L19-Z19)*U19,IF(OR(AV19=16,AV19=15,AV19=8,AV19=13,AV19=1,AV19=9,AV19=20,AV19=21),Z19*U19,IF(AV19=12,(Z19+L19-Z19)*U19,IF(OR(AV19=4,AV19=11),(Z19*16/100+Z19)*U19,IF(AV19=6,(Z19+L19-Z19)*U19,0))))) -> #VALUE! | AE19: =IF(OR(U19="",Z19="",Z19=0),"",IF(AD19=0,"",IF(AD19/U19>L19,L19*U19,AD19))) | AG19: =IF(C19="","",IF(C19-U19=0,"",C19-U19)) | AH19: =IF(AG19="","",AG19*L19) | AQ19: =IF(AND(COUNTIF(P19:T19,"X")=3,P19="X",S19="X",T19="X"),17,IF(COUNTIF(P19:T19,"x")=0,1,0)) -> 1 | AR19: =IF(AND(COUNTIF(P19:T19,"x")=2,P19="x",T19="X"),7,IF(AND(COUNTIF(P19:T19,"x")=1,P19="X"),4,IF(AND(COUNTIF(P19:T19,"x")=1,T19="X"),6,0))) -> 0 | AS19: =IF(AND(COUNTIF(P19:T19,"x")=2,S19="X",R19="X"),9,IF(AND(COUNTIF(P19:T19,"x")=2,S19="X",P19="X"),11,IF(AND(COUNTIF(P19:T19,"x")=2,S19="X",T19="X"),12,IF(AND(COUNTIF(P19:T19,"x")=1,S19="X"),13,0)))) -> 0 | AT19: =IF(AND(COUNTIF(P19:T19,"X")=3,P19="X",R19="X",T19="X"),21,IF(AND(COUNTIF(P19:T19,"x")=1,R19="X"),8,IF(AND(COUNTIF(P19:T19,"x")=2,R19="X",P19="X"),15,IF(AND(COUNTIF(P19:T19,"x")=2,R19="X",T19="X"),16,0)))) -> 0 | AU19: =IF(AND(COUNTIF(P19:T19,"x")=4,P19="X",R19="X",S19="X",T19="X"),20,IF(AND(COUNTIF(P19:T19,"x")=3,R19="X",S19="X",T19="X"),20,IF(AND(COUNTIF(P19:T19,"x")=3,P19="X",R19="X",S19="X"),20,0))) -> 0 | AV19: =SUM(AQ19:AU19) -> 1 | AW19: =IF(U19="",0,IF(OR(AV19=8,AV19=9,AV19=14,AV19=20),0,IF(Q19<>"",AE19,0))) -> 0 | AX19: =IF(U19="",0,IF(OR(AV19=8,AV19=9,AV19=15,AV19=20,AV19=21),0,IF(P19<>"",AE19,0))) -> 0 | AY19: =IF(U19="",0,IF(OR(AV19=8,AV19=9,AV19=15,AV19=20,AV19=21),0,IF(P19<>"",U19,0))) -> 0 | AZ19: =IF(OR(AV19=4,AV19=7),AX19,0) -> 0 | BA19: =IF(OR(AV19=11,AV19=17),AX19,0) -> 0 | BB19: =IF(AH19="",0,AH19) -> 0 | BC19: =IF(OR(U19="",AV19=20),0,IF(OR(AV19=4,AV19=5,AV19=6,AV19=7,AV19=3,AV19=1),U19,0)) -> 0 | BD19: =IF(OR(U19="",AV19=20),0,IF(OR(AV19=4,AV19=5,AV19=6,AV19=7,AV19=3,AV19=1),AE19,0)) -> 0 | BE19: =IF(OR(U19="",AV19=20),0,IF(OR(AV19=4,AV19=5,AV19=6,AV19=7,AV19=3,AV19=1),N19-BB19,0)) -> 0 | BF19: =IF(OR(U19="",AV19=20),0,IF(OR(AV19=8,AV19=14,AV19=15,AV19=16,AV19=21),U19,0)) -> 0 | BG19: =IF(OR(U19="",AV19=20),0,IF(OR(AV19=8,AV19=14,AV19=15,AV19=16,AV19=21),AE19,0)) -> 0 | BH19: =IF(OR(U19="",AV19=20),0,IF(OR(AV19=8,AV19=14,AV19=15,AV19=16,AV19=21),N19-BB19,0)) -> 0 | BI19: =IF(U19="",0,IF(OR(AV19=9,AV19=20),U19,0)) -> 0 | BJ19: =IF(U19="",0,IF(OR(AV19=9,AV19=20),AE19,0)) -> 0 | BK19: =IF(U19="",0,IF(OR(AV19=9,AV19=20),N19-BB19,0)) -> 0 | BL19: =IF(OR(U19="",AV19=20),0,IF(OR(AV19=10,AV19=11,AV19=12,AV19=13,AV19=17,AV19=18),U19,0)) -> 0 | BM19: =IF(OR(U19="",AV19=20),0,IF(OR(AV19=10,AV19=11,AV19=12,AV19=13,AV19=17,AV19=18),AE19,0)) -> 0 | BN19: =IF(OR(U19="",AV19=20),0,IF(OR(AV19=10,AV19=11,AV19=12,AV19=13,AV19=17,AV19=18),N19-BB19,0)) -> 0
... N24: =IF(OR(C24="",L24=""),"",L24*C24) | V24: =IF(L24<Z24,L24,Z24) | W24: =IF(OR(L24="",Z24=""),0,L24-Z24) -> 0 | X24: =IF(E24="",0,E24-2) -> 0 | Y24: =IF(OR(L24="",U24=""),"",IF(AND(E24=1,L24>=45),45,IF(AND(E24=1,L24<45),45,IF(AND(E24=2,L24>60),60,IF(AND(E24=2,L24<60),60,IF(AND(F24=3,L24>72),72,IF(AND(E24>2,X24*12+60>L24),X24*12+60,X24*12+60))))))) | Z24: =IF(OR(L24="",U24="",U24=0),"",IF(AND(E24=1,L24>=45),45,IF(AND(E24=1,L24<45),L24,IF(AND(E24=2,L24>60),60,IF(AND(E24=2,L24<60),L24,IF(AND(F24=3,L24>72),72,IF(AND(E24>2,X24*12+60>L24),L24,X24*12+60))))))) | AB24: =IF(AND(P24="x",S24="x",T24="x"),"",IF(AND(P24="x",R24="x",S24="x"),"",IF(OR(AV24=8,AV24=9,U24=""),"",IF(OR(AV24=4,AV24=11),Z24*16/100,"")))) | AD24: =IF(OR(AV24=17,AV24=7),(Z24*16/100+Z24+L24-Z24)*U24,IF(OR(AV24=16,AV24=15,AV24=8,AV24=13,AV24=1,AV24=9,AV24=20,AV24=21),Z24*U24,IF(AV24=12,(Z24+L24-Z24)*U24,IF(OR(AV24=4,AV24=11),(Z24*16/100+Z24)*U24,IF(AV24=6,(Z24+L24-Z24)*U24,0))))) -> #VALUE! | AE24: =IF(OR(U24="",Z24="",Z24=0),"",IF(AD24=0,"",IF(AD24/U24>L24,L24*U24,AD24))) | AG24: =IF(C24="","",IF(C24-U24=0,"",C24-U24)) | AH24: =IF(AG24="","",AG24*L24) | AQ24: =IF(AND(COUNTIF(P24:T24,"X")=3,P24="X",S24="X",T24="X"),17,IF(COUNTIF(P24:T24,"x")=0,1,0)) -> 1 | AR24: =IF(AND(COUNTIF(P24:T24,"x")=2,P24="x",T24="X"),7,IF(AND(COUNTIF(P24:T24,"x")=1,P24="X"),4,IF(AND(COUNTIF(P24:T24,"x")=1,T24="X"),6,0))) -> 0 | AS24: =IF(AND(COUNTIF(P24:T24,"x")=2,S24="X",R24="X"),9,IF(AND(COUNTIF(P24:T24,"x")=2,S24="X",P24="X"),11,IF(AND(COUNTIF(P24:T24,"x")=2,S24="X",T24="X"),12,IF(AND(COUNTIF(P24:T24,"x")=1,S24="X"),13,0)))) -> 0 | AT24: =IF(AND(COUNTIF(P24:T24,"X")=3,P24="X",R24="X",T24="X"),21,IF(AND(COUNTIF(P24:T24,"x")=1,R24="X"),8,IF(AND(COUNTIF(P24:T24,"x")=2,R24="X",P24="X"),15,IF(AND(COUNTIF(P24:T24,"x")=2,R24="X",T24="X"),16,0)))) -> 0 | AU24: =IF(AND(COUNTIF(P24:T24,"x")=4,P24="X",R24="X",S24="X",T24="X"),20,IF(AND(COUNTIF(P24:T24,"x")=3,R24="X",S24="X",T24="X"),20,IF(AND(COUNTIF(P24:T24,"x")=3,P24="X",R24="X",S24="X"),20,0))) -> 0 | AV24: =SUM(AQ24:AU24) -> 1 | AW24: =IF(U24="",0,IF(OR(AV24=8,AV24=9,AV24=14,AV24=20),0,IF(Q24<>"",AE24,0))) -> 0 | AX24: =IF(U24="",0,IF(OR(AV24=8,AV24=9,AV24=15,AV24=20,AV24=21),0,IF(P24<>"",AE24,0))) -> 0 | AY24: =IF(U24="",0,IF(OR(AV24=8,AV24=9,AV24=15,AV24=20,AV24=21),0,IF(P24<>"",U24,0))) -> 0 | AZ24: =IF(OR(AV24=4,AV24=7),AX24,0) -> 0 | BA24: =IF(OR(AV24=11,AV24=17),AX24,0) -> 0 | BB24: =IF(AH24="",0,AH24) -> 0 | BC24: =IF(OR(U24="",AV24=20),0,IF(OR(AV24=4,AV24=5,AV24=6,AV24=7,AV24=3,AV24=1),U24,0)) -> 0 | BD24: =IF(OR(U24="",AV24=20),0,IF(OR(AV24=4,AV24=5,AV24=6,AV24=7,AV24=3,AV24=1),AE24,0)) -> 0 | BE24: =IF(OR(U24="",AV24=20),0,IF(OR(AV24=4,AV24=5,AV24=6,AV24=7,AV24=3,AV24=1),N24-BB24,0)) -> 0 | BF24: =IF(OR(U24="",AV24=20),0,IF(OR(AV24=8,AV24=14,AV24=15,AV24=16,AV24=21),U24,0)) -> 0 | BG24: =IF(OR(U24="",AV24=20),0,IF(OR(AV24=8,AV24=14,AV24=15,AV24=16,AV24=21),AE24,0)) -> 0 | BH24: =IF(OR(U24="",AV24=20),0,IF(OR(AV24=8,AV24=14,AV24=15,AV24=16,AV24=21),N24-BB24,0)) -> 0 | BI24: =IF(U24="",0,IF(OR(AV24=9,AV24=20),U24,0)) -> 0 | BJ24: =IF(U24="",0,IF(OR(AV24=9,AV24=20),AE24,0)) -> 0 | BK24: =IF(U24="",0,IF(OR(AV24=9,AV24=20),N24-BB24,0)) -> 0 | BL24: =IF(OR(U24="",AV24=20),0,IF(OR(AV24=10,AV24=11,AV24=12,AV24=13,AV24=17,AV24=18),U24,0)) -> 0 | BM24: =IF(OR(U24="",AV24=20),0,IF(OR(AV24=10,AV24=11,AV24=12,AV24=13,AV24=17,AV24=18),AE24,0)) -> 0 | BN24: =IF(OR(U24="",AV24=20),0,IF(OR(AV24=10,AV24=11,AV24=12,AV24=13,AV24=17,AV24=18),N24-BB24,0)) -> 0
N25: =IF(OR(C25="",L25=""),"",L25*C25) | V25: =IF(L25<Z25,L25,Z25) | W25: =IF(OR(L25="",Z25=""),0,L25-Z25) -> 0 | X25: =IF(E25="",0,E25-2) -> 0 | Y25: =IF(OR(L25="",U25=""),"",IF(AND(E25=1,L25>=45),45,IF(AND(E25=1,L25<45),45,IF(AND(E25=2,L25>60),60,IF(AND(E25=2,L25<60),60,IF(AND(F25=3,L25>72),72,IF(AND(E25>2,X25*12+60>L25),X25*12+60,X25*12+60))))))) | Z25: =IF(OR(L25="",U25="",U25=0),"",IF(AND(E25=1,L25>=45),45,IF(AND(E25=1,L25<45),L25,IF(AND(E25=2,L25>60),60,IF(AND(E25=2,L25<60),L25,IF(AND(F25=3,L25>72),72,IF(AND(E25>2,X25*12+60>L25),L25,X25*12+60))))))) | AB25: =IF(AND(P25="x",S25="x",T25="x"),"",IF(AND(P25="x",R25="x",S25="x"),"",IF(OR(AV25=8,AV25=9,U25=""),"",IF(OR(AV25=4,AV25=11),Z25*16/100,"")))) | AD25: =IF(OR(AV25=17,AV25=7),(Z25*16/100+Z25+L25-Z25)*U25,IF(OR(AV25=16,AV25=15,AV25=8,AV25=13,AV25=1,AV25=9,AV25=20,AV25=21),Z25*U25,IF(AV25=12,(Z25+L25-Z25)*U25,IF(OR(AV25=4,AV25=11),(Z25*16/100+Z25)*U25,IF(AV25=6,(Z25+L25-Z25)*U25,0))))) -> #VALUE! | AE25: =IF(OR(U25="",Z25="",Z25=0),"",IF(AD25=0,"",IF(AD25/U25>L25,L25*U25,AD25))) | AG25: =IF(C25="","",IF(C25-U25=0,"",C25-U25)) | AH25: =IF(AG25="","",AG25*L25) | AO25: =Z25 | AQ25: =IF(AND(COUNTIF(P25:T25,"X")=3,P25="X",S25="X",T25="X"),17,IF(COUNTIF(P25:T25,"x")=0,1,0)) -> 1 | AR25: =IF(AND(COUNTIF(P25:T25,"x")=2,P25="x",T25="X"),7,IF(AND(COUNTIF(P25:T25,"x")=1,P25="X"),4,IF(AND(COUNTIF(P25:T25,"x")=1,T25="X"),6,0))) -> 0 | AS25: =IF(AND(COUNTIF(P25:T25,"x")=2,S25="X",R25="X"),9,IF(AND(COUNTIF(P25:T25,"x")=2,S25="X",P25="X"),11,IF(AND(COUNTIF(P25:T25,"x")=2,S25="X",T25="X"),12,IF(AND(COUNTIF(P25:T25,"x")=1,S25="X"),13,0)))) -> 0 | AT25: =IF(AND(COUNTIF(P25:T25,"X")=3,P25="X",R25="X",T25="X"),21,IF(AND(COUNTIF(P25:T25,"x")=1,R25="X"),8,IF(AND(COUNTIF(P25:T25,"x")=2,R25="X",P25="X"),15,IF(AND(COUNTIF(P25:T25,"x")=2,R25="X",T25="X"),16,0)))) -> 0 | AU25: =IF(AND(COUNTIF(P25:T25,"x")=4,P25="X",R25="X",S25="X",T25="X"),20,IF(AND(COUNTIF(P25:T25,"x")=3,R25="X",S25="X",T25="X"),20,IF(AND(COUNTIF(P25:T25,"x")=3,P25="X",R25="X",S25="X"),20,0))) -> 0 | AV25: =SUM(AQ25:AU25) -> 1 | AW25: =IF(U25="",0,IF(OR(AV25=8,AV25=9,AV25=14,AV25=20),0,IF(Q25<>"",AE25,0))) -> 0 | AX25: =IF(U25="",0,IF(OR(AV25=8,AV25=9,AV25=15,AV25=20,AV25=21),0,IF(P25<>"",AE25,0))) -> 0 | AY25: =IF(U25="",0,IF(OR(AV25=8,AV25=9,AV25=15,AV25=20,AV25=21),0,IF(P25<>"",U25,0))) -> 0 | AZ25: =IF(OR(AV25=4,AV25=7),AX25,0) -> 0 | BA25: =IF(OR(AV25=11,AV25=17),AX25,0) -> 0 | BB25: =IF(AH25="",0,AH25) -> 0 | BC25: =IF(OR(U25="",AV25=20),0,IF(OR(AV25=4,AV25=5,AV25=6,AV25=7,AV25=3,AV25=1),U25,0)) -> 0 | BD25: =IF(OR(U25="",AV25=20),0,IF(OR(AV25=4,AV25=5,AV25=6,AV25=7,AV25=3,AV25=1),AE25,0)) -> 0 | BE25: =IF(OR(U25="",AV25=20),0,IF(OR(AV25=4,AV25=5,AV25=6,AV25=7,AV25=3,AV25=1),N25-BB25,0)) -> 0 | BF25: =IF(OR(U25="",AV25=20),0,IF(OR(AV25=8,AV25=14,AV25=15,AV25=16,AV25=21),U25,0)) -> 0 | BG25: =IF(OR(U25="",AV25=20),0,IF(OR(AV25=8,AV25=14,AV25=15,AV25=16,AV25=21),AE25,0)) -> 0 | BH25: =IF(OR(U25="",AV25=20),0,IF(OR(AV25=8,AV25=14,AV25=15,AV25=16,AV25=21),N25-BB25,0)) -> 0 | BI25: =IF(U25="",0,IF(OR(AV25=9,AV25=20),U25,0)) -> 0 | BJ25: =IF(U25="",0,IF(OR(AV25=9,AV25=20),AE25,0)) -> 0 | BK25: =IF(U25="",0,IF(OR(AV25=9,AV25=20),N25-BB25,0)) -> 0 | BL25: =IF(OR(U25="",AV25=20),0,IF(OR(AV25=10,AV25=11,AV25=12,AV25=13,AV25=17,AV25=18),U25,0)) -> 0 | BM25: =IF(OR(U25="",AV25=20),0,IF(OR(AV25=10,AV25=11,AV25=12,AV25=13,AV25=17,AV25=18),AE25,0)) -> 0 | BN25: =IF(OR(U25="",AV25=20),0,IF(OR(AV25=10,AV25=11,AV25=12,AV25=13,AV25=17,AV25=18),N25-BB25,0)) -> 0
N26: =IF(OR(C26="",L26=""),"",L26*C26) | V26: =IF(L26<Z26,L26,Z26) | W26: =IF(OR(L26="",Z26=""),0,L26-Z26) -> 0 | X26: =IF(E26="",0,E26-2) -> 0 | Y26: =IF(OR(L26="",U26=""),"",IF(AND(E26=1,L26>=45),45,IF(AND(E26=1,L26<45),45,IF(AND(E26=2,L26>60),60,IF(AND(E26=2,L26<60),60,IF(AND(F26=3,L26>72),72,IF(AND(E26>2,X26*12+60>L26),X26*12+60,X26*12+60))))))) | Z26: =IF(OR(L26="",U26="",U26=0),"",IF(AND(E26=1,L26>=45),45,IF(AND(E26=1,L26<45),L26,IF(AND(E26=2,L26>60),60,IF(AND(E26=2,L26<60),L26,IF(AND(F26=3,L26>72),72,IF(AND(E26>2,X26*12+60>L26),L26,X26*12+60))))))) | AB26: =IF(AND(P26="x",S26="x",T26="x"),"",IF(AND(P26="x",R26="x",S26="x"),"",IF(OR(AV26=8,AV26=9,U26=""),"",IF(OR(AV26=4,AV26=11),Z26*16/100,"")))) | AD26: =IF(OR(AV26=17,AV26=7),(Z26*16/100+Z26+L26-Z26)*U26,IF(OR(AV26=16,AV26=15,AV26=8,AV26=13,AV26=1,AV26=9,AV26=20,AV26=21),Z26*U26,IF(AV26=12,(Z26+L26-Z26)*U26,IF(OR(AV26=4,AV26=11),(Z26*16/100+Z26)*U26,IF(AV26=6,(Z26+L26-Z26)*U26,0))))) -> #VALUE! | AE26: =IF(OR(U26="",Z26="",Z26=0),"",IF(AD26=0,"",IF(AD26/U26>L26,L26*U26,AD26))) | AG26: =IF(C26="","",IF(C26-U26=0,"",C26-U26)) | AH26: =IF(AG26="","",AG26*L26) | AO26: =Z26 | AQ26: =IF(AND(COUNTIF(P26:T26,"X")=3,P26="X",S26="X",T26="X"),17,IF(COUNTIF(P26:T26,"x")=0,1,0)) -> 1 | AR26: =IF(AND(COUNTIF(P26:T26,"x")=2,P26="x",T26="X"),7,IF(AND(COUNTIF(P26:T26,"x")=1,P26="X"),4,IF(AND(COUNTIF(P26:T26,"x")=1,T26="X"),6,0))) -> 0 | AS26: =IF(AND(COUNTIF(P26:T26,"x")=2,S26="X",R26="X"),9,IF(AND(COUNTIF(P26:T26,"x")=2,S26="X",P26="X"),11,IF(AND(COUNTIF(P26:T26,"x")=2,S26="X",T26="X"),12,IF(AND(COUNTIF(P26:T26,"x")=1,S26="X"),13,0)))) -> 0 | AT26: =IF(AND(COUNTIF(P26:T26,"X")=3,P26="X",R26="X",T26="X"),21,IF(AND(COUNTIF(P26:T26,"x")=1,R26="X"),8,IF(AND(COUNTIF(P26:T26,"x")=2,R26="X",P26="X"),15,IF(AND(COUNTIF(P26:T26,"x")=2,R26="X",T26="X"),16,0)))) -> 0 | AU26: =IF(AND(COUNTIF(P26:T26,"x")=4,P26="X",R26="X",S26="X",T26="X"),20,IF(AND(COUNTIF(P26:T26,"x")=3,R26="X",S26="X",T26="X"),20,IF(AND(COUNTIF(P26:T26,"x")=3,P26="X",R26="X",S26="X"),20,0))) -> 0 | AV26: =SUM(AQ26:AU26) -> 1 | AW26: =IF(U26="",0,IF(OR(AV26=8,AV26=9,AV26=14,AV26=20),0,IF(Q26<>"",AE26,0))) -> 0 | AX26: =IF(U26="",0,IF(OR(AV26=8,AV26=9,AV26=15,AV26=20,AV26=21),0,IF(P26<>"",AE26,0))) -> 0 | AY26: =IF(U26="",0,IF(OR(AV26=8,AV26=9,AV26=15,AV26=20,AV26=21),0,IF(P26<>"",U26,0))) -> 0 | AZ26: =IF(OR(AV26=4,AV26=7),AX26,0) -> 0 | BA26: =IF(OR(AV26=11,AV26=17),AX26,0) -> 0 | BB26: =IF(AH26="",0,AH26) -> 0 | BC26: =IF(OR(U26="",AV26=20),0,IF(OR(AV26=4,AV26=5,AV26=6,AV26=7,AV26=3,AV26=1),U26,0)) -> 0 | BD26: =IF(OR(U26="",AV26=20),0,IF(OR(AV26=4,AV26=5,AV26=6,AV26=7,AV26=3,AV26=1),AE26,0)) -> 0 | BE26: =IF(OR(U26="",AV26=20),0,IF(OR(AV26=4,AV26=5,AV26=6,AV26=7,AV26=3,AV26=1),N26-BB26,0)) -> 0 | BF26: =IF(OR(U26="",AV26=20),0,IF(OR(AV26=8,AV26=14,AV26=15,AV26=16,AV26=21),U26,0)) -> 0 | BG26: =IF(OR(U26="",AV26=20),0,IF(OR(AV26=8,AV26=14,AV26=15,AV26=16,AV26=21),AE26,0)) -> 0 | BH26: =IF(OR(U26="",AV26=20),0,IF(OR(AV26=8,AV26=14,AV26=15,AV26=16,AV26=21),N26-BB26,0)) -> 0 | BI26: =IF(U26="",0,IF(OR(AV26=9,AV26=20),U26,0)) -> 0 | BJ26: =IF(U26="",0,IF(OR(AV26=9,AV26=20),AE26,0)) -> 0 | BK26: =IF(U26="",0,IF(OR(AV26=9,AV26=20),N26-BB26,0)) -> 0 | BL26: =IF(OR(U26="",AV26=20),0,IF(OR(AV26=10,AV26=11,AV26=12,AV26=13,AV26=17,AV26=18),U26,0)) -> 0 | BM26: =IF(OR(U26="",AV26=20),0,IF(OR(AV26=10,AV26=11,AV26=12,AV26=13,AV26=17,AV26=18),AE26,0)) -> 0 | BN26: =IF(OR(U26="",AV26=20),0,IF(OR(AV26=10,AV26=11,AV26=12,AV26=13,AV26=17,AV26=18),N26-BB26,0)) -> 0
N27: =IF(OR(C27="",L27=""),"",L27*C27) | V27: =IF(L27<Z27,L27,Z27) | W27: =IF(OR(L27="",Z27=""),0,L27-Z27) -> 0 | X27: =IF(E27="",0,E27-2) -> 0 | Y27: =IF(OR(L27="",U27=""),"",IF(AND(E27=1,L27>=45),45,IF(AND(E27=1,L27<45),45,IF(AND(E27=2,L27>60),60,IF(AND(E27=2,L27<60),60,IF(AND(F27=3,L27>72),72,IF(AND(E27>2,X27*12+60>L27),X27*12+60,X27*12+60))))))) | Z27: =IF(OR(L27="",U27="",U27=0),"",IF(AND(E27=1,L27>=45),45,IF(AND(E27=1,L27<45),L27,IF(AND(E27=2,L27>60),60,IF(AND(E27=2,L27<60),L27,IF(AND(F27=3,L27>72),72,IF(AND(E27>2,X27*12+60>L27),L27,X27*12+60))))))) | AB27: =IF(AND(P27="x",S27="x",T27="x"),"",IF(AND(P27="x",R27="x",S27="x"),"",IF(OR(AV27=8,AV27=9,U27=""),"",IF(OR(AV27=4,AV27=11),Z27*16/100,"")))) | AD27: =IF(OR(AV27=17,AV27=7),(Z27*16/100+Z27+L27-Z27)*U27,IF(OR(AV27=16,AV27=15,AV27=8,AV27=13,AV27=1,AV27=9,AV27=20,AV27=21),Z27*U27,IF(AV27=12,(Z27+L27-Z27)*U27,IF(OR(AV27=4,AV27=11),(Z27*16/100+Z27)*U27,IF(AV27=6,(Z27+L27-Z27)*U27,0))))) -> #VALUE! | AE27: =IF(OR(U27="",Z27="",Z27=0),"",IF(AD27=0,"",IF(AD27/U27>L27,L27*U27,AD27))) | AG27: =IF(C27="","",IF(C27-U27=0,"",C27-U27)) | AH27: =IF(AG27="","",AG27*L27) | AO27: =Z27 | AQ27: =IF(AND(COUNTIF(P27:T27,"X")=3,P27="X",S27="X",T27="X"),17,IF(COUNTIF(P27:T27,"x")=0,1,0)) -> 1 | AR27: =IF(AND(COUNTIF(P27:T27,"x")=2,P27="x",T27="X"),7,IF(AND(COUNTIF(P27:T27,"x")=1,P27="X"),4,IF(AND(COUNTIF(P27:T27,"x")=1,T27="X"),6,0))) -> 0 | AS27: =IF(AND(COUNTIF(P27:T27,"x")=2,S27="X",R27="X"),9,IF(AND(COUNTIF(P27:T27,"x")=2,S27="X",P27="X"),11,IF(AND(COUNTIF(P27:T27,"x")=2,S27="X",T27="X"),12,IF(AND(COUNTIF(P27:T27,"x")=1,S27="X"),13,0)))) -> 0 | AT27: =IF(AND(COUNTIF(P27:T27,"X")=3,P27="X",R27="X",T27="X"),21,IF(AND(COUNTIF(P27:T27,"x")=1,R27="X"),8,IF(AND(COUNTIF(P27:T27,"x")=2,R27="X",P27="X"),15,IF(AND(COUNTIF(P27:T27,"x")=2,R27="X",T27="X"),16,0)))) -> 0 | AU27: =IF(AND(COUNTIF(P27:T27,"x")=4,P27="X",R27="X",S27="X",T27="X"),20,IF(AND(COUNTIF(P27:T27,"x")=3,R27="X",S27="X",T27="X"),20,IF(AND(COUNTIF(P27:T27,"x")=3,P27="X",R27="X",S27="X"),20,0))) -> 0 | AV27: =SUM(AQ27:AU27) -> 1 | AW27: =IF(U27="",0,IF(OR(AV27=8,AV27=9,AV27=14,AV27=20),0,IF(Q27<>"",AE27,0))) -> 0 | AX27: =IF(U27="",0,IF(OR(AV27=8,AV27=9,AV27=15,AV27=20,AV27=21),0,IF(P27<>"",AE27,0))) -> 0 | AY27: =IF(U27="",0,IF(OR(AV27=8,AV27=9,AV27=15,AV27=20,AV27=21),0,IF(P27<>"",U27,0))) -> 0 | AZ27: =IF(OR(AV27=4,AV27=7),AX27,0) -> 0 | BA27: =IF(OR(AV27=11,AV27=17),AX27,0) -> 0 | BB27: =IF(AH27="",0,AH27) -> 0 | BC27: =IF(OR(U27="",AV27=20),0,IF(OR(AV27=4,AV27=5,AV27=6,AV27=7,AV27=3,AV27=1),U27,0)) -> 0 | BD27: =IF(OR(U27="",AV27=20),0,IF(OR(AV27=4,AV27=5,AV27=6,AV27=7,AV27=3,AV27=1),AE27,0)) -> 0 | BE27: =IF(OR(U27="",AV27=20),0,IF(OR(AV27=4,AV27=5,AV27=6,AV27=7,AV27=3,AV27=1),N27-BB27,0)) -> 0 | BF27: =IF(OR(U27="",AV27=20),0,IF(OR(AV27=8,AV27=14,AV27=15,AV27=16,AV27=21),U27,0)) -> 0 | BG27: =IF(OR(U27="",AV27=20),0,IF(OR(AV27=8,AV27=14,AV27=15,AV27=16,AV27=21),AE27,0)) -> 0 | BH27: =IF(OR(U27="",AV27=20),0,IF(OR(AV27=8,AV27=14,AV27=15,AV27=16,AV27=21),N27-BB27,0)) -> 0 | BI27: =IF(U27="",0,IF(OR(AV27=9,AV27=20),U27,0)) -> 0 | BJ27: =IF(U27="",0,IF(OR(AV27=9,AV27=20),AE27,0)) -> 0 | BK27: =IF(U27="",0,IF(OR(AV27=9,AV27=20),N27-BB27,0)) -> 0 | BL27: =IF(OR(U27="",AV27=20),0,IF(OR(AV27=10,AV27=11,AV27=12,AV27=13,AV27=17,AV27=18),U27,0)) -> 0 | BM27: =IF(OR(U27="",AV27=20),0,IF(OR(AV27=10,AV27=11,AV27=12,AV27=13,AV27=17,AV27=18),AE27,0)) -> 0 | BN27: =IF(OR(U27="",AV27=20),0,IF(OR(AV27=10,AV27=11,AV27=12,AV27=13,AV27=17,AV27=18),N27-BB27,0)) -> 0
N28: =IF(OR(C28="",L28=""),"",L28*C28) | V28: =IF(L28<Z28,L28,Z28) | W28: =IF(OR(L28="",Z28=""),0,L28-Z28) -> 0 | X28: =IF(E28="",0,E28-2) -> 0 | Y28: =IF(OR(L28="",U28=""),"",IF(AND(E28=1,L28>=45),45,IF(AND(E28=1,L28<45),45,IF(AND(E28=2,L28>60),60,IF(AND(E28=2,L28<60),60,IF(AND(F28=3,L28>72),72,IF(AND(E28>2,X28*12+60>L28),X28*12+60,X28*12+60))))))) | Z28: =IF(OR(L28="",U28="",U28=0),"",IF(AND(E28=1,L28>=45),45,IF(AND(E28=1,L28<45),L28,IF(AND(E28=2,L28>60),60,IF(AND(E28=2,L28<60),L28,IF(AND(F28=3,L28>72),72,IF(AND(E28>2,X28*12+60>L28),L28,X28*12+60))))))) | AB28: =IF(AND(P28="x",S28="x",T28="x"),"",IF(AND(P28="x",R28="x",S28="x"),"",IF(OR(AV28=8,AV28=9,U28=""),"",IF(OR(AV28=4,AV28=11),Z28*16/100,"")))) | AD28: =IF(OR(AV28=17,AV28=7),(Z28*16/100+Z28+L28-Z28)*U28,IF(OR(AV28=16,AV28=15,AV28=8,AV28=13,AV28=1,AV28=9,AV28=20,AV28=21),Z28*U28,IF(AV28=12,(Z28+L28-Z28)*U28,IF(OR(AV28=4,AV28=11),(Z28*16/100+Z28)*U28,IF(AV28=6,(Z28+L28-Z28)*U28,0))))) -> #VALUE! | AE28: =IF(OR(U28="",Z28="",Z28=0),"",IF(AD28=0,"",IF(AD28/U28>L28,L28*U28,AD28))) | AG28: =IF(C28="","",IF(C28-U28=0,"",C28-U28)) | AH28: =IF(AG28="","",AG28*L28) | AO28: =Z28 | AQ28: =IF(AND(COUNTIF(P28:T28,"X")=3,P28="X",S28="X",T28="X"),17,IF(COUNTIF(P28:T28,"x")=0,1,0)) -> 1 | AR28: =IF(AND(COUNTIF(P28:T28,"x")=2,P28="x",T28="X"),7,IF(AND(COUNTIF(P28:T28,"x")=1,P28="X"),4,IF(AND(COUNTIF(P28:T28,"x")=1,T28="X"),6,0))) -> 0 | AS28: =IF(AND(COUNTIF(P28:T28,"x")=2,S28="X",R28="X"),9,IF(AND(COUNTIF(P28:T28,"x")=2,S28="X",P28="X"),11,IF(AND(COUNTIF(P28:T28,"x")=2,S28="X",T28="X"),12,IF(AND(COUNTIF(P28:T28,"x")=1,S28="X"),13,0)))) -> 0 | AT28: =IF(AND(COUNTIF(P28:T28,"X")=3,P28="X",R28="X",T28="X"),21,IF(AND(COUNTIF(P28:T28,"x")=1,R28="X"),8,IF(AND(COUNTIF(P28:T28,"x")=2,R28="X",P28="X"),15,IF(AND(COUNTIF(P28:T28,"x")=2,R28="X",T28="X"),16,0)))) -> 0 | AU28: =IF(AND(COUNTIF(P28:T28,"x")=4,P28="X",R28="X",S28="X",T28="X"),20,IF(AND(COUNTIF(P28:T28,"x")=3,R28="X",S28="X",T28="X"),20,IF(AND(COUNTIF(P28:T28,"x")=3,P28="X",R28="X",S28="X"),20,0))) -> 0 | AV28: =SUM(AQ28:AU28) -> 1 | AW28: =IF(U28="",0,IF(OR(AV28=8,AV28=9,AV28=14,AV28=20),0,IF(Q28<>"",AE28,0))) -> 0 | AX28: =IF(U28="",0,IF(OR(AV28=8,AV28=9,AV28=15,AV28=20,AV28=21),0,IF(P28<>"",AE28,0))) -> 0 | AY28: =IF(U28="",0,IF(OR(AV28=8,AV28=9,AV28=15,AV28=20,AV28=21),0,IF(P28<>"",U28,0))) -> 0 | AZ28: =IF(OR(AV28=4,AV28=7),AX28,0) -> 0 | BA28: =IF(OR(AV28=11,AV28=17),AX28,0) -> 0 | BB28: =IF(AH28="",0,AH28) -> 0 | BC28: =IF(OR(U28="",AV28=20),0,IF(OR(AV28=4,AV28=5,AV28=6,AV28=7,AV28=3,AV28=1),U28,0)) -> 0 | BD28: =IF(OR(U28="",AV28=20),0,IF(OR(AV28=4,AV28=5,AV28=6,AV28=7,AV28=3,AV28=1),AE28,0)) -> 0 | BE28: =IF(OR(U28="",AV28=20),0,IF(OR(AV28=4,AV28=5,AV28=6,AV28=7,AV28=3,AV28=1),N28-BB28,0)) -> 0 | BF28: =IF(OR(U28="",AV28=20),0,IF(OR(AV28=8,AV28=14,AV28=15,AV28=16,AV28=21),U28,0)) -> 0 | BG28: =IF(OR(U28="",AV28=20),0,IF(OR(AV28=8,AV28=14,AV28=15,AV28=16,AV28=21),AE28,0)) -> 0 | BH28: =IF(OR(U28="",AV28=20),0,IF(OR(AV28=8,AV28=14,AV28=15,AV28=16,AV28=21),N28-BB28,0)) -> 0 | BI28: =IF(U28="",0,IF(OR(AV28=9,AV28=20),U28,0)) -> 0 | BJ28: =IF(U28="",0,IF(OR(AV28=9,AV28=20),AE28,0)) -> 0 | BK28: =IF(U28="",0,IF(OR(AV28=9,AV28=20),N28-BB28,0)) -> 0 | BL28: =IF(OR(U28="",AV28=20),0,IF(OR(AV28=10,AV28=11,AV28=12,AV28=13,AV28=17,AV28=18),U28,0)) -> 0 | BM28: =IF(OR(U28="",AV28=20),0,IF(OR(AV28=10,AV28=11,AV28=12,AV28=13,AV28=17,AV28=18),AE28,0)) -> 0 | BN28: =IF(OR(U28="",AV28=20),0,IF(OR(AV28=10,AV28=11,AV28=12,AV28=13,AV28=17,AV28=18),N28-BB28,0)) -> 0
N29: =IF(OR(C29="",L29=""),"",L29*C29) | V29: =IF(L29<Z29,L29,Z29) | W29: =IF(OR(L29="",Z29=""),0,L29-Z29) -> 0 | X29: =IF(E29="",0,E29-2) -> 0 | Y29: =IF(OR(L29="",U29=""),"",IF(AND(E29=1,L29>=45),45,IF(AND(E29=1,L29<45),45,IF(AND(E29=2,L29>60),60,IF(AND(E29=2,L29<60),60,IF(AND(F29=3,L29>72),72,IF(AND(E29>2,X29*12+60>L29),X29*12+60,X29*12+60))))))) | Z29: =IF(OR(L29="",U29="",U29=0),"",IF(AND(E29=1,L29>=45),45,IF(AND(E29=1,L29<45),L29,IF(AND(E29=2,L29>60),60,IF(AND(E29=2,L29<60),L29,IF(AND(F29=3,L29>72),72,IF(AND(E29>2,X29*12+60>L29),L29,X29*12+60))))))) | AB29: =IF(AND(P29="x",S29="x",T29="x"),"",IF(AND(P29="x",R29="x",S29="x"),"",IF(OR(AV29=8,AV29=9,U29=""),"",IF(OR(AV29=4,AV29=11),Z29*16/100,"")))) | AD29: =IF(OR(AV29=17,AV29=7),(Z29*16/100+Z29+L29-Z29)*U29,IF(OR(AV29=16,AV29=15,AV29=8,AV29=13,AV29=1,AV29=9,AV29=20,AV29=21),Z29*U29,IF(AV29=12,(Z29+L29-Z29)*U29,IF(OR(AV29=4,AV29=11),(Z29*16/100+Z29)*U29,IF(AV29=6,(Z29+L29-Z29)*U29,0))))) -> #VALUE! | AE29: =IF(OR(U29="",Z29="",Z29=0),"",IF(AD29=0,"",IF(AD29/U29>L29,L29*U29,AD29))) | AG29: =IF(C29="","",IF(C29-U29=0,"",C29-U29)) | AH29: =IF(AG29="","",AG29*L29) | AO29: =Z29 | AQ29: =IF(AND(COUNTIF(P29:T29,"X")=3,P29="X",S29="X",T29="X"),17,IF(COUNTIF(P29:T29,"x")=0,1,0)) -> 1 | AR29: =IF(AND(COUNTIF(P29:T29,"x")=2,P29="x",T29="X"),7,IF(AND(COUNTIF(P29:T29,"x")=1,P29="X"),4,IF(AND(COUNTIF(P29:T29,"x")=1,T29="X"),6,0))) -> 0 | AS29: =IF(AND(COUNTIF(P29:T29,"x")=2,S29="X",R29="X"),9,IF(AND(COUNTIF(P29:T29,"x")=2,S29="X",P29="X"),11,IF(AND(COUNTIF(P29:T29,"x")=2,S29="X",T29="X"),12,IF(AND(COUNTIF(P29:T29,"x")=1,S29="X"),13,0)))) -> 0 | AT29: =IF(AND(COUNTIF(P29:T29,"X")=3,P29="X",R29="X",T29="X"),21,IF(AND(COUNTIF(P29:T29,"x")=1,R29="X"),8,IF(AND(COUNTIF(P29:T29,"x")=2,R29="X",P29="X"),15,IF(AND(COUNTIF(P29:T29,"x")=2,R29="X",T29="X"),16,0)))) -> 0 | AU29: =IF(AND(COUNTIF(P29:T29,"x")=4,P29="X",R29="X",S29="X",T29="X"),20,IF(AND(COUNTIF(P29:T29,"x")=3,R29="X",S29="X",T29="X"),20,IF(AND(COUNTIF(P29:T29,"x")=3,P29="X",R29="X",S29="X"),20,0))) -> 0 | AV29: =SUM(AQ29:AU29) -> 1 | AW29: =IF(U29="",0,IF(OR(AV29=8,AV29=9,AV29=14,AV29=20),0,IF(Q29<>"",AE29,0))) -> 0 | AX29: =IF(U29="",0,IF(OR(AV29=8,AV29=9,AV29=15,AV29=20,AV29=21),0,IF(P29<>"",AE29,0))) -> 0 | AY29: =IF(U29="",0,IF(OR(AV29=8,AV29=9,AV29=15,AV29=20,AV29=21),0,IF(P29<>"",U29,0))) -> 0 | AZ29: =IF(OR(AV29=4,AV29=7),AX29,0) -> 0 | BA29: =IF(OR(AV29=11,AV29=17),AX29,0) -> 0 | BB29: =IF(AH29="",0,AH29) -> 0 | BC29: =IF(OR(U29="",AV29=20),0,IF(OR(AV29=4,AV29=5,AV29=6,AV29=7,AV29=3,AV29=1),U29,0)) -> 0 | BD29: =IF(OR(U29="",AV29=20),0,IF(OR(AV29=4,AV29=5,AV29=6,AV29=7,AV29=3,AV29=1),AE29,0)) -> 0 | BE29: =IF(OR(U29="",AV29=20),0,IF(OR(AV29=4,AV29=5,AV29=6,AV29=7,AV29=3,AV29=1),N29-BB29,0)) -> 0 | BF29: =IF(OR(U29="",AV29=20),0,IF(OR(AV29=8,AV29=14,AV29=15,AV29=16,AV29=21),U29,0)) -> 0 | BG29: =IF(OR(U29="",AV29=20),0,IF(OR(AV29=8,AV29=14,AV29=15,AV29=16,AV29=21),AE29,0)) -> 0 | BH29: =IF(OR(U29="",AV29=20),0,IF(OR(AV29=8,AV29=14,AV29=15,AV29=16,AV29=21),N29-BB29,0)) -> 0 | BI29: =IF(U29="",0,IF(OR(AV29=9,AV29=20),U29,0)) -> 0 | BJ29: =IF(U29="",0,IF(OR(AV29=9,AV29=20),AE29,0)) -> 0 | BK29: =IF(U29="",0,IF(OR(AV29=9,AV29=20),N29-BB29,0)) -> 0 | BL29: =IF(OR(U29="",AV29=20),0,IF(OR(AV29=10,AV29=11,AV29=12,AV29=13,AV29=17,AV29=18),U29,0)) -> 0 | BM29: =IF(OR(U29="",AV29=20),0,IF(OR(AV29=10,AV29=11,AV29=12,AV29=13,AV29=17,AV29=18),AE29,0)) -> 0 | BN29: =IF(OR(U29="",AV29=20),0,IF(OR(AV29=10,AV29=11,AV29=12,AV29=13,AV29=17,AV29=18),N29-BB29,0)) -> 0
N30: =IF(OR(C30="",L30=""),"",L30*C30) | V30: =IF(L30<Z30,L30,Z30) | W30: =IF(OR(L30="",Z30=""),0,L30-Z30) -> 0 | X30: =IF(E30="",0,E30-2) -> 0 | Y30: =IF(OR(L30="",U30=""),"",IF(AND(E30=1,L30>=45),45,IF(AND(E30=1,L30<45),45,IF(AND(E30=2,L30>60),60,IF(AND(E30=2,L30<60),60,IF(AND(F30=3,L30>72),72,IF(AND(E30>2,X30*12+60>L30),X30*12+60,X30*12+60))))))) | Z30: =IF(OR(L30="",U30="",U30=0),"",IF(AND(E30=1,L30>=45),45,IF(AND(E30=1,L30<45),L30,IF(AND(E30=2,L30>60),60,IF(AND(E30=2,L30<60),L30,IF(AND(F30=3,L30>72),72,IF(AND(E30>2,X30*12+60>L30),L30,X30*12+60))))))) | AB30: =IF(AND(P30="x",S30="x",T30="x"),"",IF(AND(P30="x",R30="x",S30="x"),"",IF(OR(AV30=8,AV30=9,U30=""),"",IF(OR(AV30=4,AV30=11),Z30*16/100,"")))) | AD30: =IF(OR(AV30=17,AV30=7),(Z30*16/100+Z30+L30-Z30)*U30,IF(OR(AV30=16,AV30=15,AV30=8,AV30=13,AV30=1,AV30=9,AV30=20,AV30=21),Z30*U30,IF(AV30=12,(Z30+L30-Z30)*U30,IF(OR(AV30=4,AV30=11),(Z30*16/100+Z30)*U30,IF(AV30=6,(Z30+L30-Z30)*U30,0))))) -> #VALUE! | AE30: =IF(OR(U30="",Z30="",Z30=0),"",IF(AD30=0,"",IF(AD30/U30>L30,L30*U30,AD30))) | AG30: =IF(C30="","",IF(C30-U30=0,"",C30-U30)) | AH30: =IF(AG30="","",AG30*L30) | AO30: =Z30 | AQ30: =IF(AND(COUNTIF(P30:T30,"X")=3,P30="X",S30="X",T30="X"),17,IF(COUNTIF(P30:T30,"x")=0,1,0)) -> 1 | AR30: =IF(AND(COUNTIF(P30:T30,"x")=2,P30="x",T30="X"),7,IF(AND(COUNTIF(P30:T30,"x")=1,P30="X"),4,IF(AND(COUNTIF(P30:T30,"x")=1,T30="X"),6,0))) -> 0 | AS30: =IF(AND(COUNTIF(P30:T30,"x")=2,S30="X",R30="X"),9,IF(AND(COUNTIF(P30:T30,"x")=2,S30="X",P30="X"),11,IF(AND(COUNTIF(P30:T30,"x")=2,S30="X",T30="X"),12,IF(AND(COUNTIF(P30:T30,"x")=1,S30="X"),13,0)))) -> 0 | AT30: =IF(AND(COUNTIF(P30:T30,"X")=3,P30="X",R30="X",T30="X"),21,IF(AND(COUNTIF(P30:T30,"x")=1,R30="X"),8,IF(AND(COUNTIF(P30:T30,"x")=2,R30="X",P30="X"),15,IF(AND(COUNTIF(P30:T30,"x")=2,R30="X",T30="X"),16,0)))) -> 0 | AU30: =IF(AND(COUNTIF(P30:T30,"x")=4,P30="X",R30="X",S30="X",T30="X"),20,IF(AND(COUNTIF(P30:T30,"x")=3,R30="X",S30="X",T30="X"),20,IF(AND(COUNTIF(P30:T30,"x")=3,P30="X",R30="X",S30="X"),20,0))) -> 0 | AV30: =SUM(AQ30:AU30) -> 1 | AW30: =IF(U30="",0,IF(OR(AV30=8,AV30=9,AV30=14,AV30=20),0,IF(Q30<>"",AE30,0))) -> 0 | AX30: =IF(U30="",0,IF(OR(AV30=8,AV30=9,AV30=15,AV30=20,AV30=21),0,IF(P30<>"",AE30,0))) -> 0 | AY30: =IF(U30="",0,IF(OR(AV30=8,AV30=9,AV30=15,AV30=20,AV30=21),0,IF(P30<>"",U30,0))) -> 0 | AZ30: =IF(OR(AV30=4,AV30=7),AX30,0) -> 0 | BA30: =IF(OR(AV30=11,AV30=17),AX30,0) -> 0 | BB30: =IF(AH30="",0,AH30) -> 0 | BC30: =IF(OR(U30="",AV30=20),0,IF(OR(AV30=4,AV30=5,AV30=6,AV30=7,AV30=3,AV30=1),U30,0)) -> 0 | BD30: =IF(OR(U30="",AV30=20),0,IF(OR(AV30=4,AV30=5,AV30=6,AV30=7,AV30=3,AV30=1),AE30,0)) -> 0 | BE30: =IF(OR(U30="",AV30=20),0,IF(OR(AV30=4,AV30=5,AV30=6,AV30=7,AV30=3,AV30=1),N30-BB30,0)) -> 0 | BF30: =IF(OR(U30="",AV30=20),0,IF(OR(AV30=8,AV30=14,AV30=15,AV30=16,AV30=21),U30,0)) -> 0 | BG30: =IF(OR(U30="",AV30=20),0,IF(OR(AV30=8,AV30=14,AV30=15,AV30=16,AV30=21),AE30,0)) -> 0 | BH30: =IF(OR(U30="",AV30=20),0,IF(OR(AV30=8,AV30=14,AV30=15,AV30=16,AV30=21),N30-BB30,0)) -> 0 | BI30: =IF(U30="",0,IF(OR(AV30=9,AV30=20),U30,0)) -> 0 | BJ30: =IF(U30="",0,IF(OR(AV30=9,AV30=20),AE30,0)) -> 0 | BK30: =IF(U30="",0,IF(OR(AV30=9,AV30=20),N30-BB30,0)) -> 0 | BL30: =IF(OR(U30="",AV30=20),0,IF(OR(AV30=10,AV30=11,AV30=12,AV30=13,AV30=17,AV30=18),U30,0)) -> 0 | BM30: =IF(OR(U30="",AV30=20),0,IF(OR(AV30=10,AV30=11,AV30=12,AV30=13,AV30=17,AV30=18),AE30,0)) -> 0 | BN30: =IF(OR(U30="",AV30=20),0,IF(OR(AV30=10,AV30=11,AV30=12,AV30=13,AV30=17,AV30=18),N30-BB30,0)) -> 0
N31: =IF(OR(C31="",L31=""),"",L31*C31) | V31: =IF(L31<Z31,L31,Z31) | W31: =IF(OR(L31="",Z31=""),0,L31-Z31) -> 0 | X31: =IF(E31="",0,E31-2) -> 0 | Y31: =IF(OR(L31="",U31=""),"",IF(AND(E31=1,L31>=45),45,IF(AND(E31=1,L31<45),45,IF(AND(E31=2,L31>60),60,IF(AND(E31=2,L31<60),60,IF(AND(F31=3,L31>72),72,IF(AND(E31>2,X31*12+60>L31),X31*12+60,X31*12+60))))))) | Z31: =IF(OR(L31="",U31="",U31=0),"",IF(AND(E31=1,L31>=45),45,IF(AND(E31=1,L31<45),L31,IF(AND(E31=2,L31>60),60,IF(AND(E31=2,L31<60),L31,IF(AND(F31=3,L31>72),72,IF(AND(E31>2,X31*12+60>L31),L31,X31*12+60))))))) | AB31: =IF(AND(P31="x",S31="x",T31="x"),"",IF(AND(P31="x",R31="x",S31="x"),"",IF(OR(AV31=8,AV31=9,U31=""),"",IF(OR(AV31=4,AV31=11),Z31*16/100,"")))) | AD31: =IF(OR(AV31=17,AV31=7),(Z31*16/100+Z31+L31-Z31)*U31,IF(OR(AV31=16,AV31=15,AV31=8,AV31=13,AV31=1,AV31=9,AV31=20,AV31=21),Z31*U31,IF(AV31=12,(Z31+L31-Z31)*U31,IF(OR(AV31=4,AV31=11),(Z31*16/100+Z31)*U31,IF(AV31=6,(Z31+L31-Z31)*U31,0))))) -> #VALUE! | AE31: =IF(OR(U31="",Z31="",Z31=0),"",IF(AD31=0,"",IF(AD31/U31>L31,L31*U31,AD31))) | AG31: =IF(C31="","",IF(C31-U31=0,"",C31-U31)) | AH31: =IF(AG31="","",AG31*L31) | AO31: =Z31 | AQ31: =IF(AND(COUNTIF(P31:T31,"X")=3,P31="X",S31="X",T31="X"),17,IF(COUNTIF(P31:T31,"x")=0,1,0)) -> 1 | AR31: =IF(AND(COUNTIF(P31:T31,"x")=2,P31="x",T31="X"),7,IF(AND(COUNTIF(P31:T31,"x")=1,P31="X"),4,IF(AND(COUNTIF(P31:T31,"x")=1,T31="X"),6,0))) -> 0 | AS31: =IF(AND(COUNTIF(P31:T31,"x")=2,S31="X",R31="X"),9,IF(AND(COUNTIF(P31:T31,"x")=2,S31="X",P31="X"),11,IF(AND(COUNTIF(P31:T31,"x")=2,S31="X",T31="X"),12,IF(AND(COUNTIF(P31:T31,"x")=1,S31="X"),13,0)))) -> 0 | AT31: =IF(AND(COUNTIF(P31:T31,"X")=3,P31="X",R31="X",T31="X"),21,IF(AND(COUNTIF(P31:T31,"x")=1,R31="X"),8,IF(AND(COUNTIF(P31:T31,"x")=2,R31="X",P31="X"),15,IF(AND(COUNTIF(P31:T31,"x")=2,R31="X",T31="X"),16,0)))) -> 0 | AU31: =IF(AND(COUNTIF(P31:T31,"x")=4,P31="X",R31="X",S31="X",T31="X"),20,IF(AND(COUNTIF(P31:T31,"x")=3,R31="X",S31="X",T31="X"),20,IF(AND(COUNTIF(P31:T31,"x")=3,P31="X",R31="X",S31="X"),20,0))) -> 0 | AV31: =SUM(AQ31:AU31) -> 1 | AW31: =IF(U31="",0,IF(OR(AV31=8,AV31=9,AV31=14,AV31=20),0,IF(Q31<>"",AE31,0))) -> 0 | AX31: =IF(U31="",0,IF(OR(AV31=8,AV31=9,AV31=15,AV31=20,AV31=21),0,IF(P31<>"",AE31,0))) -> 0 | AY31: =IF(U31="",0,IF(OR(AV31=8,AV31=9,AV31=15,AV31=20,AV31=21),0,IF(P31<>"",U31,0))) -> 0 | AZ31: =IF(OR(AV31=4,AV31=7),AX31,0) -> 0 | BA31: =IF(OR(AV31=11,AV31=17),AX31,0) -> 0 | BB31: =IF(AH31="",0,AH31) -> 0 | BC31: =IF(OR(U31="",AV31=20),0,IF(OR(AV31=4,AV31=5,AV31=6,AV31=7,AV31=3,AV31=1),U31,0)) -> 0 | BD31: =IF(OR(U31="",AV31=20),0,IF(OR(AV31=4,AV31=5,AV31=6,AV31=7,AV31=3,AV31=1),AE31,0)) -> 0 | BE31: =IF(OR(U31="",AV31=20),0,IF(OR(AV31=4,AV31=5,AV31=6,AV31=7,AV31=3,AV31=1),N31-BB31,0)) -> 0 | BF31: =IF(OR(U31="",AV31=20),0,IF(OR(AV31=8,AV31=14,AV31=15,AV31=16,AV31=21),U31,0)) -> 0 | BG31: =IF(OR(U31="",AV31=20),0,IF(OR(AV31=8,AV31=14,AV31=15,AV31=16,AV31=21),AE31,0)) -> 0 | BH31: =IF(OR(U31="",AV31=20),0,IF(OR(AV31=8,AV31=14,AV31=15,AV31=16,AV31=21),N31-BB31,0)) -> 0 | BI31: =IF(U31="",0,IF(OR(AV31=9,AV31=20),U31,0)) -> 0 | BJ31: =IF(U31="",0,IF(OR(AV31=9,AV31=20),AE31,0)) -> 0 | BK31: =IF(U31="",0,IF(OR(AV31=9,AV31=20),N31-BB31,0)) -> 0 | BL31: =IF(OR(U31="",AV31=20),0,IF(OR(AV31=10,AV31=11,AV31=12,AV31=13,AV31=17,AV31=18),U31,0)) -> 0 | BM31: =IF(OR(U31="",AV31=20),0,IF(OR(AV31=10,AV31=11,AV31=12,AV31=13,AV31=17,AV31=18),AE31,0)) -> 0 | BN31: =IF(OR(U31="",AV31=20),0,IF(OR(AV31=10,AV31=11,AV31=12,AV31=13,AV31=17,AV31=18),N31-BB31,0)) -> 0
N32: =IF(OR(C32="",L32=""),"",L32*C32) | V32: =IF(L32<Z32,L32,Z32) | W32: =IF(OR(L32="",Z32=""),0,L32-Z32) -> 0 | X32: =IF(E32="",0,E32-2) -> 0 | Y32: =IF(OR(L32="",U32=""),"",IF(AND(E32=1,L32>=45),45,IF(AND(E32=1,L32<45),45,IF(AND(E32=2,L32>60),60,IF(AND(E32=2,L32<60),60,IF(AND(F32=3,L32>72),72,IF(AND(E32>2,X32*12+60>L32),X32*12+60,X32*12+60))))))) | Z32: =IF(OR(L32="",U32="",U32=0),"",IF(AND(E32=1,L32>=45),45,IF(AND(E32=1,L32<45),L32,IF(AND(E32=2,L32>60),60,IF(AND(E32=2,L32<60),L32,IF(AND(F32=3,L32>72),72,IF(AND(E32>2,X32*12+60>L32),L32,X32*12+60))))))) | AB32: =IF(AND(P32="x",S32="x",T32="x"),"",IF(AND(P32="x",R32="x",S32="x"),"",IF(OR(AV32=8,AV32=9,U32=""),"",IF(OR(AV32=4,AV32=11),Z32*16/100,"")))) | AD32: =IF(OR(AV32=17,AV32=7),(Z32*16/100+Z32+L32-Z32)*U32,IF(OR(AV32=16,AV32=15,AV32=8,AV32=13,AV32=1,AV32=9,AV32=20,AV32=21),Z32*U32,IF(AV32=12,(Z32+L32-Z32)*U32,IF(OR(AV32=4,AV32=11),(Z32*16/100+Z32)*U32,IF(AV32=6,(Z32+L32-Z32)*U32,0))))) -> #VALUE! | AE32: =IF(OR(U32="",Z32="",Z32=0),"",IF(AD32=0,"",IF(AD32/U32>L32,L32*U32,AD32))) | AG32: =IF(C32="","",IF(C32-U32=0,"",C32-U32)) | AH32: =IF(AG32="","",AG32*L32) | AO32: =Z32 | AQ32: =IF(AND(COUNTIF(P32:T32,"X")=3,P32="X",S32="X",T32="X"),17,IF(COUNTIF(P32:T32,"x")=0,1,0)) -> 1 | AR32: =IF(AND(COUNTIF(P32:T32,"x")=2,P32="x",T32="X"),7,IF(AND(COUNTIF(P32:T32,"x")=1,P32="X"),4,IF(AND(COUNTIF(P32:T32,"x")=1,T32="X"),6,0))) -> 0 | AS32: =IF(AND(COUNTIF(P32:T32,"x")=2,S32="X",R32="X"),9,IF(AND(COUNTIF(P32:T32,"x")=2,S32="X",P32="X"),11,IF(AND(COUNTIF(P32:T32,"x")=2,S32="X",T32="X"),12,IF(AND(COUNTIF(P32:T32,"x")=1,S32="X"),13,0)))) -> 0 | AT32: =IF(AND(COUNTIF(P32:T32,"X")=3,P32="X",R32="X",T32="X"),21,IF(AND(COUNTIF(P32:T32,"x")=1,R32="X"),8,IF(AND(COUNTIF(P32:T32,"x")=2,R32="X",P32="X"),15,IF(AND(COUNTIF(P32:T32,"x")=2,R32="X",T32="X"),16,0)))) -> 0 | AU32: =IF(AND(COUNTIF(P32:T32,"x")=4,P32="X",R32="X",S32="X",T32="X"),20,IF(AND(COUNTIF(P32:T32,"x")=3,R32="X",S32="X",T32="X"),20,IF(AND(COUNTIF(P32:T32,"x")=3,P32="X",R32="X",S32="X"),20,0))) -> 0 | AV32: =SUM(AQ32:AU32) -> 1 | AW32: =IF(U32="",0,IF(OR(AV32=8,AV32=9,AV32=14,AV32=20),0,IF(Q32<>"",AE32,0))) -> 0 | AX32: =IF(U32="",0,IF(OR(AV32=8,AV32=9,AV32=15,AV32=20,AV32=21),0,IF(P32<>"",AE32,0))) -> 0 | AY32: =IF(U32="",0,IF(OR(AV32=8,AV32=9,AV32=15,AV32=20,AV32=21),0,IF(P32<>"",U32,0))) -> 0 | AZ32: =IF(OR(AV32=4,AV32=7),AX32,0) -> 0 | BA32: =IF(OR(AV32=11,AV32=17),AX32,0) -> 0 | BB32: =IF(AH32="",0,AH32) -> 0 | BC32: =IF(OR(U32="",AV32=20),0,IF(OR(AV32=4,AV32=5,AV32=6,AV32=7,AV32=3,AV32=1),U32,0)) -> 0 | BD32: =IF(OR(U32="",AV32=20),0,IF(OR(AV32=4,AV32=5,AV32=6,AV32=7,AV32=3,AV32=1),AE32,0)) -> 0 | BE32: =IF(OR(U32="",AV32=20),0,IF(OR(AV32=4,AV32=5,AV32=6,AV32=7,AV32=3,AV32=1),N32-BB32,0)) -> 0 | BF32: =IF(OR(U32="",AV32=20),0,IF(OR(AV32=8,AV32=14,AV32=15,AV32=16,AV32=21),U32,0)) -> 0 | BG32: =IF(OR(U32="",AV32=20),0,IF(OR(AV32=8,AV32=14,AV32=15,AV32=16,AV32=21),AE32,0)) -> 0 | BH32: =IF(OR(U32="",AV32=20),0,IF(OR(AV32=8,AV32=14,AV32=15,AV32=16,AV32=21),N32-BB32,0)) -> 0 | BI32: =IF(U32="",0,IF(OR(AV32=9,AV32=20),U32,0)) -> 0 | BJ32: =IF(U32="",0,IF(OR(AV32=9,AV32=20),AE32,0)) -> 0 | BK32: =IF(U32="",0,IF(OR(AV32=9,AV32=20),N32-BB32,0)) -> 0 | BL32: =IF(OR(U32="",AV32=20),0,IF(OR(AV32=10,AV32=11,AV32=12,AV32=13,AV32=17,AV32=18),U32,0)) -> 0 | BM32: =IF(OR(U32="",AV32=20),0,IF(OR(AV32=10,AV32=11,AV32=12,AV32=13,AV32=17,AV32=18),AE32,0)) -> 0 | BN32: =IF(OR(U32="",AV32=20),0,IF(OR(AV32=10,AV32=11,AV32=12,AV32=13,AV32=17,AV32=18),N32-BB32,0)) -> 0
N33: =IF(OR(C33="",L33=""),"",L33*C33) | V33: =IF(L33<Z33,L33,Z33) | W33: =IF(OR(L33="",Z33=""),0,L33-Z33) -> 0 | X33: =IF(E33="",0,E33-2) -> 0 | Y33: =IF(OR(L33="",U33=""),"",IF(AND(E33=1,L33>=45),45,IF(AND(E33=1,L33<45),45,IF(AND(E33=2,L33>60),60,IF(AND(E33=2,L33<60),60,IF(AND(F33=3,L33>72),72,IF(AND(E33>2,X33*12+60>L33),X33*12+60,X33*12+60))))))) | Z33: =IF(OR(L33="",U33="",U33=0),"",IF(AND(E33=1,L33>=45),45,IF(AND(E33=1,L33<45),L33,IF(AND(E33=2,L33>60),60,IF(AND(E33=2,L33<60),L33,IF(AND(F33=3,L33>72),72,IF(AND(E33>2,X33*12+60>L33),L33,X33*12+60))))))) | AB33: =IF(AND(P33="x",S33="x",T33="x"),"",IF(AND(P33="x",R33="x",S33="x"),"",IF(OR(AV33=8,AV33=9,U33=""),"",IF(OR(AV33=4,AV33=11),Z33*16/100,"")))) | AD33: =IF(OR(AV33=17,AV33=7),(Z33*16/100+Z33+L33-Z33)*U33,IF(OR(AV33=16,AV33=15,AV33=8,AV33=13,AV33=1,AV33=9,AV33=20,AV33=21),Z33*U33,IF(AV33=12,(Z33+L33-Z33)*U33,IF(OR(AV33=4,AV33=11),(Z33*16/100+Z33)*U33,IF(AV33=6,(Z33+L33-Z33)*U33,0))))) -> #VALUE! | AE33: =IF(OR(U33="",Z33="",Z33=0),"",IF(AD33=0,"",IF(AD33/U33>L33,L33*U33,AD33))) | AG33: =IF(C33="","",IF(C33-U33=0,"",C33-U33)) | AH33: =IF(AG33="","",AG33*L33) | AO33: =Z33 | AQ33: =IF(AND(COUNTIF(P33:T33,"X")=3,P33="X",S33="X",T33="X"),17,IF(COUNTIF(P33:T33,"x")=0,1,0)) -> 1 | AR33: =IF(AND(COUNTIF(P33:T33,"x")=2,P33="x",T33="X"),7,IF(AND(COUNTIF(P33:T33,"x")=1,P33="X"),4,IF(AND(COUNTIF(P33:T33,"x")=1,T33="X"),6,0))) -> 0 | AS33: =IF(AND(COUNTIF(P33:T33,"x")=2,S33="X",R33="X"),9,IF(AND(COUNTIF(P33:T33,"x")=2,S33="X",P33="X"),11,IF(AND(COUNTIF(P33:T33,"x")=2,S33="X",T33="X"),12,IF(AND(COUNTIF(P33:T33,"x")=1,S33="X"),13,0)))) -> 0 | AT33: =IF(AND(COUNTIF(P33:T33,"X")=3,P33="X",R33="X",T33="X"),21,IF(AND(COUNTIF(P33:T33,"x")=1,R33="X"),8,IF(AND(COUNTIF(P33:T33,"x")=2,R33="X",P33="X"),15,IF(AND(COUNTIF(P33:T33,"x")=2,R33="X",T33="X"),16,0)))) -> 0 | AU33: =IF(AND(COUNTIF(P33:T33,"x")=4,P33="X",R33="X",S33="X",T33="X"),20,IF(AND(COUNTIF(P33:T33,"x")=3,R33="X",S33="X",T33="X"),20,IF(AND(COUNTIF(P33:T33,"x")=3,P33="X",R33="X",S33="X"),20,0))) -> 0 | AV33: =SUM(AQ33:AU33) -> 1 | AW33: =IF(U33="",0,IF(OR(AV33=8,AV33=9,AV33=14,AV33=20),0,IF(Q33<>"",AE33,0))) -> 0 | AX33: =IF(U33="",0,IF(OR(AV33=8,AV33=9,AV33=15,AV33=20,AV33=21),0,IF(P33<>"",AE33,0))) -> 0 | AY33: =IF(U33="",0,IF(OR(AV33=8,AV33=9,AV33=15,AV33=20,AV33=21),0,IF(P33<>"",U33,0))) -> 0 | AZ33: =IF(OR(AV33=4,AV33=7),AX33,0) -> 0 | BA33: =IF(OR(AV33=11,AV33=17),AX33,0) -> 0 | BB33: =IF(AH33="",0,AH33) -> 0 | BC33: =IF(OR(U33="",AV33=20),0,IF(OR(AV33=4,AV33=5,AV33=6,AV33=7,AV33=3,AV33=1),U33,0)) -> 0 | BD33: =IF(OR(U33="",AV33=20),0,IF(OR(AV33=4,AV33=5,AV33=6,AV33=7,AV33=3,AV33=1),AE33,0)) -> 0 | BE33: =IF(OR(U33="",AV33=20),0,IF(OR(AV33=4,AV33=5,AV33=6,AV33=7,AV33=3,AV33=1),N33-BB33,0)) -> 0 | BF33: =IF(OR(U33="",AV33=20),0,IF(OR(AV33=8,AV33=14,AV33=15,AV33=16,AV33=21),U33,0)) -> 0 | BG33: =IF(OR(U33="",AV33=20),0,IF(OR(AV33=8,AV33=14,AV33=15,AV33=16,AV33=21),AE33,0)) -> 0 | BH33: =IF(OR(U33="",AV33=20),0,IF(OR(AV33=8,AV33=14,AV33=15,AV33=16,AV33=21),N33-BB33,0)) -> 0 | BI33: =IF(U33="",0,IF(OR(AV33=9,AV33=20),U33,0)) -> 0 | BJ33: =IF(U33="",0,IF(OR(AV33=9,AV33=20),AE33,0)) -> 0 | BK33: =IF(U33="",0,IF(OR(AV33=9,AV33=20),N33-BB33,0)) -> 0 | BL33: =IF(OR(U33="",AV33=20),0,IF(OR(AV33=10,AV33=11,AV33=12,AV33=13,AV33=17,AV33=18),U33,0)) -> 0 | BM33: =IF(OR(U33="",AV33=20),0,IF(OR(AV33=10,AV33=11,AV33=12,AV33=13,AV33=17,AV33=18),AE33,0)) -> 0 | BN33: =IF(OR(U33="",AV33=20),0,IF(OR(AV33=10,AV33=11,AV33=12,AV33=13,AV33=17,AV33=18),N33-BB33,0)) -> 0
N34: =IF(OR(C34="",L34=""),"",L34*C34) | V34: =IF(L34<Z34,L34,Z34) | W34: =IF(OR(L34="",Z34=""),0,L34-Z34) -> 0 | X34: =IF(E34="",0,E34-2) -> 0 | Y34: =IF(OR(L34="",U34=""),"",IF(AND(E34=1,L34>=45),45,IF(AND(E34=1,L34<45),45,IF(AND(E34=2,L34>60),60,IF(AND(E34=2,L34<60),60,IF(AND(F34=3,L34>72),72,IF(AND(E34>2,X34*12+60>L34),X34*12+60,X34*12+60))))))) | Z34: =IF(OR(L34="",U34="",U34=0),"",IF(AND(E34=1,L34>=45),45,IF(AND(E34=1,L34<45),L34,IF(AND(E34=2,L34>60),60,IF(AND(E34=2,L34<60),L34,IF(AND(F34=3,L34>72),72,IF(AND(E34>2,X34*12+60>L34),L34,X34*12+60))))))) | AB34: =IF(AND(P34="x",S34="x",T34="x"),"",IF(AND(P34="x",R34="x",S34="x"),"",IF(OR(AV34=8,AV34=9,U34=""),"",IF(OR(AV34=4,AV34=11),Z34*16/100,"")))) | AD34: =IF(OR(AV34=17,AV34=7),(Z34*16/100+Z34+L34-Z34)*U34,IF(OR(AV34=16,AV34=15,AV34=8,AV34=13,AV34=1,AV34=9,AV34=20,AV34=21),Z34*U34,IF(AV34=12,(Z34+L34-Z34)*U34,IF(OR(AV34=4,AV34=11),(Z34*16/100+Z34)*U34,IF(AV34=6,(Z34+L34-Z34)*U34,0))))) -> #VALUE! | AE34: =IF(OR(U34="",Z34="",Z34=0),"",IF(AD34=0,"",IF(AD34/U34>L34,L34*U34,AD34))) | AG34: =IF(C34="","",IF(C34-U34=0,"",C34-U34)) | AH34: =IF(AG34="","",AG34*L34) | AO34: =Z34 | AQ34: =IF(AND(COUNTIF(P34:T34,"X")=3,P34="X",S34="X",T34="X"),17,IF(COUNTIF(P34:T34,"x")=0,1,0)) -> 1 | AR34: =IF(AND(COUNTIF(P34:T34,"x")=2,P34="x",T34="X"),7,IF(AND(COUNTIF(P34:T34,"x")=1,P34="X"),4,IF(AND(COUNTIF(P34:T34,"x")=1,T34="X"),6,0))) -> 0 | AS34: =IF(AND(COUNTIF(P34:T34,"x")=2,S34="X",R34="X"),9,IF(AND(COUNTIF(P34:T34,"x")=2,S34="X",P34="X"),11,IF(AND(COUNTIF(P34:T34,"x")=2,S34="X",T34="X"),12,IF(AND(COUNTIF(P34:T34,"x")=1,S34="X"),13,0)))) -> 0 | AT34: =IF(AND(COUNTIF(P34:T34,"X")=3,P34="X",R34="X",T34="X"),21,IF(AND(COUNTIF(P34:T34,"x")=1,R34="X"),8,IF(AND(COUNTIF(P34:T34,"x")=2,R34="X",P34="X"),15,IF(AND(COUNTIF(P34:T34,"x")=2,R34="X",T34="X"),16,0)))) -> 0 | AU34: =IF(AND(COUNTIF(P34:T34,"x")=4,P34="X",R34="X",S34="X",T34="X"),20,IF(AND(COUNTIF(P34:T34,"x")=3,R34="X",S34="X",T34="X"),20,IF(AND(COUNTIF(P34:T34,"x")=3,P34="X",R34="X",S34="X"),20,0))) -> 0 | AV34: =SUM(AQ34:AU34) -> 1 | AW34: =IF(U34="",0,IF(OR(AV34=8,AV34=9,AV34=14,AV34=20),0,IF(Q34<>"",AE34,0))) -> 0 | AX34: =IF(U34="",0,IF(OR(AV34=8,AV34=9,AV34=15,AV34=20,AV34=21),0,IF(P34<>"",AE34,0))) -> 0 | AY34: =IF(U34="",0,IF(OR(AV34=8,AV34=9,AV34=15,AV34=20,AV34=21),0,IF(P34<>"",U34,0))) -> 0 | AZ34: =IF(OR(AV34=4,AV34=7),AX34,0) -> 0 | BA34: =IF(OR(AV34=11,AV34=17),AX34,0) -> 0 | BB34: =IF(AH34="",0,AH34) -> 0 | BC34: =IF(OR(U34="",AV34=20),0,IF(OR(AV34=4,AV34=5,AV34=6,AV34=7,AV34=3,AV34=1),U34,0)) -> 0 | BD34: =IF(OR(U34="",AV34=20),0,IF(OR(AV34=4,AV34=5,AV34=6,AV34=7,AV34=3,AV34=1),AE34,0)) -> 0 | BE34: =IF(OR(U34="",AV34=20),0,IF(OR(AV34=4,AV34=5,AV34=6,AV34=7,AV34=3,AV34=1),N34-BB34,0)) -> 0 | BF34: =IF(OR(U34="",AV34=20),0,IF(OR(AV34=8,AV34=14,AV34=15,AV34=16,AV34=21),U34,0)) -> 0 | BG34: =IF(OR(U34="",AV34=20),0,IF(OR(AV34=8,AV34=14,AV34=15,AV34=16,AV34=21),AE34,0)) -> 0 | BH34: =IF(OR(U34="",AV34=20),0,IF(OR(AV34=8,AV34=14,AV34=15,AV34=16,AV34=21),N34-BB34,0)) -> 0 | BI34: =IF(U34="",0,IF(OR(AV34=9,AV34=20),U34,0)) -> 0 | BJ34: =IF(U34="",0,IF(OR(AV34=9,AV34=20),AE34,0)) -> 0 | BK34: =IF(U34="",0,IF(OR(AV34=9,AV34=20),N34-BB34,0)) -> 0 | BL34: =IF(OR(U34="",AV34=20),0,IF(OR(AV34=10,AV34=11,AV34=12,AV34=13,AV34=17,AV34=18),U34,0)) -> 0 | BM34: =IF(OR(U34="",AV34=20),0,IF(OR(AV34=10,AV34=11,AV34=12,AV34=13,AV34=17,AV34=18),AE34,0)) -> 0 | BN34: =IF(OR(U34="",AV34=20),0,IF(OR(AV34=10,AV34=11,AV34=12,AV34=13,AV34=17,AV34=18),N34-BB34,0)) -> 0
N35: =IF(OR(C35="",L35=""),"",L35*C35) | V35: =IF(L35<Z35,L35,Z35) | W35: =IF(OR(L35="",Z35=""),0,L35-Z35) -> 0 | X35: =IF(E35="",0,E35-2) -> 0 | Y35: =IF(OR(L35="",U35=""),"",IF(AND(E35=1,L35>=45),45,IF(AND(E35=1,L35<45),45,IF(AND(E35=2,L35>60),60,IF(AND(E35=2,L35<60),60,IF(AND(F35=3,L35>72),72,IF(AND(E35>2,X35*12+60>L35),X35*12+60,X35*12+60))))))) | Z35: =IF(OR(L35="",U35="",U35=0),"",IF(AND(E35=1,L35>=45),45,IF(AND(E35=1,L35<45),L35,IF(AND(E35=2,L35>60),60,IF(AND(E35=2,L35<60),L35,IF(AND(F35=3,L35>72),72,IF(AND(E35>2,X35*12+60>L35),L35,X35*12+60))))))) | AB35: =IF(AND(P35="x",S35="x",T35="x"),"",IF(AND(P35="x",R35="x",S35="x"),"",IF(OR(AV35=8,AV35=9,U35=""),"",IF(OR(AV35=4,AV35=11),Z35*16/100,"")))) | AD35: =IF(OR(AV35=17,AV35=7),(Z35*16/100+Z35+L35-Z35)*U35,IF(OR(AV35=16,AV35=15,AV35=8,AV35=13,AV35=1,AV35=9,AV35=20,AV35=21),Z35*U35,IF(AV35=12,(Z35+L35-Z35)*U35,IF(OR(AV35=4,AV35=11),(Z35*16/100+Z35)*U35,IF(AV35=6,(Z35+L35-Z35)*U35,0))))) -> #VALUE! | AE35: =IF(OR(U35="",Z35="",Z35=0),"",IF(AD35=0,"",IF(AD35/U35>L35,L35*U35,AD35))) | AG35: =IF(C35="","",IF(C35-U35=0,"",C35-U35)) | AH35: =IF(AG35="","",AG35*L35) | AO35: =Z35 | AQ35: =IF(AND(COUNTIF(P35:T35,"X")=3,P35="X",S35="X",T35="X"),17,IF(COUNTIF(P35:T35,"x")=0,1,0)) -> 1 | AR35: =IF(AND(COUNTIF(P35:T35,"x")=2,P35="x",T35="X"),7,IF(AND(COUNTIF(P35:T35,"x")=1,P35="X"),4,IF(AND(COUNTIF(P35:T35,"x")=1,T35="X"),6,0))) -> 0 | AS35: =IF(AND(COUNTIF(P35:T35,"x")=2,S35="X",R35="X"),9,IF(AND(COUNTIF(P35:T35,"x")=2,S35="X",P35="X"),11,IF(AND(COUNTIF(P35:T35,"x")=2,S35="X",T35="X"),12,IF(AND(COUNTIF(P35:T35,"x")=1,S35="X"),13,0)))) -> 0 | AT35: =IF(AND(COUNTIF(P35:T35,"X")=3,P35="X",R35="X",T35="X"),21,IF(AND(COUNTIF(P35:T35,"x")=1,R35="X"),8,IF(AND(COUNTIF(P35:T35,"x")=2,R35="X",P35="X"),15,IF(AND(COUNTIF(P35:T35,"x")=2,R35="X",T35="X"),16,0)))) -> 0 | AU35: =IF(AND(COUNTIF(P35:T35,"x")=4,P35="X",R35="X",S35="X",T35="X"),20,IF(AND(COUNTIF(P35:T35,"x")=3,R35="X",S35="X",T35="X"),20,IF(AND(COUNTIF(P35:T35,"x")=3,P35="X",R35="X",S35="X"),20,0))) -> 0 | AV35: =SUM(AQ35:AU35) -> 1 | AW35: =IF(U35="",0,IF(OR(AV35=8,AV35=9,AV35=14,AV35=20),0,IF(Q35<>"",AE35,0))) -> 0 | AX35: =IF(U35="",0,IF(OR(AV35=8,AV35=9,AV35=15,AV35=20,AV35=21),0,IF(P35<>"",AE35,0))) -> 0 | AY35: =IF(U35="",0,IF(OR(AV35=8,AV35=9,AV35=15,AV35=20,AV35=21),0,IF(P35<>"",U35,0))) -> 0 | AZ35: =IF(OR(AV35=4,AV35=7),AX35,0) -> 0 | BA35: =IF(OR(AV35=11,AV35=17),AX35,0) -> 0 | BB35: =IF(AH35="",0,AH35) -> 0 | BC35: =IF(OR(U35="",AV35=20),0,IF(OR(AV35=4,AV35=5,AV35=6,AV35=7,AV35=3,AV35=1),U35,0)) -> 0 | BD35: =IF(OR(U35="",AV35=20),0,IF(OR(AV35=4,AV35=5,AV35=6,AV35=7,AV35=3,AV35=1),AE35,0)) -> 0 | BE35: =IF(OR(U35="",AV35=20),0,IF(OR(AV35=4,AV35=5,AV35=6,AV35=7,AV35=3,AV35=1),N35-BB35,0)) -> 0 | BF35: =IF(OR(U35="",AV35=20),0,IF(OR(AV35=8,AV35=14,AV35=15,AV35=16,AV35=21),U35,0)) -> 0 | BG35: =IF(OR(U35="",AV35=20),0,IF(OR(AV35=8,AV35=14,AV35=15,AV35=16,AV35=21),AE35,0)) -> 0 | BH35: =IF(OR(U35="",AV35=20),0,IF(OR(AV35=8,AV35=14,AV35=15,AV35=16,AV35=21),N35-BB35,0)) -> 0 | BI35: =IF(U35="",0,IF(OR(AV35=9,AV35=20),U35,0)) -> 0 | BJ35: =IF(U35="",0,IF(OR(AV35=9,AV35=20),AE35,0)) -> 0 | BK35: =IF(U35="",0,IF(OR(AV35=9,AV35=20),N35-BB35,0)) -> 0 | BL35: =IF(OR(U35="",AV35=20),0,IF(OR(AV35=10,AV35=11,AV35=12,AV35=13,AV35=17,AV35=18),U35,0)) -> 0 | BM35: =IF(OR(U35="",AV35=20),0,IF(OR(AV35=10,AV35=11,AV35=12,AV35=13,AV35=17,AV35=18),AE35,0)) -> 0 | BN35: =IF(OR(U35="",AV35=20),0,IF(OR(AV35=10,AV35=11,AV35=12,AV35=13,AV35=17,AV35=18),N35-BB35,0)) -> 0
N36: =IF(OR(C36="",L36=""),"",L36*C36) | V36: =IF(L36<Z36,L36,Z36) | W36: =IF(OR(L36="",Z36=""),0,L36-Z36) -> 0 | X36: =IF(E36="",0,E36-2) -> 0 | Y36: =IF(OR(L36="",U36=""),"",IF(AND(E36=1,L36>=45),45,IF(AND(E36=1,L36<45),45,IF(AND(E36=2,L36>60),60,IF(AND(E36=2,L36<60),60,IF(AND(F36=3,L36>72),72,IF(AND(E36>2,X36*12+60>L36),X36*12+60,X36*12+60))))))) | Z36: =IF(OR(L36="",U36="",U36=0),"",IF(AND(E36=1,L36>=45),45,IF(AND(E36=1,L36<45),L36,IF(AND(E36=2,L36>60),60,IF(AND(E36=2,L36<60),L36,IF(AND(F36=3,L36>72),72,IF(AND(E36>2,X36*12+60>L36),L36,X36*12+60))))))) | AB36: =IF(AND(P36="x",S36="x",T36="x"),"",IF(AND(P36="x",R36="x",S36="x"),"",IF(OR(AV36=8,AV36=9,U36=""),"",IF(OR(AV36=4,AV36=11),Z36*16/100,"")))) | AD36: =IF(OR(AV36=17,AV36=7),(Z36*16/100+Z36+L36-Z36)*U36,IF(OR(AV36=16,AV36=15,AV36=8,AV36=13,AV36=1,AV36=9,AV36=20,AV36=21),Z36*U36,IF(AV36=12,(Z36+L36-Z36)*U36,IF(OR(AV36=4,AV36=11),(Z36*16/100+Z36)*U36,IF(AV36=6,(Z36+L36-Z36)*U36,0))))) -> #VALUE! | AE36: =IF(OR(U36="",Z36="",Z36=0),"",IF(AD36=0,"",IF(AD36/U36>L36,L36*U36,AD36))) | AG36: =IF(C36="","",IF(C36-U36=0,"",C36-U36)) | AH36: =IF(AG36="","",AG36*L36) | AO36: =Z36 | AQ36: =IF(AND(COUNTIF(P36:T36,"X")=3,P36="X",S36="X",T36="X"),17,IF(COUNTIF(P36:T36,"x")=0,1,0)) -> 1 | AR36: =IF(AND(COUNTIF(P36:T36,"x")=2,P36="x",T36="X"),7,IF(AND(COUNTIF(P36:T36,"x")=1,P36="X"),4,IF(AND(COUNTIF(P36:T36,"x")=1,T36="X"),6,0))) -> 0 | AS36: =IF(AND(COUNTIF(P36:T36,"x")=2,S36="X",R36="X"),9,IF(AND(COUNTIF(P36:T36,"x")=2,S36="X",P36="X"),11,IF(AND(COUNTIF(P36:T36,"x")=2,S36="X",T36="X"),12,IF(AND(COUNTIF(P36:T36,"x")=1,S36="X"),13,0)))) -> 0 | AT36: =IF(AND(COUNTIF(P36:T36,"X")=3,P36="X",R36="X",T36="X"),21,IF(AND(COUNTIF(P36:T36,"x")=1,R36="X"),8,IF(AND(COUNTIF(P36:T36,"x")=2,R36="X",P36="X"),15,IF(AND(COUNTIF(P36:T36,"x")=2,R36="X",T36="X"),16,0)))) -> 0 | AU36: =IF(AND(COUNTIF(P36:T36,"x")=4,P36="X",R36="X",S36="X",T36="X"),20,IF(AND(COUNTIF(P36:T36,"x")=3,R36="X",S36="X",T36="X"),20,IF(AND(COUNTIF(P36:T36,"x")=3,P36="X",R36="X",S36="X"),20,0))) -> 0 | AV36: =SUM(AQ36:AU36) -> 1 | AW36: =IF(U36="",0,IF(OR(AV36=8,AV36=9,AV36=14,AV36=20),0,IF(Q36<>"",AE36,0))) -> 0 | AX36: =IF(U36="",0,IF(OR(AV36=8,AV36=9,AV36=15,AV36=20,AV36=21),0,IF(P36<>"",AE36,0))) -> 0 | AY36: =IF(U36="",0,IF(OR(AV36=8,AV36=9,AV36=15,AV36=20,AV36=21),0,IF(P36<>"",U36,0))) -> 0 | AZ36: =IF(OR(AV36=4,AV36=7),AX36,0) -> 0 | BA36: =IF(OR(AV36=11,AV36=17),AX36,0) -> 0 | BB36: =IF(AH36="",0,AH36) -> 0 | BC36: =IF(OR(U36="",AV36=20),0,IF(OR(AV36=4,AV36=5,AV36=6,AV36=7,AV36=3,AV36=1),U36,0)) -> 0 | BD36: =IF(OR(U36="",AV36=20),0,IF(OR(AV36=4,AV36=5,AV36=6,AV36=7,AV36=3,AV36=1),AE36,0)) -> 0 | BE36: =IF(OR(U36="",AV36=20),0,IF(OR(AV36=4,AV36=5,AV36=6,AV36=7,AV36=3,AV36=1),N36-BB36,0)) -> 0 | BF36: =IF(OR(U36="",AV36=20),0,IF(OR(AV36=8,AV36=14,AV36=15,AV36=16,AV36=21),U36,0)) -> 0 | BG36: =IF(OR(U36="",AV36=20),0,IF(OR(AV36=8,AV36=14,AV36=15,AV36=16,AV36=21),AE36,0)) -> 0 | BH36: =IF(OR(U36="",AV36=20),0,IF(OR(AV36=8,AV36=14,AV36=15,AV36=16,AV36=21),N36-BB36,0)) -> 0 | BI36: =IF(U36="",0,IF(OR(AV36=9,AV36=20),U36,0)) -> 0 | BJ36: =IF(U36="",0,IF(OR(AV36=9,AV36=20),AE36,0)) -> 0 | BK36: =IF(U36="",0,IF(OR(AV36=9,AV36=20),N36-BB36,0)) -> 0 | BL36: =IF(OR(U36="",AV36=20),0,IF(OR(AV36=10,AV36=11,AV36=12,AV36=13,AV36=17,AV36=18),U36,0)) -> 0 | BM36: =IF(OR(U36="",AV36=20),0,IF(OR(AV36=10,AV36=11,AV36=12,AV36=13,AV36=17,AV36=18),AE36,0)) -> 0 | BN36: =IF(OR(U36="",AV36=20),0,IF(OR(AV36=10,AV36=11,AV36=12,AV36=13,AV36=17,AV36=18),N36-BB36,0)) -> 0
... N46: =IF(OR(C46="",L46=""),"",L46*C46) | V46: =IF(L46<Z46,L46,Z46) | W46: =IF(OR(L46="",Z46=""),0,L46-Z46) -> 0 | X46: =IF(E46="",0,E46-2) -> 0 | Y46: =IF(OR(L46="",U46=""),"",IF(AND(E46=1,L46>=45),45,IF(AND(E46=1,L46<45),45,IF(AND(E46=2,L46>60),60,IF(AND(E46=2,L46<60),60,IF(AND(F46=3,L46>72),72,IF(AND(E46>2,X46*12+60>L46),X46*12+60,X46*12+60))))))) | Z46: =IF(OR(L46="",U46="",U46=0),"",IF(AND(E46=1,L46>=45),45,IF(AND(E46=1,L46<45),L46,IF(AND(E46=2,L46>60),60,IF(AND(E46=2,L46<60),L46,IF(AND(F46=3,L46>72),72,IF(AND(E46>2,X46*12+60>L46),L46,X46*12+60))))))) | AB46: =IF(AND(P46="x",S46="x",T46="x"),"",IF(AND(P46="x",R46="x",S46="x"),"",IF(OR(AV46=8,AV46=9,U46=""),"",IF(OR(AV46=4,AV46=11),Z46*16/100,"")))) | AD46: =IF(OR(AV46=17,AV46=7),(Z46*16/100+Z46+L46-Z46)*U46,IF(OR(AV46=16,AV46=15,AV46=8,AV46=13,AV46=1,AV46=9,AV46=20,AV46=21),Z46*U46,IF(AV46=12,(Z46+L46-Z46)*U46,IF(OR(AV46=4,AV46=11),(Z46*16/100+Z46)*U46,IF(AV46=6,(Z46+L46-Z46)*U46,0))))) -> #VALUE! | AE46: =IF(OR(U46="",Z46="",Z46=0),"",IF(AD46=0,"",IF(AD46/U46>L46,L46*U46,AD46))) | AG46: =IF(C46="","",IF(C46-U46=0,"",C46-U46)) | AH46: =IF(AG46="","",AG46*L46) | AO46: =Z46 | AQ46: =IF(AND(COUNTIF(P46:T46,"X")=3,P46="X",S46="X",T46="X"),17,IF(COUNTIF(P46:T46,"x")=0,1,0)) -> 1 | AR46: =IF(AND(COUNTIF(P46:T46,"x")=2,P46="x",T46="X"),7,IF(AND(COUNTIF(P46:T46,"x")=1,P46="X"),4,IF(AND(COUNTIF(P46:T46,"x")=1,T46="X"),6,0))) -> 0 | AS46: =IF(AND(COUNTIF(P46:T46,"x")=2,S46="X",R46="X"),9,IF(AND(COUNTIF(P46:T46,"x")=2,S46="X",P46="X"),11,IF(AND(COUNTIF(P46:T46,"x")=2,S46="X",T46="X"),12,IF(AND(COUNTIF(P46:T46,"x")=1,S46="X"),13,0)))) -> 0 | AT46: =IF(AND(COUNTIF(P46:T46,"X")=3,P46="X",R46="X",T46="X"),21,IF(AND(COUNTIF(P46:T46,"x")=1,R46="X"),8,IF(AND(COUNTIF(P46:T46,"x")=2,R46="X",P46="X"),15,IF(AND(COUNTIF(P46:T46,"x")=2,R46="X",T46="X"),16,0)))) -> 0 | AU46: =IF(AND(COUNTIF(P46:T46,"x")=4,P46="X",R46="X",S46="X",T46="X"),20,IF(AND(COUNTIF(P46:T46,"x")=3,R46="X",S46="X",T46="X"),20,IF(AND(COUNTIF(P46:T46,"x")=3,P46="X",R46="X",S46="X"),20,0))) -> 0 | AV46: =SUM(AQ46:AU46) -> 1 | AW46: =IF(U46="",0,IF(OR(AV46=8,AV46=9,AV46=14,AV46=20),0,IF(Q46<>"",AE46,0))) -> 0 | AX46: =IF(U46="",0,IF(OR(AV46=8,AV46=9,AV46=15,AV46=20,AV46=21),0,IF(P46<>"",AE46,0))) -> 0 | AY46: =IF(U46="",0,IF(OR(AV46=8,AV46=9,AV46=15,AV46=20,AV46=21),0,IF(P46<>"",U46,0))) -> 0 | AZ46: =IF(OR(AV46=4,AV46=7),AX46,0) -> 0 | BA46: =IF(OR(AV46=11,AV46=17),AX46,0) -> 0 | BB46: =IF(AH46="",0,AH46) -> 0 | BC46: =IF(OR(U46="",AV46=20),0,IF(OR(AV46=4,AV46=5,AV46=6,AV46=7,AV46=3,AV46=1),U46,0)) -> 0 | BD46: =IF(OR(U46="",AV46=20),0,IF(OR(AV46=4,AV46=5,AV46=6,AV46=7,AV46=3,AV46=1),AE46,0)) -> 0 | BE46: =IF(OR(U46="",AV46=20),0,IF(OR(AV46=4,AV46=5,AV46=6,AV46=7,AV46=3,AV46=1),N46-BB46,0)) -> 0 | BF46: =IF(OR(U46="",AV46=20),0,IF(OR(AV46=8,AV46=14,AV46=15,AV46=16,AV46=21),U46,0)) -> 0 | BG46: =IF(OR(U46="",AV46=20),0,IF(OR(AV46=8,AV46=14,AV46=15,AV46=16,AV46=21),AE46,0)) -> 0 | BH46: =IF(OR(U46="",AV46=20),0,IF(OR(AV46=8,AV46=14,AV46=15,AV46=16,AV46=21),N46-BB46,0)) -> 0 | BI46: =IF(U46="",0,IF(OR(AV46=9,AV46=20),U46,0)) -> 0 | BJ46: =IF(U46="",0,IF(OR(AV46=9,AV46=20),AE46,0)) -> 0 | BK46: =IF(U46="",0,IF(OR(AV46=9,AV46=20),N46-BB46,0)) -> 0 | BL46: =IF(OR(U46="",AV46=20),0,IF(OR(AV46=10,AV46=11,AV46=12,AV46=13,AV46=17,AV46=18),U46,0)) -> 0 | BM46: =IF(OR(U46="",AV46=20),0,IF(OR(AV46=10,AV46=11,AV46=12,AV46=13,AV46=17,AV46=18),AE46,0)) -> 0 | BN46: =IF(OR(U46="",AV46=20),0,IF(OR(AV46=10,AV46=11,AV46=12,AV46=13,AV46=17,AV46=18),N46-BB46,0)) -> 0
A47: =TODAY() -> 46316 | N47: =IF(OR(C47="",L47=""),"",L47*C47) | V47: =IF(L47<Z47,L47,Z47) | W47: =IF(OR(L47="",Z47=""),0,L47-Z47) -> 0 | X47: =IF(E47="",0,E47-2) -> 0 | Y47: =IF(OR(L47="",U47=""),"",IF(AND(E47=1,L47>=45),45,IF(AND(E47=1,L47<45),45,IF(AND(E47=2,L47>60),60,IF(AND(E47=2,L47<60),60,IF(AND(F47=3,L47>72),72,IF(AND(E47>2,X47*12+60>L47),X47*12+60,X47*12+60))))))) | Z47: =IF(OR(L47="",U47="",U47=0),"",IF(AND(E47=1,L47>=45),45,IF(AND(E47=1,L47<45),L47,IF(AND(E47=2,L47>60),60,IF(AND(E47=2,L47<60),L47,IF(AND(F47=3,L47>72),72,IF(AND(E47>2,X47*12+60>L47),L47,X47*12+60))))))) | AB47: =IF(AND(P47="x",S47="x",T47="x"),"",IF(AND(P47="x",R47="x",S47="x"),"",IF(OR(AV47=8,AV47=9,U47=""),"",IF(OR(AV47=4,AV47=11),Z47*16/100,"")))) | AD47: =IF(OR(AV47=17,AV47=7),(Z47*16/100+Z47+L47-Z47)*U47,IF(OR(AV47=16,AV47=15,AV47=8,AV47=13,AV47=1,AV47=9,AV47=20,AV47=21),Z47*U47,IF(AV47=12,(Z47+L47-Z47)*U47,IF(OR(AV47=4,AV47=11),(Z47*16/100+Z47)*U47,IF(AV47=6,(Z47+L47-Z47)*U47,0))))) -> #VALUE! | AE47: =IF(OR(U47="",Z47="",Z47=0),"",IF(AD47=0,"",IF(AD47/U47>L47,L47*U47,AD47))) | AG47: =IF(C47="","",IF(C47-U47=0,"",C47-U47)) | AH47: =IF(AG47="","",AG47*L47) | AO47: =Z47 | AQ47: =IF(AND(COUNTIF(P47:T47,"X")=3,P47="X",S47="X",T47="X"),17,IF(COUNTIF(P47:T47,"x")=0,1,0)) -> 1 | AR47: =IF(AND(COUNTIF(P47:T47,"x")=2,P47="x",T47="X"),7,IF(AND(COUNTIF(P47:T47,"x")=1,P47="X"),4,IF(AND(COUNTIF(P47:T47,"x")=1,T47="X"),6,0))) -> 0 | AS47: =IF(AND(COUNTIF(P47:T47,"x")=2,S47="X",R47="X"),9,IF(AND(COUNTIF(P47:T47,"x")=2,S47="X",P47="X"),11,IF(AND(COUNTIF(P47:T47,"x")=2,S47="X",T47="X"),12,IF(AND(COUNTIF(P47:T47,"x")=1,S47="X"),13,0)))) -> 0 | AT47: =IF(AND(COUNTIF(P47:T47,"X")=3,P47="X",R47="X",T47="X"),21,IF(AND(COUNTIF(P47:T47,"x")=1,R47="X"),8,IF(AND(COUNTIF(P47:T47,"x")=2,R47="X",P47="X"),15,IF(AND(COUNTIF(P47:T47,"x")=2,R47="X",T47="X"),16,0)))) -> 0 | AU47: =IF(AND(COUNTIF(P47:T47,"x")=4,P47="X",R47="X",S47="X",T47="X"),20,IF(AND(COUNTIF(P47:T47,"x")=3,R47="X",S47="X",T47="X"),20,IF(AND(COUNTIF(P47:T47,"x")=3,P47="X",R47="X",S47="X"),20,0))) -> 0 | AV47: =SUM(AQ47:AU47) -> 1 | AW47: =IF(U47="",0,IF(OR(AV47=8,AV47=9,AV47=14,AV47=20),0,IF(Q47<>"",AE47,0))) -> 0 | AX47: =IF(U47="",0,IF(OR(AV47=8,AV47=9,AV47=15,AV47=20,AV47=21),0,IF(P47<>"",AE47,0))) -> 0 | AY47: =IF(U47="",0,IF(OR(AV47=8,AV47=9,AV47=15,AV47=20,AV47=21),0,IF(P47<>"",U47,0))) -> 0 | AZ47: =IF(OR(AV47=4,AV47=7),AX47,0) -> 0 | BA47: =IF(OR(AV47=11,AV47=17),AX47,0) -> 0 | BB47: =IF(AH47="",0,AH47) -> 0 | BC47: =IF(OR(U47="",AV47=20),0,IF(OR(AV47=4,AV47=5,AV47=6,AV47=7,AV47=3,AV47=1),U47,0)) -> 0 | BD47: =IF(OR(U47="",AV47=20),0,IF(OR(AV47=4,AV47=5,AV47=6,AV47=7,AV47=3,AV47=1),AE47,0)) -> 0 | BE47: =IF(OR(U47="",AV47=20),0,IF(OR(AV47=4,AV47=5,AV47=6,AV47=7,AV47=3,AV47=1),N47-BB47,0)) -> 0 | BF47: =IF(OR(U47="",AV47=20),0,IF(OR(AV47=8,AV47=14,AV47=15,AV47=16,AV47=21),U47,0)) -> 0 | BG47: =IF(OR(U47="",AV47=20),0,IF(OR(AV47=8,AV47=14,AV47=15,AV47=16,AV47=21),AE47,0)) -> 0 | BH47: =IF(OR(U47="",AV47=20),0,IF(OR(AV47=8,AV47=14,AV47=15,AV47=16,AV47=21),N47-BB47,0)) -> 0 | BI47: =IF(U47="",0,IF(OR(AV47=9,AV47=20),U47,0)) -> 0 | BJ47: =IF(U47="",0,IF(OR(AV47=9,AV47=20),AE47,0)) -> 0 | BK47: =IF(U47="",0,IF(OR(AV47=9,AV47=20),N47-BB47,0)) -> 0 | BL47: =IF(OR(U47="",AV47=20),0,IF(OR(AV47=10,AV47=11,AV47=12,AV47=13,AV47=17,AV47=18),U47,0)) -> 0 | BM47: =IF(OR(U47="",AV47=20),0,IF(OR(AV47=10,AV47=11,AV47=12,AV47=13,AV47=17,AV47=18),AE47,0)) -> 0 | BN47: =IF(OR(U47="",AV47=20),0,IF(OR(AV47=10,AV47=11,AV47=12,AV47=13,AV47=17,AV47=18),N47-BB47,0)) -> 0
N48: =IF(OR(C48="",L48=""),"",L48*C48) | V48: =IF(L48<Z48,L48,Z48) | W48: =IF(OR(L48="",Z48=""),0,L48-Z48) -> 0 | X48: =IF(E48="",0,E48-2) -> 0 | Y48: =IF(OR(L48="",U48=""),"",IF(AND(E48=1,L48>=45),45,IF(AND(E48=1,L48<45),45,IF(AND(E48=2,L48>60),60,IF(AND(E48=2,L48<60),60,IF(AND(F48=3,L48>72),72,IF(AND(E48>2,X48*12+60>L48),X48*12+60,X48*12+60))))))) | Z48: =IF(OR(L48="",U48="",U48=0),"",IF(AND(E48=1,L48>=45),45,IF(AND(E48=1,L48<45),L48,IF(AND(E48=2,L48>60),60,IF(AND(E48=2,L48<60),L48,IF(AND(F48=3,L48>72),72,IF(AND(E48>2,X48*12+60>L48),L48,X48*12+60))))))) | AB48: =IF(AND(P48="x",S48="x",T48="x"),"",IF(AND(P48="x",R48="x",S48="x"),"",IF(OR(AV48=8,AV48=9,U48=""),"",IF(OR(AV48=4,AV48=11),Z48*16/100,"")))) | AD48: =IF(OR(AV48=17,AV48=7),(Z48*16/100+Z48+L48-Z48)*U48,IF(OR(AV48=16,AV48=15,AV48=8,AV48=13,AV48=1,AV48=9,AV48=20,AV48=21),Z48*U48,IF(AV48=12,(Z48+L48-Z48)*U48,IF(OR(AV48=4,AV48=11),(Z48*16/100+Z48)*U48,IF(AV48=6,(Z48+L48-Z48)*U48,0))))) -> #VALUE! | AE48: =IF(OR(U48="",Z48="",Z48=0),"",IF(AD48=0,"",IF(AD48/U48>L48,L48*U48,AD48))) | AG48: =IF(C48="","",IF(C48-U48=0,"",C48-U48)) | AH48: =IF(AG48="","",AG48*L48) | AO48: =Z48 | AQ48: =IF(AND(COUNTIF(P48:T48,"X")=3,P48="X",S48="X",T48="X"),17,IF(COUNTIF(P48:T48,"x")=0,1,0)) -> 1 | AR48: =IF(AND(COUNTIF(P48:T48,"x")=2,P48="x",T48="X"),7,IF(AND(COUNTIF(P48:T48,"x")=1,P48="X"),4,IF(AND(COUNTIF(P48:T48,"x")=1,T48="X"),6,0))) -> 0 | AS48: =IF(AND(COUNTIF(P48:T48,"x")=2,S48="X",R48="X"),9,IF(AND(COUNTIF(P48:T48,"x")=2,S48="X",P48="X"),11,IF(AND(COUNTIF(P48:T48,"x")=2,S48="X",T48="X"),12,IF(AND(COUNTIF(P48:T48,"x")=1,S48="X"),13,0)))) -> 0 | AT48: =IF(AND(COUNTIF(P48:T48,"X")=3,P48="X",R48="X",T48="X"),21,IF(AND(COUNTIF(P48:T48,"x")=1,R48="X"),8,IF(AND(COUNTIF(P48:T48,"x")=2,R48="X",P48="X"),15,IF(AND(COUNTIF(P48:T48,"x")=2,R48="X",T48="X"),16,0)))) -> 0 | AU48: =IF(AND(COUNTIF(P48:T48,"x")=4,P48="X",R48="X",S48="X",T48="X"),20,IF(AND(COUNTIF(P48:T48,"x")=3,R48="X",S48="X",T48="X"),20,IF(AND(COUNTIF(P48:T48,"x")=3,P48="X",R48="X",S48="X"),20,0))) -> 0 | AV48: =SUM(AQ48:AU48) -> 1 | AW48: =IF(U48="",0,IF(OR(AV48=8,AV48=9,AV48=14,AV48=20),0,IF(Q48<>"",AE48,0))) -> 0 | AX48: =IF(U48="",0,IF(OR(AV48=8,AV48=9,AV48=15,AV48=20,AV48=21),0,IF(P48<>"",AE48,0))) -> 0 | AY48: =IF(U48="",0,IF(OR(AV48=8,AV48=9,AV48=15,AV48=20,AV48=21),0,IF(P48<>"",U48,0))) -> 0 | AZ48: =IF(OR(AV48=4,AV48=7),AX48,0) -> 0 | BA48: =IF(OR(AV48=11,AV48=17),AX48,0) -> 0 | BB48: =IF(AH48="",0,AH48) -> 0 | BC48: =IF(OR(U48="",AV48=20),0,IF(OR(AV48=4,AV48=5,AV48=6,AV48=7,AV48=3,AV48=1),U48,0)) -> 0 | BD48: =IF(OR(U48="",AV48=20),0,IF(OR(AV48=4,AV48=5,AV48=6,AV48=7,AV48=3,AV48=1),AE48,0)) -> 0 | BE48: =IF(OR(U48="",AV48=20),0,IF(OR(AV48=4,AV48=5,AV48=6,AV48=7,AV48=3,AV48=1),N48-BB48,0)) -> 0 | BF48: =IF(OR(U48="",AV48=20),0,IF(OR(AV48=8,AV48=14,AV48=15,AV48=16,AV48=21),U48,0)) -> 0 | BG48: =IF(OR(U48="",AV48=20),0,IF(OR(AV48=8,AV48=14,AV48=15,AV48=16,AV48=21),AE48,0)) -> 0 | BH48: =IF(OR(U48="",AV48=20),0,IF(OR(AV48=8,AV48=14,AV48=15,AV48=16,AV48=21),N48-BB48,0)) -> 0 | BI48: =IF(U48="",0,IF(OR(AV48=9,AV48=20),U48,0)) -> 0 | BJ48: =IF(U48="",0,IF(OR(AV48=9,AV48=20),AE48,0)) -> 0 | BK48: =IF(U48="",0,IF(OR(AV48=9,AV48=20),N48-BB48,0)) -> 0 | BL48: =IF(OR(U48="",AV48=20),0,IF(OR(AV48=10,AV48=11,AV48=12,AV48=13,AV48=17,AV48=18),U48,0)) -> 0 | BM48: =IF(OR(U48="",AV48=20),0,IF(OR(AV48=10,AV48=11,AV48=12,AV48=13,AV48=17,AV48=18),AE48,0)) -> 0 | BN48: =IF(OR(U48="",AV48=20),0,IF(OR(AV48=10,AV48=11,AV48=12,AV48=13,AV48=17,AV48=18),N48-BB48,0)) -> 0
N49: =IF(OR(C49="",L49=""),"",L49*C49) | V49: =IF(L49<Z49,L49,Z49) | W49: =IF(OR(L49="",Z49=""),0,L49-Z49) -> 0 | X49: =IF(E49="",0,E49-2) -> 0 | Y49: =IF(OR(L49="",U49=""),"",IF(AND(E49=1,L49>=45),45,IF(AND(E49=1,L49<45),45,IF(AND(E49=2,L49>60),60,IF(AND(E49=2,L49<60),60,IF(AND(F49=3,L49>72),72,IF(AND(E49>2,X49*12+60>L49),X49*12+60,X49*12+60))))))) | Z49: =IF(OR(L49="",U49="",U49=0),"",IF(AND(E49=1,L49>=45),45,IF(AND(E49=1,L49<45),L49,IF(AND(E49=2,L49>60),60,IF(AND(E49=2,L49<60),L49,IF(AND(F49=3,L49>72),72,IF(AND(E49>2,X49*12+60>L49),L49,X49*12+60))))))) | AB49: =IF(AND(P49="x",S49="x",T49="x"),"",IF(AND(P49="x",R49="x",S49="x"),"",IF(OR(AV49=8,AV49=9,U49=""),"",IF(OR(AV49=4,AV49=11),Z49*16/100,"")))) | AD49: =IF(OR(AV49=17,AV49=7),(Z49*16/100+Z49+L49-Z49)*U49,IF(OR(AV49=16,AV49=15,AV49=8,AV49=13,AV49=1,AV49=9,AV49=20,AV49=21),Z49*U49,IF(AV49=12,(Z49+L49-Z49)*U49,IF(OR(AV49=4,AV49=11),(Z49*16/100+Z49)*U49,IF(AV49=6,(Z49+L49-Z49)*U49,0))))) -> #VALUE! | AE49: =IF(OR(U49="",Z49="",Z49=0),"",IF(AD49=0,"",IF(AD49/U49>L49,L49*U49,AD49))) | AG49: =IF(C49="","",IF(C49-U49=0,"",C49-U49)) | AH49: =IF(AG49="","",AG49*L49) | AO49: =Z49 | AQ49: =IF(AND(COUNTIF(P49:T49,"X")=3,P49="X",S49="X",T49="X"),17,IF(COUNTIF(P49:T49,"x")=0,1,0)) -> 1 | AR49: =IF(AND(COUNTIF(P49:T49,"x")=2,P49="x",T49="X"),7,IF(AND(COUNTIF(P49:T49,"x")=1,P49="X"),4,IF(AND(COUNTIF(P49:T49,"x")=1,T49="X"),6,0))) -> 0 | AS49: =IF(AND(COUNTIF(P49:T49,"x")=2,S49="X",R49="X"),9,IF(AND(COUNTIF(P49:T49,"x")=2,S49="X",P49="X"),11,IF(AND(COUNTIF(P49:T49,"x")=2,S49="X",T49="X"),12,IF(AND(COUNTIF(P49:T49,"x")=1,S49="X"),13,0)))) -> 0 | AT49: =IF(AND(COUNTIF(P49:T49,"X")=3,P49="X",R49="X",T49="X"),21,IF(AND(COUNTIF(P49:T49,"x")=1,R49="X"),8,IF(AND(COUNTIF(P49:T49,"x")=2,R49="X",P49="X"),15,IF(AND(COUNTIF(P49:T49,"x")=2,R49="X",T49="X"),16,0)))) -> 0 | AU49: =IF(AND(COUNTIF(P49:T49,"x")=4,P49="X",R49="X",S49="X",T49="X"),20,IF(AND(COUNTIF(P49:T49,"x")=3,R49="X",S49="X",T49="X"),20,IF(AND(COUNTIF(P49:T49,"x")=3,P49="X",R49="X",S49="X"),20,0))) -> 0 | AV49: =SUM(AQ49:AU49) -> 1 | AW49: =IF(U49="",0,IF(OR(AV49=8,AV49=9,AV49=14,AV49=20),0,IF(Q49<>"",AE49,0))) -> 0 | AX49: =IF(U49="",0,IF(OR(AV49=8,AV49=9,AV49=15,AV49=20,AV49=21),0,IF(P49<>"",AE49,0))) -> 0 | AY49: =IF(U49="",0,IF(OR(AV49=8,AV49=9,AV49=15,AV49=20,AV49=21),0,IF(P49<>"",U49,0))) -> 0 | AZ49: =IF(OR(AV49=4,AV49=7),AX49,0) -> 0 | BA49: =IF(OR(AV49=11,AV49=17),AX49,0) -> 0 | BB49: =IF(AH49="",0,AH49) -> 0 | BC49: =IF(OR(U49="",AV49=20),0,IF(OR(AV49=4,AV49=5,AV49=6,AV49=7,AV49=3,AV49=1),U49,0)) -> 0 | BD49: =IF(OR(U49="",AV49=20),0,IF(OR(AV49=4,AV49=5,AV49=6,AV49=7,AV49=3,AV49=1),AE49,0)) -> 0 | BE49: =IF(OR(U49="",AV49=20),0,IF(OR(AV49=4,AV49=5,AV49=6,AV49=7,AV49=3,AV49=1),N49-BB49,0)) -> 0 | BF49: =IF(OR(U49="",AV49=20),0,IF(OR(AV49=8,AV49=14,AV49=15,AV49=16,AV49=21),U49,0)) -> 0 | BG49: =IF(OR(U49="",AV49=20),0,IF(OR(AV49=8,AV49=14,AV49=15,AV49=16,AV49=21),AE49,0)) -> 0 | BH49: =IF(OR(U49="",AV49=20),0,IF(OR(AV49=8,AV49=14,AV49=15,AV49=16,AV49=21),N49-BB49,0)) -> 0 | BI49: =IF(U49="",0,IF(OR(AV49=9,AV49=20),U49,0)) -> 0 | BJ49: =IF(U49="",0,IF(OR(AV49=9,AV49=20),AE49,0)) -> 0 | BK49: =IF(U49="",0,IF(OR(AV49=9,AV49=20),N49-BB49,0)) -> 0 | BL49: =IF(OR(U49="",AV49=20),0,IF(OR(AV49=10,AV49=11,AV49=12,AV49=13,AV49=17,AV49=18),U49,0)) -> 0 | BM49: =IF(OR(U49="",AV49=20),0,IF(OR(AV49=10,AV49=11,AV49=12,AV49=13,AV49=17,AV49=18),AE49,0)) -> 0 | BN49: =IF(OR(U49="",AV49=20),0,IF(OR(AV49=10,AV49=11,AV49=12,AV49=13,AV49=17,AV49=18),N49-BB49,0)) -> 0
N50: =IF(OR(C50="",L50=""),"",L50*C50) | V50: =IF(L50<Z50,L50,Z50) | W50: =IF(OR(L50="",Z50=""),0,L50-Z50) -> 0 | X50: =IF(E50="",0,E50-2) -> 0 | Y50: =IF(OR(L50="",U50=""),"",IF(AND(E50=1,L50>=45),45,IF(AND(E50=1,L50<45),45,IF(AND(E50=2,L50>60),60,IF(AND(E50=2,L50<60),60,IF(AND(F50=3,L50>72),72,IF(AND(E50>2,X50*12+60>L50),X50*12+60,X50*12+60))))))) | Z50: =IF(OR(L50="",U50="",U50=0),"",IF(AND(E50=1,L50>=45),45,IF(AND(E50=1,L50<45),L50,IF(AND(E50=2,L50>60),60,IF(AND(E50=2,L50<60),L50,IF(AND(F50=3,L50>72),72,IF(AND(E50>2,X50*12+60>L50),L50,X50*12+60))))))) | AB50: =IF(AND(P50="x",S50="x",T50="x"),"",IF(AND(P50="x",R50="x",S50="x"),"",IF(OR(AV50=8,AV50=9,U50=""),"",IF(OR(AV50=4,AV50=11),Z50*16/100,"")))) | AD50: =IF(OR(AV50=17,AV50=7),(Z50*16/100+Z50+L50-Z50)*U50,IF(OR(AV50=16,AV50=15,AV50=8,AV50=13,AV50=1,AV50=9,AV50=20,AV50=21),Z50*U50,IF(AV50=12,(Z50+L50-Z50)*U50,IF(OR(AV50=4,AV50=11),(Z50*16/100+Z50)*U50,IF(AV50=6,(Z50+L50-Z50)*U50,0))))) -> #VALUE! | AE50: =IF(OR(U50="",Z50="",Z50=0),"",IF(AD50=0,"",IF(AD50/U50>L50,L50*U50,AD50))) | AG50: =IF(C50="","",IF(C50-U50=0,"",C50-U50)) | AH50: =IF(AG50="","",AG50*L50) | AO50: =Z50 | AQ50: =IF(AND(COUNTIF(P50:T50,"X")=3,P50="X",S50="X",T50="X"),17,IF(COUNTIF(P50:T50,"x")=0,1,0)) -> 1 | AR50: =IF(AND(COUNTIF(P50:T50,"x")=2,P50="x",T50="X"),7,IF(AND(COUNTIF(P50:T50,"x")=1,P50="X"),4,IF(AND(COUNTIF(P50:T50,"x")=1,T50="X"),6,0))) -> 0 | AS50: =IF(AND(COUNTIF(P50:T50,"x")=2,S50="X",R50="X"),9,IF(AND(COUNTIF(P50:T50,"x")=2,S50="X",P50="X"),11,IF(AND(COUNTIF(P50:T50,"x")=2,S50="X",T50="X"),12,IF(AND(COUNTIF(P50:T50,"x")=1,S50="X"),13,0)))) -> 0 | AT50: =IF(AND(COUNTIF(P50:T50,"X")=3,P50="X",R50="X",T50="X"),21,IF(AND(COUNTIF(P50:T50,"x")=1,R50="X"),8,IF(AND(COUNTIF(P50:T50,"x")=2,R50="X",P50="X"),15,IF(AND(COUNTIF(P50:T50,"x")=2,R50="X",T50="X"),16,0)))) -> 0 | AU50: =IF(AND(COUNTIF(P50:T50,"x")=4,P50="X",R50="X",S50="X",T50="X"),20,IF(AND(COUNTIF(P50:T50,"x")=3,R50="X",S50="X",T50="X"),20,IF(AND(COUNTIF(P50:T50,"x")=3,P50="X",R50="X",S50="X"),20,0))) -> 0 | AV50: =SUM(AQ50:AU50) -> 1 | AW50: =IF(U50="",0,IF(OR(AV50=8,AV50=9,AV50=14,AV50=20),0,IF(Q50<>"",AE50,0))) -> 0 | AX50: =IF(U50="",0,IF(OR(AV50=8,AV50=9,AV50=15,AV50=20,AV50=21),0,IF(P50<>"",AE50,0))) -> 0 | AY50: =IF(U50="",0,IF(OR(AV50=8,AV50=9,AV50=15,AV50=20,AV50=21),0,IF(P50<>"",U50,0))) -> 0 | AZ50: =IF(OR(AV50=4,AV50=7),AX50,0) -> 0 | BA50: =IF(OR(AV50=11,AV50=17),AX50,0) -> 0 | BB50: =IF(AH50="",0,AH50) -> 0 | BC50: =IF(OR(U50="",AV50=20),0,IF(OR(AV50=4,AV50=5,AV50=6,AV50=7,AV50=3,AV50=1),U50,0)) -> 0 | BD50: =IF(OR(U50="",AV50=20),0,IF(OR(AV50=4,AV50=5,AV50=6,AV50=7,AV50=3,AV50=1),AE50,0)) -> 0 | BE50: =IF(OR(U50="",AV50=20),0,IF(OR(AV50=4,AV50=5,AV50=6,AV50=7,AV50=3,AV50=1),N50-BB50,0)) -> 0 | BF50: =IF(OR(U50="",AV50=20),0,IF(OR(AV50=8,AV50=14,AV50=15,AV50=16,AV50=21),U50,0)) -> 0 | BG50: =IF(OR(U50="",AV50=20),0,IF(OR(AV50=8,AV50=14,AV50=15,AV50=16,AV50=21),AE50,0)) -> 0 | BH50: =IF(OR(U50="",AV50=20),0,IF(OR(AV50=8,AV50=14,AV50=15,AV50=16,AV50=21),N50-BB50,0)) -> 0 | BI50: =IF(U50="",0,IF(OR(AV50=9,AV50=20),U50,0)) -> 0 | BJ50: =IF(U50="",0,IF(OR(AV50=9,AV50=20),AE50,0)) -> 0 | BK50: =IF(U50="",0,IF(OR(AV50=9,AV50=20),N50-BB50,0)) -> 0 | BL50: =IF(OR(U50="",AV50=20),0,IF(OR(AV50=10,AV50=11,AV50=12,AV50=13,AV50=17,AV50=18),U50,0)) -> 0 | BM50: =IF(OR(U50="",AV50=20),0,IF(OR(AV50=10,AV50=11,AV50=12,AV50=13,AV50=17,AV50=18),AE50,0)) -> 0 | BN50: =IF(OR(U50="",AV50=20),0,IF(OR(AV50=10,AV50=11,AV50=12,AV50=13,AV50=17,AV50=18),N50-BB50,0)) -> 0
N51: =IF(OR(C51="",L51=""),"",L51*C51) | V51: =IF(L51<Z51,L51,Z51) | W51: =IF(OR(L51="",Z51=""),0,L51-Z51) -> 0 | X51: =IF(E51="",0,E51-2) -> 0 | Y51: =IF(OR(L51="",U51=""),"",IF(AND(E51=1,L51>=45),45,IF(AND(E51=1,L51<45),45,IF(AND(E51=2,L51>60),60,IF(AND(E51=2,L51<60),60,IF(AND(F51=3,L51>72),72,IF(AND(E51>2,X51*12+60>L51),X51*12+60,X51*12+60))))))) | Z51: =IF(OR(L51="",U51="",U51=0),"",IF(AND(E51=1,L51>=45),45,IF(AND(E51=1,L51<45),L51,IF(AND(E51=2,L51>60),60,IF(AND(E51=2,L51<60),L51,IF(AND(F51=3,L51>72),72,IF(AND(E51>2,X51*12+60>L51),L51,X51*12+60))))))) | AB51: =IF(AND(P51="x",S51="x",T51="x"),"",IF(AND(P51="x",R51="x",S51="x"),"",IF(OR(AV51=8,AV51=9,U51=""),"",IF(OR(AV51=4,AV51=11),Z51*16/100,"")))) | AD51: =IF(OR(AV51=17,AV51=7),(Z51*16/100+Z51+L51-Z51)*U51,IF(OR(AV51=16,AV51=15,AV51=8,AV51=13,AV51=1,AV51=9,AV51=20,AV51=21),Z51*U51,IF(AV51=12,(Z51+L51-Z51)*U51,IF(OR(AV51=4,AV51=11),(Z51*16/100+Z51)*U51,IF(AV51=6,(Z51+L51-Z51)*U51,0))))) -> #VALUE! | AE51: =IF(OR(U51="",Z51="",Z51=0),"",IF(AD51=0,"",IF(AD51/U51>L51,L51*U51,AD51))) | AG51: =IF(C51="","",IF(C51-U51=0,"",C51-U51)) | AH51: =IF(AG51="","",AG51*L51) | AO51: =Z51 | AQ51: =IF(AND(COUNTIF(P51:T51,"X")=3,P51="X",S51="X",T51="X"),17,IF(COUNTIF(P51:T51,"x")=0,1,0)) -> 1 | AR51: =IF(AND(COUNTIF(P51:T51,"x")=2,P51="x",T51="X"),7,IF(AND(COUNTIF(P51:T51,"x")=1,P51="X"),4,IF(AND(COUNTIF(P51:T51,"x")=1,T51="X"),6,0))) -> 0 | AS51: =IF(AND(COUNTIF(P51:T51,"x")=2,S51="X",R51="X"),9,IF(AND(COUNTIF(P51:T51,"x")=2,S51="X",P51="X"),11,IF(AND(COUNTIF(P51:T51,"x")=2,S51="X",T51="X"),12,IF(AND(COUNTIF(P51:T51,"x")=1,S51="X"),13,0)))) -> 0 | AT51: =IF(AND(COUNTIF(P51:T51,"X")=3,P51="X",R51="X",T51="X"),21,IF(AND(COUNTIF(P51:T51,"x")=1,R51="X"),8,IF(AND(COUNTIF(P51:T51,"x")=2,R51="X",P51="X"),15,IF(AND(COUNTIF(P51:T51,"x")=2,R51="X",T51="X"),16,0)))) -> 0 | AU51: =IF(AND(COUNTIF(P51:T51,"x")=4,P51="X",R51="X",S51="X",T51="X"),20,IF(AND(COUNTIF(P51:T51,"x")=3,R51="X",S51="X",T51="X"),20,IF(AND(COUNTIF(P51:T51,"x")=3,P51="X",R51="X",S51="X"),20,0))) -> 0 | AV51: =SUM(AQ51:AU51) -> 1 | AW51: =IF(U51="",0,IF(OR(AV51=8,AV51=9,AV51=14,AV51=20),0,IF(Q51<>"",AE51,0))) -> 0 | AX51: =IF(U51="",0,IF(OR(AV51=8,AV51=9,AV51=15,AV51=20,AV51=21),0,IF(P51<>"",AE51,0))) -> 0 | AY51: =IF(U51="",0,IF(OR(AV51=8,AV51=9,AV51=15,AV51=20,AV51=21),0,IF(P51<>"",U51,0))) -> 0 | AZ51: =IF(OR(AV51=4,AV51=7),AX51,0) -> 0 | BA51: =IF(OR(AV51=11,AV51=17),AX51,0) -> 0 | BB51: =IF(AH51="",0,AH51) -> 0 | BC51: =IF(OR(U51="",AV51=20),0,IF(OR(AV51=4,AV51=5,AV51=6,AV51=7,AV51=3,AV51=1),U51,0)) -> 0 | BD51: =IF(OR(U51="",AV51=20),0,IF(OR(AV51=4,AV51=5,AV51=6,AV51=7,AV51=3,AV51=1),AE51,0)) -> 0 | BE51: =IF(OR(U51="",AV51=20),0,IF(OR(AV51=4,AV51=5,AV51=6,AV51=7,AV51=3,AV51=1),N51-BB51,0)) -> 0 | BF51: =IF(OR(U51="",AV51=20),0,IF(OR(AV51=8,AV51=14,AV51=15,AV51=16,AV51=21),U51,0)) -> 0 | BG51: =IF(OR(U51="",AV51=20),0,IF(OR(AV51=8,AV51=14,AV51=15,AV51=16,AV51=21),AE51,0)) -> 0 | BH51: =IF(OR(U51="",AV51=20),0,IF(OR(AV51=8,AV51=14,AV51=15,AV51=16,AV51=21),N51-BB51,0)) -> 0 | BI51: =IF(U51="",0,IF(OR(AV51=9,AV51=20),U51,0)) -> 0 | BJ51: =IF(U51="",0,IF(OR(AV51=9,AV51=20),AE51,0)) -> 0 | BK51: =IF(U51="",0,IF(OR(AV51=9,AV51=20),N51-BB51,0)) -> 0 | BL51: =IF(OR(U51="",AV51=20),0,IF(OR(AV51=10,AV51=11,AV51=12,AV51=13,AV51=17,AV51=18),U51,0)) -> 0 | BM51: =IF(OR(U51="",AV51=20),0,IF(OR(AV51=10,AV51=11,AV51=12,AV51=13,AV51=17,AV51=18),AE51,0)) -> 0 | BN51: =IF(OR(U51="",AV51=20),0,IF(OR(AV51=10,AV51=11,AV51=12,AV51=13,AV51=17,AV51=18),N51-BB51,0)) -> 0
N52: =IF(OR(C52="",L52=""),"",L52*C52) | V52: =IF(L52<Z52,L52,Z52) | W52: =IF(OR(L52="",Z52=""),0,L52-Z52) -> 0 | X52: =IF(E52="",0,E52-2) -> 0 | Y52: =IF(OR(L52="",U52=""),"",IF(AND(E52=1,L52>=45),45,IF(AND(E52=1,L52<45),45,IF(AND(E52=2,L52>60),60,IF(AND(E52=2,L52<60),60,IF(AND(F52=3,L52>72),72,IF(AND(E52>2,X52*12+60>L52),X52*12+60,X52*12+60))))))) | Z52: =IF(OR(L52="",U52="",U52=0),"",IF(AND(E52=1,L52>=45),45,IF(AND(E52=1,L52<45),L52,IF(AND(E52=2,L52>60),60,IF(AND(E52=2,L52<60),L52,IF(AND(F52=3,L52>72),72,IF(AND(E52>2,X52*12+60>L52),L52,X52*12+60))))))) | AB52: =IF(AND(P52="x",S52="x",T52="x"),"",IF(AND(P52="x",R52="x",S52="x"),"",IF(OR(AV52=8,AV52=9,U52=""),"",IF(OR(AV52=4,AV52=11),Z52*16/100,"")))) | AD52: =IF(OR(AV52=17,AV52=7),(Z52*16/100+Z52+L52-Z52)*U52,IF(OR(AV52=16,AV52=15,AV52=8,AV52=13,AV52=1,AV52=9,AV52=20,AV52=21),Z52*U52,IF(AV52=12,(Z52+L52-Z52)*U52,IF(OR(AV52=4,AV52=11),(Z52*16/100+Z52)*U52,IF(AV52=6,(Z52+L52-Z52)*U52,0))))) -> #VALUE! | AE52: =IF(OR(U52="",Z52="",Z52=0),"",IF(AD52=0,"",IF(AD52/U52>L52,L52*U52,AD52))) | AG52: =IF(C52="","",IF(C52-U52=0,"",C52-U52)) | AH52: =IF(AG52="","",AG52*L52) | AO52: =Z52 | AQ52: =IF(AND(COUNTIF(P52:T52,"X")=3,P52="X",S52="X",T52="X"),17,IF(COUNTIF(P52:T52,"x")=0,1,0)) -> 1 | AR52: =IF(AND(COUNTIF(P52:T52,"x")=2,P52="x",T52="X"),7,IF(AND(COUNTIF(P52:T52,"x")=1,P52="X"),4,IF(AND(COUNTIF(P52:T52,"x")=1,T52="X"),6,0))) -> 0 | AS52: =IF(AND(COUNTIF(P52:T52,"x")=2,S52="X",R52="X"),9,IF(AND(COUNTIF(P52:T52,"x")=2,S52="X",P52="X"),11,IF(AND(COUNTIF(P52:T52,"x")=2,S52="X",T52="X"),12,IF(AND(COUNTIF(P52:T52,"x")=1,S52="X"),13,0)))) -> 0 | AT52: =IF(AND(COUNTIF(P52:T52,"X")=3,P52="X",R52="X",T52="X"),21,IF(AND(COUNTIF(P52:T52,"x")=1,R52="X"),8,IF(AND(COUNTIF(P52:T52,"x")=2,R52="X",P52="X"),15,IF(AND(COUNTIF(P52:T52,"x")=2,R52="X",T52="X"),16,0)))) -> 0 | AU52: =IF(AND(COUNTIF(P52:T52,"x")=4,P52="X",R52="X",S52="X",T52="X"),20,IF(AND(COUNTIF(P52:T52,"x")=3,R52="X",S52="X",T52="X"),20,IF(AND(COUNTIF(P52:T52,"x")=3,P52="X",R52="X",S52="X"),20,0))) -> 0 | AV52: =SUM(AQ52:AU52) -> 1 | AW52: =IF(U52="",0,IF(OR(AV52=8,AV52=9,AV52=14,AV52=20),0,IF(Q52<>"",AE52,0))) -> 0 | AX52: =IF(U52="",0,IF(OR(AV52=8,AV52=9,AV52=15,AV52=20,AV52=21),0,IF(P52<>"",AE52,0))) -> 0 | AY52: =IF(U52="",0,IF(OR(AV52=8,AV52=9,AV52=15,AV52=20,AV52=21),0,IF(P52<>"",U52,0))) -> 0 | AZ52: =IF(OR(AV52=4,AV52=7),AX52,0) -> 0 | BA52: =IF(OR(AV52=11,AV52=17),AX52,0) -> 0 | BB52: =IF(AH52="",0,AH52) -> 0 | BC52: =IF(OR(U52="",AV52=20),0,IF(OR(AV52=4,AV52=5,AV52=6,AV52=7,AV52=3,AV52=1),U52,0)) -> 0 | BD52: =IF(OR(U52="",AV52=20),0,IF(OR(AV52=4,AV52=5,AV52=6,AV52=7,AV52=3,AV52=1),AE52,0)) -> 0 | BE52: =IF(OR(U52="",AV52=20),0,IF(OR(AV52=4,AV52=5,AV52=6,AV52=7,AV52=3,AV52=1),N52-BB52,0)) -> 0 | BF52: =IF(OR(U52="",AV52=20),0,IF(OR(AV52=8,AV52=14,AV52=15,AV52=16,AV52=21),U52,0)) -> 0 | BG52: =IF(OR(U52="",AV52=20),0,IF(OR(AV52=8,AV52=14,AV52=15,AV52=16,AV52=21),AE52,0)) -> 0 | BH52: =IF(OR(U52="",AV52=20),0,IF(OR(AV52=8,AV52=14,AV52=15,AV52=16,AV52=21),N52-BB52,0)) -> 0 | BI52: =IF(U52="",0,IF(OR(AV52=9,AV52=20),U52,0)) -> 0 | BJ52: =IF(U52="",0,IF(OR(AV52=9,AV52=20),AE52,0)) -> 0 | BK52: =IF(U52="",0,IF(OR(AV52=9,AV52=20),N52-BB52,0)) -> 0 | BL52: =IF(OR(U52="",AV52=20),0,IF(OR(AV52=10,AV52=11,AV52=12,AV52=13,AV52=17,AV52=18),U52,0)) -> 0 | BM52: =IF(OR(U52="",AV52=20),0,IF(OR(AV52=10,AV52=11,AV52=12,AV52=13,AV52=17,AV52=18),AE52,0)) -> 0 | BN52: =IF(OR(U52="",AV52=20),0,IF(OR(AV52=10,AV52=11,AV52=12,AV52=13,AV52=17,AV52=18),N52-BB52,0)) -> 0
C54: =IF(SUM(C7:D52)=0,"",(SUM(C7:D52))) | E54: Summe | N54: =IF(SUM(N7:N52)=0,"",SUM(N7:N52))
B58: Antragsteller: | G58: =IF(Antrag!$D$12="","",Antrag!$D$12) | AI58: Seite 3a von Seite 9
AQ60: =IF(AND(P47<>"",Q47<>""),0,IF(AND(P47<>"",Q47<>"",T47<>""),0,IF(AND(Q47<>"",T47<>""),3,IF(AND(P47<>"",T47<>""),7,IF(P47<>"",4,IF(Q47<>"",5,IF(T47<>"",6,""))))))) | AR60: =IF(SUM(N7:O52)-SUM(AH7:AI52)=0,"",SUM(N7:O52)-SUM(AH7:AI52)) | AS60: =SUM(U7:U52) -> 0 | AW60: =SUM(AW7:AW52) -> 0 | AX60: =SUM(AX7:AX52) -> 0 | AY60: =SUM(AY7:AY52) -> 0 | AZ60: =SUM(AZ7:AZ52) -> 0 | BA60: =SUM(BA7:BA52) -> 0 | BB60: =SUM(BB7:BB52) -> 0 | BC60: =SUM(BC7:BC52) -> 0 | BD60: =SUM(BD7:BD52) -> 0 | ... BN60: =SUM(BN7:BN52) -> 0
AQ62: =IF(AND(P49<>"",Q49<>""),0,IF(AND(P49<>"",Q49<>"",T49<>""),0,IF(AND(Q49<>"",T49<>""),3,IF(AND(P49<>"",T49<>""),7,IF(P49<>"",4,IF(Q49<>"",5,IF(T49<>"",6,"")))))))
AW63: =IF(SUM(AE7:AF52)=0,0,SUM(AE7:AF52)) -> 0 | AX63: =SUM(AG7:AG52) -> 0
AV65: =IF(SUM(AG7:AG52)=0,"",SUM(AG7:AG52)) | AW65: =IF(SUM(AH7:AI52)=0,"",SUM(AH7:AI52)) | AZ65: nicht geförderte WE (Wohnfläche) | BI65: =AS60 -> 0 | BJ65: =IF(SUM(N7:O52)-SUM(AH7:AI52)=0,"",SUM(N7:O52)-SUM(AH7:AI52)) | BM65: tatsächliche Fläche der gef. WE
AV66: =BF60 -> 0 | AW66: =BG60 -> 0 | AZ66: davon mittelb. Belegung, geringe Einkommen | BI66: =SUM(U7:U52) -> 0 | BJ66: =IF(SUM(AE7:AF52)=0,"",SUM(AE7:AF52)) | BM66: förderfähige Wohnfläche
AV67: =BL60 -> 0 | AW67: =BM60 -> 0 | AZ67: davon mittlere Einkommen
AV68: =BC60 -> 0 | AW68: =BD60 -> 0 | AZ68: davon geringe Einkommen | BI68: =AY60 -> 0 | BJ68: =AX60 -> 0 | BM68: davon Fläche gem. DIN 18040 mit "R"
AV69: =BI60 -> 0 | AW69: =BJ60 -> 0 | AZ69: davon mittelb. Belegung, mittl. Einkommen | BI69: =AZ60 -> 0 | BJ69: =AW60 -> 0 | BM69: davon Fläche gem. DIN 18040 ohne "R"

Sheet Förderberechnung
B2: 7.2 | C2: Berechnung des Förderbetrages für das Baudarlehen
C3: A "geringe Einkommen" (gemäß Ziffer 4.1 des Antrags)
C4: B "mittlere Einkommen" (gemäß Ziffer 4.2 des Antrags)
C8: Höhe des Grundstückswerts je m² Boden einschl. Erschließungskosten
C9: Grunderwerbsteuer und Kosten der Herrichtung des Grundstücks
C12: Ermittlung des Grundbetrages auf Basis der jeweiligen förderfähigen Wohnfläche
B13: A | C13: =IF(SUM('Gebäude-3'!AB54,'Gebäude-3'!AB58)=0,"",SUM('Gebäude-3'!AB54,'Gebäude-3'!AB58)) | E13: x | G13: =IF(OR(K8="",C13=""),"",IF(K8<300,1700,IF(K8<400,1900,IF(K8<500,2100,IF(K8<600,2300,IF(K8<1200,2500,2700)))))) | I13: ="=" -> = | K13: =IF(OR(C13="",G13=""),"",C13*G13)
B15: B | C15: =IF(SUM('Gebäude-3'!AB52,'Gebäude-3'!AB56)=0,"",SUM('Gebäude-3'!AB52,'Gebäude-3'!AB56)) | E15: x | G15: =IF(OR(K8="",C15=""),"",IF(K8<300,1200,IF(K8<400,1400,IF(K8<500,1600,IF(K8<600,1800,IF(K8<1200,2000,2200)))))) | I15: ="=" -> = | K15: =IF(OR(C15="",G15=""),"",C15*G15)
C16: Ermittlung Zuschlag Rollstuhlgerechtigkeit auf Basis der jeweiligen förderfähigen Wohnfläche (ohne Wohnfläche der Wohnungen mit mittelbarer Belegung)
B17: A | C17: =IF(SUM('Gebäude-3'!AX36:AX38)=0,"",SUM('Gebäude-3'!AX36:AX38)) | E17: x | G17: 150 | I17: ="=" -> = | K17: =IF(OR(C17="",G17=""),"",C17*G17)
B19: B | C19: =IF(SUM('Gebäude-3'!AY36:AY38)=0,"",SUM('Gebäude-3'!AY36:AY38)) | E19: x | I19: ="=" -> = | K19: =IF(OR(C19="",G17=""),"",C19*G17)
C20: Ermittlung Zuschlag Gemeinschaftsraum /Gemeinschaftsräume auf Basis der jeweiligen tatsächlichen Wohnfläche (ohne Wohnfläche der Wohnungen mit mittelbarer Belegung) im Verhältnis zur Gesamtwohnfläche
B21: A | C21: =IF(OR('Gebäude-3'!AB42="",'Gebäude-3'!AY58=0),"",ROUND(('Gebäude-3'!AB42*'Gebäude-3'!AY58/100),2)) | E21: x | G21: 500 | I21: ="=" -> = | K21: =IF(OR(C21="",G21=""),"",C21*G21)
B23: B | C23: =IF(OR('Gebäude-3'!AB42="",'Gebäude-3'!AY60=0),"",ROUND(('Gebäude-3'!AB42*'Gebäude-3'!AY60/100),2)) | E23: x | I23: ="=" -> = | K23: =IF(OR(C23="",G21=""),"",C23*G21)
C25: Ermittlung Zuschlag Aufzug /Aufzüge | G25: =IF('Gebäude-3'!O65=0,"",'Gebäude-3'!O65) | K25: =IF(AND(C26="",'Gebäude-3'!O65=""),"",IF(AND(C26>0,'Gebäude-3'!O65=""),"Bitte Anzahl der Aufzüge auf Seite 3 angeben.","")) | P25: ='Gebäude-3'!O65 -> 0
B26: A | C26: ='Gebäude-3'!AA54 | E26: x | G26: 3500 | I26: ="=" -> = | K26: =IF(C26="","",IF(C26<=C28,T30,T32)) | P26: =C26*G26*P25 -> #VALUE! | Q26: =LARGE(C26:D28,1) -> #NUM! | R26: =SMALL(C26:D28,1) -> #NUM!
B28: B | C28: ='Gebäude-3'!AA52 | E28: x | I28: ="=" -> = | K28: =IF(C28="","",IF(C28>C26,T32,T30)) | P28: =C28*G26 -> #VALUE! | R28: =IF(Q26>13.3*P25,1,2) -> #NUM! | S28: =IF(R26>13.3*P25,1,2) -> #NUM! | T28: =IF(S28=2,G26*R26) -> #NUM!
T29: =45000*P25-T28 -> #NUM!
C30: Förderbetrag Baudarlehen | G30: A "geringe Einkommen" | K30: =IF(SUM(K13,K17,K21,K26)=0,"",SUM(K13,K17,K21,K26)) | L30: =IF(Antrag!AK39="","","!") | P30: =P25*45000 -> 0 | Q30: =SUM(C26:D28)*G26 -> 0 | R30: =IF(Q30>P30,P30,Q30) -> 0 | S30: =R26/SUM(C26:D28)*R30 -> #NUM! | T30: =SMALL(S30:S32,1) -> #NUM!
C32: Förderbetrag Baudarlehen | G32: B "mittlere Einkommen" | K32: =IF(SUM(K15,K19,K23,K28)=0,"",SUM(K15,K19,K23,K28)) | L32: =IF(Antrag!AK48="","","!") | S32: =Q26/SUM(C26:D28)*R30 -> #NUM! | T32: =LARGE(S30:S32,1) -> #NUM!
C34: Finanzierungszuschuss | D34: =Antrag!H40 | G34: A "geringe Einkommen" | K34: =IF(Antrag!AC42="","",IF(K39="",Antrag!AC42,(Antrag!AC42-Förderberechnung!K39))) | L34: =IF(AND(K30<>"",K34=""),"*1","") | P34: =P28*45000 -> #VALUE! | Q34: =SUM(C29:D31)*G29 -> 0 | R34: =IF(Q34>P34,P34,Q34) -> #VALUE! | S34: =R29/SUM(C29:D31)*R34 -> #DIV/0! | T34: =SMALL(S34:S36,1) -> #DIV/0!
C36: Finanzierungszuschuss | D36: =Antrag!H49 | G36: B "mittlere Einkommen" | K36: =IF(Antrag!AC51="","",IF(K41="",Antrag!AC51,(Antrag!AC51-Förderberechnung!K41))) | L36: =IF(AND(K32<>"",K36=""),"*1","") | S36: =Q29/SUM(C29:D31)*R34 -> #DIV/0! | T36: =LARGE(S34:S36,1) -> #DIV/0!
F37: =IF(AND($L$34="",$L$36=""),"","*1") | G37: =IF(F37="","","Bitte den Baustein bzw. die Bindungsdauer auf Reiter 'Antrag' angeben.")
C38: Ermittlung des Zuschlags zum Finanzierungszuschuss für Effizienzhausstandard 40 und besser auf Basis der jeweiligen förderfähigen Wohnfläche
A39: =TODAY() -> 46316 | B39: A | C39: =IF(AND('Gebäude-3'!AK10=1,SUM('Gebäude-3'!AB54,'Gebäude-3'!AB58)<>0),SUM('Gebäude-3'!AB54,'Gebäude-3'!AB58),"") | E39: x | G39: 150 | I39: ="=" -> = | K39: =IF(C39="","",C39*G39)
B41: B | C41: =IF(AND('Gebäude-3'!AK10=1,SUM('Gebäude-3'!AB52,'Gebäude-3'!AB56)<>0),SUM('Gebäude-3'!AB52,'Gebäude-3'!AB56),"") | E41: x | I41: ="=" -> = | K41: =IF(C41="","",C41*G39)
C44: Hinweis: Sie möchten geringere Förderbeträge für Ihre Finanzierung beantragen? Dann bitte im Formular auf Reiter 'Antrag' die Werte der Baudarlehen anpassen und die Gründe hier erläutern:
C46: Erläuterungen:
C49: Antragsteller: | D49: =IF(Antrag!$D$12="","",Antrag!$D$12) | K49: Seite 4 von Seite 9

Sheet Kosten und Finanzierung
B2: 8. | E2: Aufstellung der Gesamtkosten (inkl. MwSt)
B4: 8.1 | E4: Grundstücks- u. öffentl. Erschließungskosten (KG 100 + 200 ohne KG 120) | X4: €
B5: 8.2 | E5: Grundstücksnebenkosten (KG 120) | X5: €
B6: 8.3 | E6: Gebäudeherstellkosten (KG 300 + 400) - ggf. gem. separater Anlage | X6: €
